Workbook

Sheet CÂMARA
A1: PREFEITURA MUNICIPAL DE CAMPO BOM - RS
A2: LDO 2026
A3: 01 - CÂMARA MUNICIPAL
A5: PROGRAMA | B5: AÇÃO | C5: VALOR/ CUSTO | D5: ANO DE EXECUÇÃO | E5: RECURSO
A6: 0001 - EXECUÇÃO DA AÇÃO LEGISLATIVA
A7: 2.001 – CÂMARA MUNICIPAL DE VEREADORES Órgão Unidade: 0101 | B7: Despesas com pessoal, material de consumo, serviços de terceiros pessoa física e jurídica, despesas com alimentação, indenizações, consultorias, obrigações tributárias e contributivas, passagens, materiais de distribuição e premiações. Serviços de Microfilmagem dos documentos oficiais da Câmara, mediante a criação do arquivo digital, visando a digitalização de toda documentação da Câmara e disponibilização pública. | C7: 6200000 | D7: 2026 | E7: 501.0000
D8: 2027
D9: 2028
D10: 2029
A11: 2.003 – REFORMA E REEQUIPAMENTO DE GABINETES, SETORES E DEPARTAMENTOS Órgão Unidade: 0101 | B11: Aquisição de veículo para o Legislativo. Aquisição de Microcomputadores, Impressoras, Periféricos e Softwares de Base, Máquinas e Aparelhos Diversos e Equipamentos e Mobiliários em Geral para adequação de Setores, Gabinetes e Departamentos, a fim de proporcionar melhores condições nos atendimentos e serviços. REFORMA DO PLENÁRIO. | C11: 800000 | D11: 2026 | E11: 501.0000
C12: 200000 | D12: 2027
C13: 200000 | D13: 2028
C14: 200000 | D14: 2029
A15: 0031 - PREVIDÊNCIA SOCIAL A SERVIDOR DO MUNICÍPIO PELO REGIME GERAL
A16: 2.002 – CONTRIBUIÇÕES PATRONAIS Órgão Unidade: 0101 | B16: Despesas com obrigações patronais do INSS e FGTS. | C16: 650000 | D16: 2026 | E16: 501.0000
D17: 2027
D18: 2028
D19: 2029
A20: 0032 - PREVIDÊNCIA SOCIAL A SERVIDORES ATIVOS, INATIVOS E PENSIONISTAS VINCULADOS AO REGIME PRÓPRIO
A21: 2.002 – CONTRIBUIÇÕES PATRONAIS Órgão Unidade: 0101 | B21: Despesas com obrigações patronais do IPASEM. | C21: 150000 | D21: 2026 | E21: 501.0000
C22: 175000 | D22: 2027
C23: 200000 | D23: 2028
C24: 225000 | D24: 2029
B26: Total Ano 2026 | C26: =SUM(C7,C11,C16,C21) -> 7800000

Sheet GABINETE
A1: PREFEITURA MUNICIPAL DE CAMPO BOM - RS
A2: LDO 2026
A3: 02 – GABINETE DO PREFEITO
A5: PROGRAMA | B5: AÇÃO | C5: VALOR/ CUSTO | D5: ANO DE EXECUÇÃO | E5: RECURSO
A6: 0004 – SUPERVISÃO E COORDENAÇÃO ADMINISTRATIVA
A7: 2.328 – DIVISÃO DE COMUNICAÇÃO SOCIAL Órgão Unidade: 0206 | B7: Manutenção do setor de comunicação social com despesas de pessoal e encargos sociais, diárias, materiais de consumo, outras despesas correntes, equipamento e material permanente. Seção administrativa, criação, imprensa e conteúdo. | C7: 549850 | D7: 2026 | E7: 500.0000
C8: 561087.33 | D8: 2027
C9: 605616.58 | D9: 2028
C10: 653703.04 | D10: 2029
A11: 0010 – ADMINISTRAÇÃO GOVERNAMENTAL
A12: 2.474 – SECRETARIA GERAL DE GOVERNO Órgão Unidade: 0203 | B12: Manutenção da secretaria geral de governo com despesas com pessoal e encargos sociais e outras despesas correntes. Seção administrativa, conselho comunitário, conselho municipal de entidades representativas, seção de projetos e captação de recursos, planejamento estratégico e assuntos comunitários. | C12: 1145900 | D12: 2026 | E12: 500.0000
C13: 561087.33 | D13: 2027
C14: 605616.58 | D14: 2028
C15: 653703.04 | D15: 2029
A16: 2.504 – OUVIDORIA MUNICIPAL Órgão Unidade: 0208 | B16: Manutenção do setor de ouvidoria com despesas com pessoal e encargos sociais e outras despesas correntes. Seção administrativa, relacionamento com o cidadão, processamento e análise de informações. | C16: 107900 | D16: 2026 | E16: 500.0000
C17: 561087.33 | D17: 2027
C18: 605616.58 | D18: 2028
C19: 653703.04 | D19: 2029
A20: 2.006 – JUNTA DO SERVIÇO MILITAR Órgão Unidade: 0209 | B20: Manutenção da junta do serviço militar com despesas de pessoal e encargos sociais, diárias, materiais de consumo, outras despesas correntes, equipamento e material permanente. | C20: 83250 | D20: 2026 | E20: 500.0000
C21: 561087.33 | D21: 2027
C22: 605616.58 | D22: 2028
C23: 653703.04 | D23: 2029
A24: 0023 – DEFESA CONTRA SINISTROS
A25: 2.257 – COORDENADORIA MUNICIPAL DE PROTEÇÃO E DEFESA CIVIL Órgão Unidade: 0207 | B25: Ações preventivas, de socorro, assistenciais e reconstrutivas, destinadas a evitar e/ou minimizar os desastres, preservar a população e restabelecer a normalidade social. Manutenção do setor de defesa civil com despesas com pessoal e encargos sociais, Material de Consumo, Outras Despesas Correntes, Equipamentos e Material Permanente. Despesas com pessoal e encargos sociais e outras despesas correntes. | C25: 321850 | D25: 2026 | E25: 500.0000
C26: 561087.33 | D26: 2027
C27: 605616.58 | D27: 2028
C28: 653703.04 | D28: 2029
A29: 2.556 – FUNDO MUNICIPAL DE PROTEÇÃO E DEFESA CIVIL – FUMPDEC Órgão Unidade: 0210 | B29: Ações preventivas, de socorro, assistenciais e reconstrutivas, destinadas a evitar e/ou minimizar os desastres, preservar a população e restabelecer a normalidade social. Manutenção do setor de defesa civil com despesas com pessoal e encargos sociais, Material de Consumo, Outras Despesas Correntes, Equipamentos e Material Permanente. Despesas com pessoal e encargos sociais e outras despesas correntes.. | C29: 102000 | D29: 2026 | E29: 759.1159
C30: 561087.33 | D30: 2027
C31: 605616.58 | D31: 2028
C32: 653703.04 | D32: 2029
A33: 0031 - PREVIDÊNCIA SOCIAL A SERVIDOR DO MUNICÍPIO PELO REGIME GERAL
A34: 2.009 – GABINETE DO PREFEITO Órgão Unidade: 0201 | B34: Despesas com obrigações patronais do INSS e FGTS. | C34: 80000 | D34: 2026 | E34: 500.0000
C35: 561087.33 | D35: 2027
C36: 605616.58 | D36: 2028
C37: 653703.04 | D37: 2029
A38: 2.009 – GABINETE DO VICE PREFEITO Órgão Unidade: 0202 | B38: Despesas com obrigações patronais do INSS e FGTS. | C38: 10000 | D38: 2026 | E38: 500.0000
C39: 561087.33 | D39: 2027
C40: 605616.58 | D40: 2028
C41: 653703.04 | D41: 2029
A42: 2.474 – SECRETARIA GERAL DE GOVERNO Órgão Unidade: 0203 | B42: Despesas com obrigações patronais do INSS e FGTS. | C42: 70000 | D42: 2026 | E42: 500.0000
C43: 561087.33 | D43: 2027
C44: 605616.58 | D44: 2028
C45: 653703.04 | D45: 2029
A46: 2.012 – PROCURADORIA JURÍDICA Órgão Unidade: 0204 | B46: Despesas com obrigações patronais do INSS e FGTS. | C46: 65000 | D46: 2026 | E46: 500.0000
C47: 561087.33 | D47: 2027
C48: 605616.58 | D48: 2028
C49: 653703.04 | D49: 2029
A50: 2.011 – DIVISÃO DE CONTROLE INTERNO Órgão Unidade: 0205 | B50: Despesas com obrigações patronais do INSS e FGTS. | C50: 1000 | D50: 2026 | E50: 500.0000
C51: 561087.33 | D51: 2027
C52: 605616.58 | D52: 2028
C53: 653703.04 | D53: 2029
A54: 2.328 – DIVISÃO DE COMUNICAÇÃO SOCIAL Órgão Unidade: 0206 | B54: Despesas com obrigações patronais do INSS e FGTS. | C54: 50000 | D54: 2026 | E54: 500.0000
C55: 561087.33 | D55: 2027
C56: 605616.58 | D56: 2028
C57: 653703.04 | D57: 2029
A58: 2.257 – COORDENADORIA MUNICIPAL DE PROTEÇÃO E DEFESA CIVIL Órgão Unidade: 0207 | B58: Despesas com obrigações patronais do INSS e FGTS. | C58: 20000 | D58: 2026 | E58: 500.0000
C59: 561087.33 | D59: 2027
C60: 605616.58 | D60: 2028
C61: 653703.04 | D61: 2029
A62: 2.504 – OUVIDORIA MUNICIPAL Órgão Unidade: 0208 | B62: Despesas com obrigações patronais do INSS e FGTS. | C62: 12000 | D62: 2026 | E62: 500.0000
C63: 561087.33 | D63: 2027
C64: 605616.58 | D64: 2028
C65: 653703.04 | D65: 2029
A66: 2.006 – JUNTA DO SERVIÇO MILITAR Órgão Unidade: 0209 | B66: Despesas com obrigações patronais do INSS e FGTS. | C66: 8000 | D66: 2026 | E66: 500.0000
C67: 561087.33 | D67: 2027
C68: 605616.58 | D68: 2028
C69: 653703.04 | D69: 2029
A70: 0032 - PREVIDÊNCIA SOCIAL A SERVIDORES ATIVOS, INATIVOS E PENSIONISTAS VINCULADOS AO REGIME PRÓPRIO
A71: 2.009 – GABINETE DO PREFEITO Órgão Unidade: 0201 | B71: Despesas com obrigações patronais do IPASEM. | C71: 15000 | D71: 2026 | E71: 500.0000
C72: 561087.33 | D72: 2027
C73: 605616.58 | D73: 2028
C74: 653703.04 | D74: 2029
A75: 2.009 – GABINETE DO VICE PREFEITO Órgão Unidade: 0202 | B75: Despesas com obrigações patronais do IPASEM. | C75: 35000 | D75: 2026 | E75: 500.0000
C76: 561087.33 | D76: 2027
C77: 605616.58 | D77: 2028
C78: 653703.04 | D78: 2029
A79: 2.474 – SECRETARIA GERAL DE GOVERNO Órgão Unidade: 0203 | B79: Despesas com obrigações patronais do IPASEM. | C79: 65000 | D79: 2026 | E79: 500.0000
C80: 561087.33 | D80: 2027
C81: 605616.58 | D81: 2028
C82: 653703.04 | D82: 2029
A83: 2.012 – PROCURADORIA JURÍDICA Órgão Unidade: 0204 | B83: Despesas com obrigações patronais do IPASEM. | C83: 30000 | D83: 2026 | E83: 500.0000
C84: 561087.33 | D84: 2027
C85: 605616.58 | D85: 2028
C86: 653703.04 | D86: 2029
A87: 2.011 – DIVISÃO DE CONTROLE INTERNO Órgão Unidade: 0205 | B87: Despesas com obrigações patronais do IPASEM. | C87: 65000 | D87: 2026 | E87: 500.0000
C88: 561087.33 | D88: 2027
C89: 605616.58 | D89: 2028
C90: 653703.04 | D90: 2029
A91: 2.328 – DIVISÃO DE COMUNICAÇÃO SOCIAL Órgão Unidade: 0206 | B91: Despesas com obrigações patronais do IPASEM. | C91: 1000 | D91: 2026 | E91: 500.0000
C92: 561087.33 | D92: 2027
C93: 605616.58 | D93: 2028
C94: 653703.04 | D94: 2029
A95: 2.257 – COORDENADORIA MUNICIPAL DE PROTEÇÃO E DEFESA CIVIL Órgão Unidade: 0207 | B95: Despesas com obrigações patronais do IPASEM. | C95: 1000 | D95: 2026 | E95: 500.0000
C96: 561087.33 | D96: 2027
C97: 605616.58 | D97: 2028
C98: 653703.04 | D98: 2029
A99: 2.504 – OUVIDORIA MUNICIPAL Órgão Unidade: 0208 | B99: Despesas com obrigações patronais do IPASEM. | C99: 1000 | D99: 2026 | E99: 500.0000
C100: 561087.33 | D100: 2027
C101: 605616.58 | D101: 2028
...

Sheet ADMINISTRAÇÃO
A1: PREFEITURA MUNICIPAL DE CAMPO BOM - RS
A2: LDO 2026
A3: 04 – SECRETARIA MUNICIPAL DE ADMINISTRAÇÃO
A5: PROGRAMA | B5: AÇÃO | C5: VALOR/ CUSTO | D5: ANO DE EXECUÇÃO | E5: RECURSO
A6: 0004 – SUPERVISÃO E COORDENAÇÃO ADMINISTRATIVA
A7: 2.019 – SECRETARIA DE ADMINISTRAÇÃO Órgão Unidade: 0401 | B7: Manutenção da secretaria com despesas de pessoal, diárias, material de consumo e outras despesas correntes, obrigações tributárias e contributivas, indenizações e restituições, veículos, equipamentos e material permanente. Despesas com PASEP. Contratação de Pessoal através da realização de concursos públicos. Adequar a funcionalidade da administração. Readequação do Plano de Carreira e Salários. Regularização cartorária de Títulos de Propriedade dos Imóveis do município. Atendimento à Demandas Judiciais. Junta administrativa, recurso das sanções ao servidor público, comissão permanente de licitações e registro cadastral, seção administrativa.. | C7: 7265750 | D7: 2026 | E7: 500.0000
A11: 2.384 – AQUISIÇÃO DE BENS MÓVEIS E IMÓVEIS – LEILÃO Órgão Unidade: 0401 | B11: Aquisição de bens móveis com recurso da venda de sucatas em leilão, e venda de terrenos em Leilão.. | C11: 300 | D11: 2026 | E11: 755.0000
A15: 2.010 – DIVISÃO DE CAPACITAÇÃO, MÉRITOS E AVALIAÇÃO DO SERVIDOR Órgão Unidade: 0403 | B15: Manutenção da COMPAQ com despesas de pessoal e encargos sociais e outras despesas correntes. Seção administrativa, comissão permanente de ética e conduta, mérito e avaliação. | C15: 390700 | D15: 2026 | E15: 500.0000
A19: 2.033 – DIVISÃO DE LICITAÇÕES E CONTRATOS Órgão Unidade: 0404 | B19: Manutenção do setor de licitações e contratos com despesas de pessoal, obrigações patronais, material de consumo, outras despesas correntes, equipamentos e material permanente. Seção de custos e avaliação de preços, licitações e contratos. | C19: 1158000 | D19: 2026 | E19: 500.0000
A23: 2.505 – DIVISÃO DE APOIO E INFRAESTRUTURA Órgão Unidade: 0406 | B23: Manutenção dos serviços gerais com despesas de pessoal, material de consumo, outras despesas correntes, equipamentos e material permanente. Seção de custos e avaliação de preços, licitações e contratos. Divisão de apoio e infraestrutura, seção de serviços gerais, telefonia, motoristas, zeladoria e vigilância. | C23: 2225400 | D23: 2026 | E23: 500.0000
A27: 2.020 – DIVISÃO DE CONTROLE DOCUMENTAL, ALMOXARIFADO E PATRIMÔNIO Órgão Unidade: 0407 | B27: Manutenção do setor com despesas de pessoal, material de consumo, outras despesas correntes, equipamentos e material permanente. Seção de controle e publicação dos atos oficiais, seção patrimônio, almoxarifado, arquivo e microfilmagem. | C27: 389100 | D27: 2026 | E27: 500.0000
A31: 0005 – DOCUMENTAÇÃO E BIBLIOGRAFIA
A32: 2.022 – ARQUIVO E MICROFILMAGEM Órgão Unidade: 0407 | B32: Manutenção dos serviços de microfilmagem. Melhorar as condições de arquivamento de Documentos Oficiais do Município, mediante a criação do Arquivo Digital. Digitalização de documentos. Sistema de Gestão de Documentos e Processos. Despesas com material de consumo, outras despesas correntes, equipamentos e material permanente. Buscar RECURSO da União, Estado, Operação de Crédito ou Financiamento.. | C32: 160300 | D32: 2026 | E32: 500.0000
A36: 0006 – DIVULGAÇÃO OFICIAL E INSTITUCIONAL
A37: 2.023 – CONTROLE E PUBLICAÇÃO DOS ATOS OFICIAIS Órgão Unidade: 0407 | B37: Despesas com material de consumo, outras despesas correntes. Serviços de publicidade legal, institucional e de utilidade pública. | C37: 100100 | D37: 2026 | E37: 500.0000
A41: 0007 – FORMAÇÃO DO RECURSOS HUMANOS
A42: 2.029 – DIVISÃO DE RECURSOS HUMANOS Órgão Unidade: 0402 | B42: Manutenção do departamento pessoal com despesas de pessoal, material de consumo, outras despesas correntes, equipamentos e material permanente. Promover a capacitação e gerenciamento dos Recursos Humanos da Administração Municipal. Estruturar o adequado atendimento do Servidor Público Municipal, Abrangendo Engenharia de Segurança, Medicina do Trabalho, Perícias Médicas e Serviço Social para a Administração Municipal. Seção de recrutamento, seleção e contratação, processamento de vencimentos e vantagens, desligamentos, afastamentos e aposentadorias.. | C42: 1044800 | D42: 2026 | E42: 500.0000
A46: 2.030 – COMISSÃO INTERNA DE PREVENÇÃO DE ACIDENTES – CIPA Órgão Unidade: 0402 | B46: Implantação e Manutenção da CIPA - Comissão Interna de Prevenção de Acidentes. Prevenção de acidentes e doenças decorrentes do trabalho, de modo a tornar compatível permanentemente o trabalho com a preservação da vida e a promoção da saúde do trabalhador. . | C46: 15100 | D46: 2026 | E46: 500.0000
A50: 0009 – EDIFICAÇÕES PÚBLICAS
A51: 2.025 – MANUTENÇÃO PRÉDIOS PÚBLICOS Órgão Unidade: 0401 | B51: Criar condições plenas de uso do Centro Administrativo e Prédios Públicos. Despesas com material de consumo, outras despesas correntes, obras, equipamentos e material permanente. *** Buscar RECURSO da União, Estado, Operação de Crédito ou Financiamento. | C51: 105300 | D51: 2026 | E51: 753.0000 500.0000
A55: 1.208 – IMPLANT. SEC. OBRAS, ALMOX. CENTRAL, EDUCAÇÃO E SAÚDE Órgão Unidade: 0401 | B55: Implantação da secretaria de obras, almoxarifado central, educação e saúde. | C55: 550000 | D55: 2026 | E55: 500.0000
A59: 0017 – INFORMÁTICA
A60: 2.031 – DIVISÃO DE INFORMÁTICA Órgão Unidade: 0405 | B60: Manutenção do setor de informática com despesas com pessoal, obrigações patronais, material de consumo, outras despesas correntes, equipamentos e material permanente. Divisão de Processamentos de dados, seção de desenvolvimentos e tecnologia e infraestrutura e manutenção. | C60: 781500 | D60: 2026 | E60: 500.0000
A64: 0031 - PREVIDÊNCIA SOCIAL A SERVIDOR DO MUNICÍPIO PELO REGIME GERAL
A65: 2.019 – SECRETARIA DE ADMINISTRAÇÃO Órgão Unidade: 0401 | B65: Despesas com obrigações patronais do INSS e FGTS. | C65: 60000 | D65: 2026 | E65: 500.0000
A69: 2.029 – DIVISÃO DE RECURSOS HUMANOS Órgão Unidade: 0402 | B69: Despesas com obrigações patronais do INSS e FGTS. | C69: 25000 | D69: 2026 | E69: 500.0000
A73: 2.010 – DIVISÃO DE CAPACITAÇÃO, MÉRITOS E AVALIAÇÃO DO SERVIDOR Órgão Unidade: 0403 | B73: Despesas com obrigações patronais do INSS e FGTS. | C73: 1000 | D73: 2026 | E73: 500.0000
A77: 2.033 – DIVISÃO DE LICITAÇÕES E CONTRATOS Órgão Unidade: 0404 | B77: Despesas com obrigações patronais do INSS e FGTS. | C77: 40000 | D77: 2026 | E77: 500.0000
A81: 2.031 – DIVISÃO DE INFORMÁTICA Órgão Unidade: 0405 | B81: Despesas com obrigações patronais do INSS e FGTS. | C81: 7000 | D81: 2026 | E81: 500.0000
A85: 2.505 – DIVISÃO DE APOIO E INFRAESTRUTURA Órgão Unidade: 0406 | B85: Despesas com obrigações patronais do INSS e FGTS. | C85: 25000 | D85: 2026 | E85: 500.0000
A89: 2.020 – DIVISÃO DE CONTROLE DOCUMENTAL, ALMOXARIFADO E PATRIMÔNIO Órgão Unidade: 0407 | B89: Despesas com obrigações patronais do INSS e FGTS. | C89: 25000 | D89: 2026 | E89: 500.0000
A93: 0032 - PREVIDÊNCIA SOCIAL A SERVIDORES ATIVOS, INATIVOS E PENSIONISTAS VINCULADOS AO REGIME PRÓPRIO
A94: 2.019 – SECRETARIA DE ADMINISTRAÇÃO Órgão Unidade: 0401 | B94: Despesas com obrigações patronais do IPASEM. | C94: 205000 | D94: 2026 | E94: 500.0000
A98: 2.029 – DIVISÃO DE RECURSOS HUMANOS Órgão Unidade: 0402 | B98: Despesas com obrigações patronais do IPASEM. | C98: 140000 | D98: 2026 | E98: 500.0000
A102: 2.010 – DIVISÃO DE CAPACITAÇÃO, MÉRITOS E AVALIAÇÃO DO SERVIDOR Órgão Unidade: 0403 | B102: Despesas com obrigações patronais do IPASEM. | C102: 60000 | D102: 2026 | E102: 500.0000
A106: 2.033 – DIVISÃO DE LICITAÇÕES E CONTRATOS Órgão Unidade: 0404 | B106: Despesas com obrigações patronais do IPASEM. | C106: 150000 | D106: 2026 | E106: 500.0000
A110: 2.031 – DIVISÃO DE INFORMÁTICA Órgão Unidade: 0405 | B110: Despesas com obrigações patronais do IPASEM. | C110: 150000 | D110: 2026 | E110: 500.0000
A114: 2.505 – DIVISÃO DE APOIO E INFRAESTRUTURA Órgão Unidade: 0406 | B114: Despesas com obrigações patronais do IPASEM. | C114: 60000 | D114: 2026 | E114: 500.0000
A118: 2.020 – DIVISÃO DE CONTROLE DOCUMENTAL, ALMOXARIFADO E PATRIMÔNIO Órgão Unidade: 0407 | B118: Despesas com obrigações patronais do IPASEM. | C118: 20000 | D118: 2026 | E118: 500.0000
A122: 0105 – SERVIÇO DA DÍVIDA INTERNA
A123: 2.028 – DÍVIDA INTERNA Órgão Unidade: 0401 | B123: Atendimento as despesas com juros e amortização da dívida fundada do município. | C123: 1200000 | D123: 2026 | E123: 500.0000
B128: Total Ano 2026 | C128: =SUM(C7:C30,C32,C37,C42:C49,C51:C58,C60,C65,C69:C84,C85:C92,C94:C121,C123) -> 16354350

Sheet FINANÇAS
A1: PREFEITURA MUNICIPAL DE CAMPO BOM - RS
A2: LDO 2026
A3: 05 – SECRETARIA MUNICIPAL DE FINANÇAS
A5: PROGRAMA | B5: AÇÃO | C5: VALOR/ CUSTO | D5: ANO DE EXECUÇÃO | E5: RECURSO
A6: 0004 – SUPERVISÃO E COORDENAÇÃO ADMINISTRATIVA
A7: 2.035 – SECRETARIA DE FINANÇAS Órgão Unidade: 0501 | B7: Manutenção da secretaria com despesas com pessoal e obrigações patronais, diárias, material de consumo e outras despesas correntes, indenizações e restituições, equipamentos e material permanente.. | C7: 769000 | D7: 2026 | E7: 500.0000
A11: 0011 – ORGANIZAÇÃO E MODERNIZAÇÃO ADMINISTRATIVA
A12: 1.235 – IMPLANTAÇÃO DO SIAFIC Órgão Unidade: 0502 | B12: Despesa com material e serviços. O Siafic é o Sistema Único e Integrado de Execução Orçamentária, Administração Financeira e Controle, um software que deve ser utilizado pelos Poderes Executivo, Legislativo e Judiciário e órgãos de cada ente, com base de dados compartilhada e integrado aos sistemas estruturantes (gestão de pessoas, patrimônio, controle etc). | C12: 10500 | D12: 2026 | E12: 500.0000
A16: 0012 – ADMINISTRAÇÃO TRIBUTÁRIA
A17: 2.042 – DIVISÃO DE FISCALIZAÇÃO Órgão Unidade: 0504 | B17: Manutenção do setor de arrecadação e fiscalização com despesas com pessoal e obrigações patronais, diárias, material de consumo e outras despesas correntes, equipamentos e material permanente. Premiação da campanha "IPTU da Sorte". Incrementar programas de qualificação profissional destinados a jovens iniciantes volta dos ao mercado de trabalho. Sistema de gestão da nota fiscal eletrônica, armazenamento dos documentos gerados, ferramentas de apoio ao controle e fiscalização do ISS., multas e acompanhamento de processos de fiscalização. Disponibilização de sistema de georreferenciamento de imagens na Web, imagem de satélite, levantamento de campo. Revisão da incidência para fins de arrecadação de imposto predial e territorial urbano e da legislação tributária. Seção de fiscalização de tributos, emissão de licenças e Junta administrativa de defesa de autuações tributárias e de postura. | C17: 4180700 | D17: 2026 | E17: 500.0000
A21: 2.309 – PROGRAMA DE EDUCAÇÃO FISCAL Órgão Unidade: 0504 | B21: Sensibilizar o cidadão para a função socioeconômica dos tributos, incentivar o acompanhamento da aplicação dos recursos públicos. | C21: 500 | D21: 2026 | E21: 500.0000
A25: 2.310 – POLÍTICA FISCAL E TRIBUTÁRIA Órgão Unidade: 0504 | B25: Objetivo de diminuir a sonegação fiscal do município, com incremento do receita. Despesas de material de consumo e outras despesas correntes, equipamentos e material permanente. | C25: 500 | D25: 2026 | E25: 500.0000
A29: 2.472 – CAMPANHA NOTA FISCAL GAÚCHA Órgão Unidade: 0504 | B29: Despesa com material de consumo e outras despesas correntes. Premiação da Campanha Nota Fiscal Gaúcha, convênio firmado com o Estado pela Lei Municipal 4.776 de 18/05/2018. | C29: 100300 | D29: 2026 | E29: 500.0000
A33: 2.507 – DIVISÃO DE CONTROLE DA DÍVIDA ATIVA Órgão Unidade: 0505 | B33: Manutenção do setor de dívida ativa com despesas com pessoal, material de consumo, outras despesas correntes, equipamentos e material permanente. Seção de cobrança administrativa e judicial. | C33: 511100 | D33: 2026 | E33: 500.0000
A37: 2.508 – DIVISÃO DO CADASTRO IMOBILIÁRIO E PROTOCOLO Órgão Unidade: 0506 | B37: Manutenção do setor de cadastro imobiliário com despesas com pessoal, material de consumo, outras despesas correntes, equipamentos e material permanente. Seção de protocolo, análise de projetos e cadastro de certidões. | C37: 491500 | D37: 2026 | E37: 500.0000
A41: 1.178 – REFORMA DO PROTOCOLO - CENTRO ADMINISTRATIVO Órgão Unidade: 0506 | B41: Readequação e reforma do saguão do protocolo. | C41: 100 | D41: 2026 | E41: 500.0000
A45: 0015 – FISCALIZAÇÃO DA EXECUÇÃO ORÇAMENTÁRIA E DA GESTÃO FINANCEIRA DO MUNICÍPIO
A46: 2.038 – DIVISÃO DE CONTABILIDADE E TESOURARIA Órgão Unidade: 0502 | B46: Manutenção do setor de contabilidade e tesouraria com despesas de pessoal e obrigações patronais, diárias, material de consumo e outras despesas correntes, indenizações e restituições, veículos, equipamentos e material permanente. Seção de tesouraria e contabilidade. | C46: 1875700 | D46: 2026 | E46: 500.0000
A50: 2.506 – DIVISÃO DE EMPENHOS E PRESTAÇÃO DE CONTAS Órgão Unidade: 0503 | B50: Manutenção do setor de empenhos e prestação de contas com despesas de pessoal e obrigações patronais, diárias, material de consumo e outras despesas correntes, indenizações e restituições, veículos, equipamentos e material permanente. Seção de empenhos e prestação de contas.. | C50: 410900 | D50: 2026 | E50: 500.0000
A54: 0023 – DEFESA CONTRA SINISTROS
A55: 2.676 – CORPO DE BOMBEIROS DE CAMPO BOM Órgão Unidade: 0501 | B55: Referente despesas com contribuições, material de consumo, outras despesas correntes e aquisição de equipamentos e material permanente. Auxílio ao Corpo de Bombeiros dando maiores condições de combate aos incêndios. | C55: 95300 | D55: 2026 | E55: 500.0000
A59: 2.043 – FUNDO MUNICIPAL DE REEQUIPAMENTO DOS BOMBEIROS – FUNREBOM Órgão Unidade: 0507 | B59: Referente despesas com contribuições, material de consumo, outras despesas correntes e aquisição de equipamentos e material permanente. Auxílio ao Corpo de Bombeiros dando maiores condições de combate aos incêndios.. | C59: 15200 | D59: 2026 | E59: 759.1088
A63: 0031 - PREVIDÊNCIA SOCIAL A SERVIDOR DO MUNICÍPIO PELO REGIME GERAL
A64: 2.035 – SECRETARIA DE DE FINANÇAS Órgão Unidade: 0501 | B64: Despesas com obrigações patronais do INSS e FGTS. | C64: 40000 | D64: 2026 | E64: 500.0000
A68: 2.038 – DIVISÃO DE CONTABILIDADE E TESOURARIA Órgão Unidade: 0502 | B68: Despesas com obrigações patronais do INSS e FGTS. | C68: 35000 | D68: 2026 | E68: 500.0000
A72: 2.506 – DIVISÃO DE EMPENHOS E PRESTAÇÃO DE CONTAS Órgão Unidade: 0503 | B72: Despesas com obrigações patronais do INSS e FGTS. | C72: 20000 | D72: 2026 | E72: 500.0000
A76: 2.042 – DIVISÃO DE FISCALIZAÇÃO Órgão Unidade: 0504 | B76: Despesas com obrigações patronais do INSS e FGTS. | C76: 15000 | D76: 2026 | E76: 500.0000
A80: 2.507 – DIVISÃO DE CONTROLE DA DÍVIDA ATIVA Órgão Unidade: 0505 | B80: Despesas com obrigações patronais do INSS e FGTS. | C80: 20000 | D80: 2026 | E80: 500.0000
A84: 2.508 – DIVISÃO DO CADASTRO IMOBILIÁRIO E PROTOCOLO Órgão Unidade: 0506 | B84: Despesas com obrigações patronais do INSS e FGTS. | C84: 8000 | D84: 2026 | E84: 500.0000
A88: 0032 - PREVIDÊNCIA SOCIAL A SERVIDORES ATIVOS, INATIVOS E PENSIONISTAS VINCULADOS AO REGIME PRÓPRIO
A89: 2.035 – SECRETARIA DE DE FINANÇAS Órgão Unidade: 0501 | B89: Despesas com obrigações patronais do IPASEM. | C89: 40000 | D89: 2026 | E89: 500.0000
A93: 2.038 – DIVISÃO DE CONTABILIDADE E TESOURARIA Órgão Unidade: 0502 | B93: Despesas com obrigações patronais do IPASEM. | C93: 190000 | D93: 2026 | E93: 500.0000
A97: 2.506 – DIVISÃO DE EMPENHOS E PRESTAÇÃO DE CONTAS Órgão Unidade: 0503 | B97: Despesas com obrigações patronais do IPASEM. | C97: 60000 | D97: 2026 | E97: 500.0000
A101: 2.042 – DIVISÃO DE FISCALIZAÇÃO Órgão Unidade: 0504 | B101: Despesas com obrigações patronais do IPASEM. | C101: 280000 | D101: 2026 | E101: 500.0000
A105: 2.507 – DIVISÃO DE CONTROLE DA DÍVIDA ATIVA Órgão Unidade: 0505 | B105: Despesas com obrigações patronais do IPASEM. | C105: 85000 | D105: 2026 | E105: 500.0000
A109: 2.508 – DIVISÃO DO CADASTRO IMOBILIÁRIO E PROTOCOLO Órgão Unidade: 0506 | B109: Despesas com obrigações patronais do IPASEM. | C109: 55000 | D109: 2026 | E109: 500.0000
A113: 0105 – SERVIÇO DA DÍVIDA INTERNA
A114: 2.040 – DÍVIDA INTERNA Órgão Unidade: 0501 | B114: Atendimento as despesas com juros e amortização da dívida fundada do município. | C114: 2250000 | D114: 2026 | E114: 500.0000
B119: Total Ano 2026 | C119: =SUM(C7,C17,C21,C25,C29,C33,C37,C41,C46,C50,C55,C59,C64,C68,C72,C76,C80,C84,C89,C93,C97,C101,C105,C109,C114,C12) -> 11559300

Sheet EDUCAÇÃO
A1: PREFEITURA MUNICIPAL DE CAMPO BOM - RS
A2: LDO 2026
A3: 06 – SECRETARIA MUNICIPAL DE EDUCAÇÃO E CULTURA
A5: PROGRAMA | B5: AÇÃO | C5: VALOR/ CUSTO | D5: ANO DE EXECUÇÃO | E5: RECURSO
A6: 0004 – SUPERVISÃO E COORDENAÇÃO ADMINISTRATIVA
A7: 2.046 – SECRETARIA DE EDUCAÇÃO E CULTURA Órgão Unidade: 0601 | B7: Manutenção da secretaria com despesas de Pessoal, Diárias, Material de Consumo, Outras Despesas Correntes, Equipamento e Material Permanente. Atualização do Plano Municipal de Educação: Traçar política educacional do município, garantindo a existência e a atualização do plano de carreira do magistério público municipal. | C7: 5045500 | D7: 2026 | E7: 500.1001
A11: 1.178 – REFORMA DO PROTOCOLO - CENTRO ADMINISTRATIVO Órgão Unidade: 0601 | B11: Reforma do saguão do protocolo. | C11: 100 | D11: 2026 | E11: 500.0000
A15: 0027 – SERVIÇO DE PROTEÇÃO À CRIANÇA E AO ADOLESCENTE
A16: 2.625 – CONSELHO TUTELAR Órgão Unidade: 0607 | B16: Despesas de Pessoal, Obrigações Patronais, Diárias, Material de Consumo, Outras Despesas Correntes, Atendimento as Demandas Judiciais, Aquisição de Equipamento e Material Permanente. Propiciar condições de Segurança e de espaço apropriado para que o conselho Tutelar possa executar suas ações de trabalho em serviços de proteção à crianças e adolescentes. | C16: 459430 | D16: 2026 | E16: 500.0000
A20: 2.624 – FUNDO MUNICIPAL DOS DIREITOS DA CRIANÇA E DO ADOLESCENTE Órgão Unidade: 0607 | B20: Despesas de Diárias, Material de Consumo, Outras Despesas Correntes, Atendimento as Demandas Judiciais, Aquisição de Equipamento e Material Permanente. | C20: 400000 | D20: 2026 | E20: 759.1045
A24: 0028 – ASSISTÊNCIA AO EDUCANDO
A25: 2.065 – PROGRAMA ACOLHER Órgão Unidade: 0603 | B25: Manutenção e ampliação do programa acolher. Despesas de Diárias, Material de Consumo, Outras Despesas Correntes, Aquisição de Equipamento e Material Permanente. Propiciar atividades diversas no contraturno escolar para alunos da rede municipal. Ampliar as atividades do Programa acolher em contraturno a serem realizadas no Centro Esportivo Educacional.. | C25: 365250 | D25: 2026 | E25: 500.1001
A29: 2.286 – PASSE LIVRE ESTUDANTIL Órgão Unidade: 0603 | B29: Utilização do transporte coletivo municipal urbano pelos Estudantes de Campo Bom em educandário público ou privado, Municipal ou Estadual. | C29: 400000 | D29: 2026 | E29: 500.1001
A33: 2.369 – PROGRAMA ACOLHER – FUNDEB 70% Órgão Unidade: 0604 | B33: Manutenção e ampliação do programa acolher. Despesas de Pessoal, Obrigações Patronais, Diárias. Propiciar atividades diversas no contraturno escolar para alunos da rede municipal. Ampliar as atividades do Programa acolher em contraturno a serem realizadas no Centro Esportivo Educacional. | C33: 195200 | D33: 2026 | E33: 540.1070
A37: 2.609 – PROGRAMA ACOLHER – FUNDEB 30% Órgão Unidade: 0604 | B37: Manutenção e ampliação do programa acolher. Propiciar atividades diversas no contraturno escolar para alunos da rede municipal. Ampliar as atividades do Programa acolher em contraturno a serem realizadas no Centro Esportivo Educacional.. Despesas com pessoal, serviços, material consumo, obras e instalações, equipamentos e material permanente. | C37: 770 | D37: 2026 | E37: 540.0000
A41: 2.287 – PASSE LIVRE ESTUDANTIL - FUNDAMENTAL Órgão Unidade: 0606 | B41: Utilização do transporte coletivo municipal urbano pelos Estudantes de Campo Bom em educandário público ou privado, Municipal ou Estadual. | C41: 300000 | D41: 2026 | E41: 500.0000 550.1068
A45: 2.108 – PROGRAMA ACOLHER Órgão Unidade: 0606 | B45: Manutenção e ampliação do programa acolher. Despesas de Diárias, Material de Consumo, Outras Despesas Correntes, Aquisição de Equipamento e Material Permanente. Propiciar atividades diversas no contraturno escolar para alunos da rede municipal. Ampliar as atividades do Programa acolher em contraturno a serem realizadas no Centro Esportivo Educacional. | C45: 45050 | D45: 2026 | E45: 550.1068
A49: 0031 - PREVIDÊNCIA SOCIAL A SERVIDOR DO MUNICÍPIO PELO REGIME GERAL
A50: 2.046 – SECRETARIA DE EDUCAÇÃO E CULTURA Órgão Unidade: 0601 | B50: Despesas com obrigações patronais do INSS e FGTS. | C50: 210000 | D50: 2026 | E50: 500.1001
A54: 2.055 – EDUCAÇÃO INFANTIL – CRECHE Órgão Unidade: 0602 | B54: Despesas com obrigações patronais do INSS e FGTS. | C54: 20000 | D54: 2026 | E54: 500.1001
A58: 2.059 – EDUCAÇÃO INFANTIL – PRÉ ESCOLA Órgão Unidade: 0602 | B58: Despesas com obrigações patronais do INSS e FGTS. | C58: 50000 | D58: 2026 | E58: 500.1001
A62: 2.056 – EDUCAÇÃO ESPECIAL NA PERSPECTIVA DA EDUCAÇÃO INCLUSIVA – CRECHE Órgão Unidade: 0602 | B62: Despesas com obrigações patronais do INSS e FGTS. | C62: 50000 | D62: 2026 | E62: 500.1001
A66: 2.077 – EDUCAÇÃO ESPECIAL NA PERSPECTIVA DA EDUCAÇÃO INCLUSIVA – PRÉ ESCOLA Órgão Unidade: 0602 | B66: Despesas com obrigações patronais do INSS e FGTS. | C66: 50000 | D66: 2026 | E66: 500.1001
A70: 2.072 – EDUCAÇÃO FUNDAMENTAL Órgão Unidade: 0603 | B70: Despesas com obrigações patronais do INSS e FGTS. | C70: 150000 | D70: 2026 | E70: 500.1001
A74: 2.233 – EDUCAÇÃO ESPECIAL NA PERSPECTIVA DA EDUCAÇÃO INCLUSIVA – FUNDAMENTAL Órgão Unidade: 0603 | B74: Despesas com obrigações patronais do INSS e FGTS. | C74: 20000 | D74: 2026 | E74: 500.1001
A78: 2.070 – EDUCAÇÃO DE JOVENS E ADULTOS Órgão Unidade: 0603 | B78: Despesas com obrigações patronais do INSS e FGTS. | C78: 15000 | D78: 2026 | E78: 500.1001
A82: 2.090 – EDUCAÇÃO CRECHE – FUNDEB 70% Órgão Unidade: 0604 | B82: Despesas com obrigações patronais do INSS e FGTS. | C82: 420000 | D82: 2026 | E82: 540.1070
A86: 2.611 – EDUCAÇÃO CRECHE – FUNDEB 30% Órgão Unidade: 0604 | B86: Despesas com obrigações patronais do INSS e FGTS. | C86: 60000 | D86: 2026 | E86: 540.0000
A90: 2.509 – EDUCAÇÃO ESPECIAL CRECHE – FUNDEB 70% Órgão Unidade: 0604 | B90: Despesas com obrigações patronais do INSS e FGTS. | C90: 5000 | D90: 2026 | E90: 540.1070
A94: 2.616 – EDUCAÇÃO ESPECIAL CRECHE – FUNDEB 30% Órgão Unidade: 0604 | B94: Despesas com obrigações patronais do INSS e FGTS. | C94: 100 | D94: 2026 | E94: 540.0000
... A178: 2.625 – CONSELHO TUTELAR Órgão Unidade: 0607 | B178: Despesas com obrigações patronais do INSS e FGTS. | C178: 55000 | D178: 2026 | E178: 500.0000
A182: 0032 - PREVIDÊNCIA SOCIAL A SERVIDORES ATIVOS, INATIVOS E PENSIONISTAS VINCULADOS AO REGIME PRÓPRIO
A183: 2.046 – SECRETARIA DE EDUCAÇÃO E CULTURA Órgão Unidade: 0601 | B183: Despesas com obrigações patronais do IPASEM. | C183: 240000 | D183: 2026 | E183: 500.1001
A187: 2.055 – EDUCAÇÃO INFANTIL – CRECHE Órgão Unidade: 0602 | B187: Despesas com obrigações patronais do IPASEM. | C187: 500000 | D187: 2026 | E187: 500.1001
A191: 2.059 – EDUCAÇÃO INFANTIL – PRÉ ESCOLA Órgão Unidade: 0602 | B191: Despesas com obrigações patronais do IPASEM. | C191: 700000 | D191: 2026 | E191: 500.1001
A195: 2.056 – EDUCAÇÃO ESPECIAL NA PERSPECTIVA DA EDUCAÇÃO INCLUSIVA – CRECHE Órgão Unidade: 0602 | B195: Despesas com obrigações patronais do IPASEM. | C195: 50000 | D195: 2026 | E195: 500.1001
A199: 2.077 – EDUCAÇÃO ESPECIAL NA PERSPECTIVA DA EDUCAÇÃO INCLUSIVA – PRÉ ESCOLA Órgão Unidade: 0602 | B199: Despesas com obrigações patronais do IPASEM. | C199: 50000 | D199: 2026 | E199: 500.1001
A203: 2.072 – EDUCAÇÃO FUNDAMENTAL Órgão Unidade: 0603 | B203: Despesas com obrigações patronais do IPASEM. | C203: 2100000 | D203: 2026 | E203: 500.1001
A207: 2.233 – EDUCAÇÃO ESPECIAL NA PERSPECTIVA DA EDUCAÇÃO INCLUSIVA – FUNDAMENTAL Órgão Unidade: 0603 | B207: Despesas com obrigações patronais do IPASEM. | C207: 25000 | D207: 2026 | E207: 500.1001
A211: 2.070 – EDUCAÇÃO DE JOVENS E ADULTOS Órgão Unidade: 0603 | B211: Despesas com obrigações patronais do IPASEM. | C211: 25000 | D211: 2026 | E211: 500.1001
A215: 2.090 – EDUCAÇÃO CRECHE – FUNDEB 70% Órgão Unidade: 0604 | B215: Despesas com obrigações patronais do IPASEM. | C215: 6050000 | D215: 2026 | E215: 540.1070
A219: 2.611 – EDUCAÇÃO CRECHE – FUNDEB 30% Órgão Unidade: 0604 | B219: Despesas com obrigações patronais do IPASEM. | C219: 100 | D219: 2026 | E219: 540.0000
A223: 2.509 – EDUCAÇÃO ESPECIAL CRECHE – FUNDEB 70% Órgão Unidade: 0604 | B223: Despesas com obrigações patronais do IPASEM. | C223: 250000 | D223: 2026 | E223: 540.1070
A227: 2.616 – EDUCAÇÃO ESPECIAL CRECHE – FUNDEB 30% Órgão Unidade: 0604 | B227: Despesas com obrigações patronais do IPASEM. | C227: 100 | D227: 2026 | E227: 540.0000
... A311: 2.625 – CONSELHO TUTELAR Órgão Unidade: 0607 | B311: Despesas com obrigações patronais do IPASEM. | C311: 30000 | D311: 2026 | E311: 500.0000
A315: 0044 – CURSOS DE QUALIFICAÇÃO
A316: 2.651 – QUALIFICAÇÃO DE PROFESSORES DA EDUCAÇÃO – CRECHE Órgão Unidade: 0602 | B316: Proporcionar aos Professores qualificação para atendimento a alunos da Educação Infantil. | C316: 40800 | D316: 2026 | E316: 500.1001
A320: 2.052 – QUALIFICAÇÃO DE PROFESSORES DA EDUCAÇÃO – PRÉ ESCOLA Órgão Unidade: 0602 | B320: Proporcionar aos Professores qualificação para atendimento a alunos da Educação Infantil. | C320: 40800 | D320: 2026 | E320: 500.1001
A324: 2.648 – QUALIFICAÇÃO DE PROFESSORES NA PERSPECTIVA DA EDUCAÇÃO INCLUSIVA – CRECHE Órgão Unidade: 0602 | B324: Proporcionar aos professores a qualificação mínima para realização do Atendimento Educacional Especializado em Sala de Recursos multifuncionais. Dar continuidade aos processos de qualificação dos professores que já atuam no Atendimento Educacional Especializado Infantil. | C324: 10300 | D324: 2026 | E324: 500.1001
A328: 2.053 – QUALIFICAÇÃO DE PROFESSORES NA PERSPECTIVA DA EDUCAÇÃO INCLUSIVA – PRÉ ESCOLA Órgão Unidade: 0602 | B328: Proporcionar aos professores a qualificação mínima para realização do Atendimento Educacional Especializado em Sala de Recursos multifuncionais. Dar continuidade aos processos de qualificação dos professores que já atuam no Atendimento Educacional Especializado Infantil. | C328: 10300 | D328: 2026 | E328: 500.1001
A332: 2.643 – QUALIFICAÇÃO DE PROFESSORES NA TEMÁTICA BULLYING – CRECHE Órgão Unidade: 0602 | B332: Proporcionar aos Professores a qualificação para atendimento a alunos da Educação Básica referente à temática bullying. | C332: 6300 | D332: 2026 | E332: 500.1001
A336: 2.644 – QUALIFICAÇÃO DE PROFESSORES NA TEMÁTICA BULLYING – PRÉ ESCOLA Órgão Unidade: 0602 | B336: Proporcionar aos Professores a qualificação para atendimento a alunos da Educação Básica referente à temática bullying. | C336: 6300 | D336: 2026 | E336: 500.1001
A340: 2.646 – QUAL. DE PROFESSORES NA TEMÁTICA DIVERSIDADE; HIST. E CULT. AFRO-BRASILEIRA, INDÍGENA, ALEMÃ E GAÚCHA – CRECHE Órgão Unidade: 0602 | B340: Proporcionar aos Professores a qualificação para atendimento a alunos do Ensino Infantil referente à conteúdos da história e cultura afro-brasileira, indígenas, alemã e gaúcha. | C340: 6300 | D340: 2026 | E340: 500.1001
A344: 2.647 – QUAL. DE PROFESSORES NA TEMÁTICA DIVERSIDADE; HIST. E CULT. AFRO-BRASILEIRA, INDÍGENA, ALEMÃ E GAÚCHA – PRÉ ESCOLA Órgão Unidade: 0602 | B344: Proporcionar aos Professores a qualificação para atendimento a alunos do Ensino Infantil referente à conteúdos da história e cultura afro-brasileira, indígenas, alemã e gaúcha. | C344: 6300 | D344: 2026 | E344: 500.1001
A348: 2.067 – QUALIFICAÇÃO DE PROFESSORES DA EDUCAÇÃO – FUNDAMENTAL Órgão Unidade: 0603 | B348: Proporcionar aos Professores qualificação para atendimento a alunos da Educação Fundamental, e visando a qualificação para inserção no mercado de trabalho. | C348: 65160 | D348: 2026 | E348: 500.1001
A352: 2.069 – QUALIFICAÇÃO DE PROFESSORES NA PERSPECTIVA DA EDUCAÇÃO INCLUSIVA – FUNDAMENTAL Órgão Unidade: 0603 | B352: Proporcionar aos professores a qualificação mínima para realização do Atendimento Educacional Especializado em Sala de Recursos multifuncionais. Dar continuidade aos processos de qualificação dos professores que já atuam no Atendimento Educacional Especializado Fundamental. | C352: 11660 | D352: 2026 | E352: 500.1001
A356: 2.451 – QUALIFICAÇÃO DE PROFESSORES – EJA Órgão Unidade: 0603 | B356: Propiciar aos professores a qualificação para atendimento a alunos da Educação de Jovens e Adultos. | C356: 4660 | D356: 2026 | E356: 500.1001
A360: 2.642 – QUALIFICAÇÃO DE PROFESSORES NA TEMÁTICA BULLYING – FUNDAMENTAL Órgão Unidade: 0603 | B360: Proporcionar aos Professores a qualificação para atendimento a alunos da Educação Básica referente à temática bullying. | C360: 6160 | D360: 2026 | E360: 500.1001
... A368: 2.649 – QUALIFICAÇÃO DE ALUNOS NA EDUCAÇÃO PROFISSIONAL E NÍVEL MÉDIO Órgão Unidade: 0603 | B368: Estimular as matrículas de alunos na educação profissional de nível médio. Articulação entre governo e instituição para o desenvolvimento da educação profissional, feiras, encontros e eventos de divulgação científica. | C368: 6160 | D368: 2026 | E368: 500.1001
A372: 0045 – EDUCAÇÃO DE JOVENS E ADULTOS
A373: 2.070 – EDUCAÇÃO DE JOVENS E ADULTOS Órgão Unidade: 0603 | B373: Manter as Escolas da Rede Municipal de Ensino que atendam a Modalidades de Educação de Jovens e Adultos promovendo ações que permitam o desenvolvimento e qualidade desta modalidade de ensino. Despesas com pessoal e obrigações Patronais, Outras Despesas Correntes. | C373: 76300 | D373: 2026 | E373: 500.1001
A377: 2.087 – EDUCAÇÃO JOVENS E ADULTOS – FUNDEB 70% Órgão Unidade: 0604 | B377: Manter as Escolas da Rede Municipal de Ensino que atendam a Modalidades de Educação de Jovens e Adultos promovendo ações que permitam o desenvolvimento e qualidade desta modalidade de ensino. Despesas com pessoal e obrigações Patronais. | C377: 320300 | D377: 2026 | E377: 540.1070
A381: 2.613 – EDUCAÇÃO JOVENS E ADULTOS – FUNDEB 30% Órgão Unidade: 0604 | B381: Manter o atendimento aos alunos da Rede Municipal de Ensino com deficiência e/ ou transtorno do espectro autista provendo condições necessárias para o atendimento. Despesas com pessoal, serviços, material consumo, obras e instalações, equipamentos e material permanente. | C381: 770 | D381: 2026 | E381: 540.0000
A385: 0047 – ENSINO FUNDAMENTAL
A386: 2.072 – EDUCAÇÃO FUNDAMENTAL Órgão Unidade: 0603 | B386: Despesas de Pessoal, Obrigações Patronais, Diárias, Material de Consumo, Outras Despesas Correntes, Sentenças Judiciais, Auxílio Financeiro para Escolas Ensino Fundamental, Aquisição de Equipamentos e Material Permanente. Construção, Ampliação e Reforma Prédios Educação Fundamental. Ampliação a segurança dos Prédios com a instalação de Câmeras de Segurança. Ampliação e reestruturação das escolas públicas para educação em tempo integral. Alfabetização das Crianças até no Máximo o Final do 3° Ano do Ensino Fundamental: Promover e estimular a formação continuada de professores para a alfabetização de crianças. Promover atividades de contraturno escolar que desenvolvam competências e habilidades específicas para a alfabetização, no Projeto Despertar. Aquirir material pedagógico que desenvolvam competência e habilidades específicas para alfabetização. Manutenção dos laboratórios de informática educativa. Educação para a trânsito. | C386: 15961500 | D386: 2026 | E386: 500.1001
A390: 2.674 – PROGRAMA MUNICIPAL DE FORNECIMENTO DE ABSORVENTES HIGIÊNICOS Órgão Unidade: 0603 | B390: Combater a precariedade menstrual, identificada como a falta de acesso ou a falta de recursos que possibilitem a aquisição de produtos de higiene e outros recursos necessários ao período da menstruação feminina. Reduzir faltas em dias letivos de alunas em período menstrual e, por decorrência, evitar prejuízos à aprendizagem e ao rendimento escolar. | C390: 25010 | D390: 2026 | E390: 500.1001
A394: 2.456 – INCENTIVO À LEITURA – FUNDAMENTAL Órgão Unidade: 0603 | B394: Implantação de espaços para incentivo à leitura com recursos diferenciados (informática, biblioteca, videoteca, jogos pedagógicos) bem como a aquisição de livros e contato com autores para alunos da Educação Fundamental da Rede Municipal de Ensino. | C394: 195200 | D394: 2026 | E394: 500.1001
A398: 2.732 – E.M.E.F – MANUTENÇÃO, AMPLIAÇÃO E REFORMAS Órgão Unidade: 0603 | B398: Manutenção, ampliação, reforma e construção de escolas, de área coberta, ampliação de salas, sanitários, cozinha, equipamentos e mobiliários. Aquisição de área de terras. Despesas com material, obras, equipamentos, material permanente e outras despesas correntes. Ampliação e Reforma Prédios Educação Fundamental. Ampliação a segurança dos Prédios com a instalação de Câmeras de Segurança. Ampliação e reestruturação das escolas públicas para educação em tempo integral. REFORMA QUADRAS EXTERNAS ESCOLA 25 DE JULHO; MELHORIAS SALA DE AULAS, ELÉTRICA E PÁTIO EXTERNO ESCOLA SANTOS DUMONT; AMPLIAR SALAS DE AULA, ELÉTRICA DA ESCOLA LUCIA MOSSMANN; REFORMAR AUDITÓRIO, SALAS, ELÉTRICA ESCOLA RUI BARBOSA; REFORMA E AMPLIAÇÃO COM IMPLANTAÇÃO DE ACESSIBILIDADE, RAMPA GINÁSIO, ELÉTRICA E SALAS ESCOLA MORADA DO SOL; REFORMA, PINTURA E ELÉTRICA ESCOLA BORGES DE MEDEIROS. *** Buscar RECURSO da União, Estado, Operação de Crédito ou Financiamento. | C398: 1250100 | D398: 2026 | E398: 500.1001
A402: 2.234 – EDUCAÇÃO FUNDAMENTAL – FUNDEB 70% Órgão Unidade: 0604 | B402: Manutenção das Escolas de Educação Fundamental. Despesas com pessoal. | C402: 29612450 | D402: 2026 | E402: 540.1070
A406: 2.610 – EDUCAÇÃO FUNDAMENTAL – FUNDEB 30% Órgão Unidade: 0604 | B406: Manutenção das Escolas de Educação Fundamental. Despesas com pessoal, serviços, material consumo, obras e instalações, equipamentos e material permanente. | C406: 950 | D406: 2026 | E406: 540.0000
A410: 2.735 – EDUCAÇÃO FUNDAMENTAL – FUNDEB VAR 30% Órgão Unidade: 0604 | B410: Manutenção das Escolas de Educação Fundamental. Despesas de Diárias, Material de Consumo, Outras Despesas Correntes, Aquisição de Equipamento e Material Permanente. | C410: 825 | D410: 2026 | E410: 543.0000
A414: 1.201 – NOVO PAC – ESCOLA TEMPO INTEGRAL – FUNDAMENTAL Órgão Unidade: 0606 | B414: Ampliação de escolas para atender em tempo integral. | C414: 495 | D414: 2026 | E414: 570.0000
A418: 2.705 – ESCOLA TEMPO INTEGRAL – FUNDAMENTAL Órgão Unidade: 0606 | B418: Manutenção das Escolas de Educação Fundamental. Despesas com serviços, material consumo, obras e instalações, equipamentos e material permanente. | C418: 11700 | D418: 2026 | E418: 569.0000
A422: 2.109 – ESCOLA FUNDAMENTAL Órgão Unidade: 0606 | B422: Despesas de Diárias, Material de Consumo, Outras Despesas Correntes, Auxílio Financeiro para Escolas Ensino Fundamental, Aquisição de Equipamentos e Material Permanente. Construção, Ampliação e Reforma Prédios Educação Fundamental. Ampliação a segurança dos Prédios com a instalação de Câmeras de Segurança. Educação em Tempo Integral: Promover o apoio da União, a oferta de educação fundamental em tempo integral. Ampliação e reestruturação das escolas públicas para educação em tempo integral. Alfabetização das Crianças até no Máximo o Final do 3° Ano do Ensino Fundamental: Promover e estimular a formação continuada de professores para a alfabetização de crianças. Promover atividades de contraturno escolar que desenvolvam competências e habilidades específicas para a alfabetização, no Projeto Despertar. Aquirir material pedagógico que desenvolvam competência e habilidades específicas para alfabetização. Manutenção dos laboratórios de informática educativa. Educação para a trânsito. | C422: 860050 | D422: 2026 | E422: 550.1068
A426: 2.081 – INCENTIVO À LEITURA – FUNDAMENTAL Órgão Unidade: 0606 | B426: Implantação de espaços para incentivo à leitura com recursos diferenciados (informática, biblioteca, videoteca, jogos pedagógicos) bem como a aquisição de livros e contato com autores para alunos da Educação Fundamental da Rede Municipal de Ensino. | C426: 50 | D426: 2026 | E426: 550.1068
A430: 1.208 – IMPLANT. SEC. OBRAS, ALMOX. CENTRAL, EDUCAÇÃO E SAÚDE Órgão Unidade: 0603 | B430: Implantação da secretaria de obras, almoxarifado central, educação e saúde. | C430: 125100 | D430: 2026 | E430: 500.1001
... A450: 2.638 – PROGRAMA DE PREVENÇÃO AO BULLYING Órgão Unidade: 0603 | B450: Conjunto de ações dirigidas aos Alunos da Rede Municipal de Ensino, com objetivo de prevenção ao bullying. | C450: 5700 | D450: 2026 | E450: 500.1001
A454: 0048 – PRÁTICAS DESPORTIVAS, RECREATIVAS E LAZER DAS COMUNIDADES ESCOLARES
A455: 2.510 – CENTRO MUNICIPAL DE EDUCAÇÃO – CME Órgão Unidade: 0603 | B455: Despesas com material de consumo, outras despesas correntes, equipamentos e material permanente. | C455: 4580 | D455: 2026 | E455: 500.1001
A459: 2.321 – CENTRO DE ARTES E ESPORTES UNIFICADO – CEU Órgão Unidade: 0605 | B459: Manutenção da Praça Céu. Despesas de Pessoal, Diárias, Material de Consumo, Outras Despesas Correntes, Aquisição de Equipamento e Material Permanente. *** Buscar RECURSO da União, Estado, Operação de Crédito ou Financiamento. | C459: 93200 | D459: 2026 | E459: 500.0000
A463: 0051 – EDUCAÇÃO INFANTIL
A464: 2.055 – EDUCAÇÃO INFANTIL – CRECHE Órgão Unidade: 0602 | B464: Manutenção das Escolas de Educação Infantil. Despesas de Diárias, Material de Consumo, Outras Despesas Correntes, Aquisição de Equipamento e Material Permanente. Ampliação, reforma e construção de escolas, de área coberta, ampliação de salas, sanitários, cozinha, equipamentos e mobiliários. Aquisição de área de terras. Conjunto de ações que visam proporcionar a ampliação de mobiliários, equipamentos e vagas de crianças de 4 meses a seis anos. Ampliar a seguranças dos Prédios da Educação Infantil, com a instalação Câmeras de Segurança. Manutenção dos laboratórios de informática educativa. Educação para a trânsito. | C464: 7878200 | D464: 2026 | E464: 500.1001
A468: 2.059 – EDUCAÇÃO INFANTIL – PRÉ ESCOLA Órgão Unidade: 0602 | B468: Manutenção das Escolas de Educação Infantil. Despesas de Diárias, Material de Consumo, Outras Despesas Correntes, Aquisição de Equipamento e Material Permanente. Ampliação, reforma e construção de escolas, de área coberta, ampliação de salas, sanitários, cozinha, equipamentos e mobiliários. Aquisição de área de terras. Conjunto de ações que visam proporcionar a ampliação de mobiliários, equipamentos e vagas de crianças de 4 meses a seis anos. Ampliar a seguranças dos Prédios da Educação Infantil, com a instalação Câmeras de Segurança. Manutenção dos laboratórios de informática educativa. Educação para a trânsito. | C468: 7128200 | D468: 2026 | E468: 500.1001
A472: 2.324 – INCENTIVO À LEITURA – CRECHE Órgão Unidade: 0602 | B472: Implantação de espaços para incentivo à leitura com recursos diferenciados (informática, biblioteca, videoteca, jogos pedagógicos) bem como a aquisição de livros e contato com autores para alunos da Educação Infantil da Rede Municipal de Ensino. | C472: 100200 | D472: 2026 | E472: 500.1001
A476: 2.655 – INCENTIVO À LEITURA – PRÉ ESCOLA Órgão Unidade: 0602 | B476: Implantação de espaços para incentivo à leitura com recursos diferenciados (informática, biblioteca, videoteca, jogos pedagógicos) bem como a aquisição de livros e contato com autores para alunos da Educação Infantil da Rede Municipal de Ensino. | C476: 100200 | D476: 2026 | E476: 500.1001
A480: 2.730 – E.M.E.I. – MANUTENÇÃO, AMPLIAÇÃO E REFORMAS – CRECHE Órgão Unidade: 0602 | B480: Manutenção, ampliação, reforma e construção de escolas, de área coberta, ampliação de salas, sanitários, cozinha, equipamentos e mobiliários. Aquisição de área de terras. Conjunto de ações que visam proporcionar a ampliação de mobiliários, equipamentos e vagas de crianças de 4 meses a seis anos. Ampliar a seguranças dos Prédios da Educação Infantil, com a instalação Câmeras de Segurança. CLIMATIZAÇÃO EMEI PEDACINHO DO CEU. *** Buscar RECURSO da União, Estado, Operação de Crédito ou Financiamento.. | C480: 1200100 | D480: 2026 | E480: 500.1001
A484: 2.731 – E.M.E.I. – MANUTENÇÃO, AMPLIAÇÃO E REFORMAS – PRÉ ESCOLA Órgão Unidade: 0602 | B484: Manutenção, ampliação, reforma e construção de escolas, de área coberta, ampliação de salas, sanitários, cozinha, equipamentos e mobiliários. Aquisição de área de terras. Conjunto de ações que visam proporcionar a ampliação de mobiliários, equipamentos e vagas de crianças de 4 meses a seis anos. Ampliar a seguranças dos Prédios da Educação Infantil, com a instalação Câmeras de Segurança. CLIMATIZAÇÃO EMEI PEDACINHO DO CEU. *** Buscar RECURSO da União, Estado, Operação de Crédito ou Financiamento.. | C484: 1200100 | D484: 2026 | E484: 500.1001
A488: 2.090 – EDUCAÇÃO CRECHE – FUNDEB 70% Órgão Unidade: 0604 | B488: Manutenção das Escolas de Educação Infantil. Despesas com pessoal. | C488: 21190150 | D488: 2026 | E488: 540.1070
A492: 2.611 – EDUCAÇÃO CRECHE – FUNDEB 30% Órgão Unidade: 0604 | B492: Manutenção das Escolas de Educação Infantil. Despesas com pessoal, serviços, material consumo, obras e instalações, equipamentos e material permanente. | C492: 655400 | D492: 2026 | E492: 540.0000
A496: 2.094 – EDUCAÇÃO PRÉ ESCOLA – FUNDEB 70% Órgão Unidade: 0604 | B496: Manutenção das Escolas de Educação Infantil. Despesas com pessoal. | C496: 15895150 | D496: 2026 | E496: 540.1070
A500: 2.612 – EDUCAÇÃO PRÉ ESCOLA – FUNDEB 30% Órgão Unidade: 0604 | B500: Manutenção das Escolas de Educação Infantil. Despesas com pessoal, serviços, material consumo, obras e instalações, equipamentos e material permanente. | C500: 445550 | D500: 2026 | E500: 540.0000
A504: 2.733 – EDUCAÇÃO CRECHE – FUNDEB VAR 30% Órgão Unidade: 0604 | B504: Manutenção das Escolas de Educação Infantil. Despesas de Diárias, Material de Consumo, Outras Despesas Correntes, Aquisição de Equipamento e Material Permanente. | C504: 860 | D504: 2026 | E504: 543.0000
A508: 2.734 – EDUCAÇÃO PRÉ ESCOLA – FUNDEB VAR 30% Órgão Unidade: 0604 | B508: Manutenção das Escolas de Educação Infantil. Despesas de Diárias, Material de Consumo, Outras Despesas Correntes, Aquisição de Equipamento e Material Permanente. | C508: 825 | D508: 2026 | E508: 543.0000
... A568: 2.746 – PROGAEM Órgão Unidade: 0602, 0604 e 0606 | B568: Repasse para escolas do município para custear algumas despesas fixas e aquisição de bens patrimoniais. | C568: 1500600 | D568: 2026 | E568: 500.0000 540.0000 543.0000 550.0000
A572: 0052 – EDUCAÇÃO ESPECIAL
A573: 2.056 – EDUCAÇÃO ESPECIAL NA PERSPECTIVA DA EDUCAÇÃO INCLUSIVA – CRECHE Órgão Unidade: 0602 | B573: Despesas com pessoal. Manter o atendimento aos alunos da Rede Municipal de Ensino com deficiência e/ ou transtorno do espectro autista provendo condições necessárias para o atendimento. | C573: 197100 | D573: 2026 | E573: 500.1001
A577: 2.077 – EDUCAÇÃO ESPECIAL NA PERSPECTIVA DA EDUCAÇÃO INCLUSIVA – PRÉ ESCOLA Órgão Unidade: 0602 | B577: Despesas com pessoal. Manter o atendimento aos alunos da Rede Municipal de Ensino com deficiência e/ ou transtorno do espectro autista provendo condições necessárias para o atendimento. | C577: 197100 | D577: 2026 | E577: 500.1001
A581: 2.233 – EDUCAÇÃO ESPECIAL NA PERSPECTIVA DA EDUCAÇÃO INCLUSIVA – FUNDAMENTAL Órgão Unidade: 0603 | B581: Despesas com pessoal. Manter o atendimento aos alunos da Rede Municipal de Ensino com deficiência e/ ou transtorno do espectro autista provendo condições necessárias para o atendimento. | C581: 988100 | D581: 2026 | E581: 500.1001
A585: 2.093 – AUXÍLIO À APAE E OUTRAS ENTIDADES Órgão Unidade: 0603 | B585: Concessão de auxílio para manutenção da APAE, Criança Cidadã e outras entidades. | C585: 950010 | D585: 2026 | E585: 500.1001
A589: 2.365 – CENTRO MUNICIPAL DE APOIO A DIVERSIDADE ESCOLAR – CEMADE Órgão Unidade: 0603 | B589: Atender às necessidades dos alunos com atraso no desenvolvimento neuropsicomotor e dificuldade no processo de aprendizagem. Despesas com Material de Consumo, Outras Despesas Correntes, Equipamentos e Material Permanente. Reforma e Ampliação. | C589: 10200 | D589: 2026 | E589: 500.1001
...

Sheet ASSISTÊNCIA
A1: PREFEITURA MUNICIPAL DE CAMPO BOM - RS
A2: LDO 2026
A3: 07 – SECRETARIA MUNICIPAL DE DESENVOLVIMENTO SOCIAL E HABITAÇÃO
A5: PROGRAMA | B5: AÇÃO | C5: VALOR/ CUSTO | D5: ANO DE EXECUÇÃO | E5: RECURSO
A6: 0004 – SUPERVISÃO E COORDENAÇÃO ADMINISTRATIVA
A7: 2.127 – SECRETARIA DE DESENVOLVIMENTO SOCIAL E ASSISTÊNCIA Órgão Unidade: 0701 | B7: Despesa com Pessoal, Obrigações Patronais, Diárias, Outras Despesas Correntes, Equipamentos e Material Permanente. Renovação da frota de veículos para o transporte. Seção administrativa, conselho municipal de assistência social, conselho municipal de habitação, conselho municipal do FHIS, conselho municipal do idoso, conselho municipal dos direitos das pessoas com deficiência e conselho municipal dos direitos da mulher. Promover a qualificação da gestão da Assistência Social, através de processos continuados de capacitação e formação, requerendo habilidades e atitudes frente a provisão dos serviços e benefícios socioassistenciais, mais qualificada e comprometida com o atendimento ao cidadão. | C7: 2345520 | D7: 2026 | E7: 500.0000
A11: 0025 – SERVIÇOS DE ASSISTÊNCIA AO IDOSO
A12: 1.186 – EPI – UNIÃO – DEP. LUCAS REDECKER – PROGR. 903223 Órgão Unidade: 0707 | B12: Aquisição de equipamentos para o Centro Comunitário da Pessoa Idosa, local destinado para atividades diversas de lazer, recreação e laboral dos idosos. | C12: 10000 | D12: 2026 | E12: 706.1188
A16: 2.157 – FUNDO MUNICIPAL DO IDOSO – FMICB Órgão Unidade: 0707 | B16: Manutenção do Fundo Municipal do Idoso de Campo Bom - FMICB. Assegurar o pleno exercício dos direitos individuais e sociais do Idoso. Despesas com material e outros despesas correntes. Cursos de Capacitação para os conselheiros. | C16: 185000 | D16: 2026 | E16: 759.1042
A20: 2.331 – ASSISTÊNCIA A PESSOA IDOSA Órgão Unidade: 0707 | B20: Conjunto de ações dirigidas ao idoso visando a sua integração à família a à comunidade. Políticas públicas de assistência, melhoria da qualidade de vida dos idosos e implementação de espaços públicos de acolhimento a essa população. Subvenção transporte coletivo de Campo Bom Despesa com Material de Consumo, Outras Despesas Correntes, Contribuições, Equipamentos e Material Permanente. Conjunto de ações dirigidas ao Idoso visando a sua integração à família e à comunidade. Manutenção do Centro Comunitário para Idosos, Local destinado para atividades diversas de lazer, recreação e laboral dos idosos. Contratos de acolhimento de instituições de longa permanência para idosos centralizados nessa ação. | C20: 1105800 | D20: 2026 | E20: 500.0000
A24: 1.126 – IMPLANTAÇÃO CENTRO COMUNITÁRIO DA PESSOA IDOSA Órgão Unidade: 0707 | B24: Despesa com material de consumo e outras despesas correntes, obras, equipamentos e material permanente. Equipar o Centro Comunitário da Pessoa Idosa, local destinado para atividades diversas de lazer, recreação e laboral dos idosos. CONSTRUÇÃO DE EMPREENDIMENTO PARA ATENDIMENTO AOS IDOSOS. *** Buscar RECURSO da União, Estado, Operação de Crédito ou Financiamento. | C24: 2000 | D24: 2026 | E24: 500.0000
A28: 1.166 – CENTRO CONVIVÊNCIA DO IDOSO – CONVÊNIO 37930012 – LASIER MARTINS Órgão Unidade: 0707 | B28: Despesa com material de consumo e outras despesas correntes, obras, equipamentos e material permanente. Equipar o Centro Comunitário da Pessoa Idosa, local destinado para atividades diversas de lazer, recreação e laboral dos idosos. *** Buscar RECURSO da União, Estado, Operação de Crédito ou Financiamento. | C28: 1800 | D28: 2026 | E28: 665.1143
A32: 2.708 – MANUTENÇÃO DO CENTRO COMUNITÁRIO DA PESSOA IDOSA Órgão Unidade: 0707 | B32: Despesa com material de consumo e outras despesas correntes, obras, equipamentos e material permanente. Equipar o Centro Comunitário da Pessoa Idosa, local destinado para atividades diversas de lazer, recreação e laboral dos idosos. Recuperação do Centro de Recreação do Idoso localizado no Parque do Trabalhador. . | C32: 295300 | D32: 2026 | E32: 500.0000
A36: 0026 – SERVIÇOS DE ASSISTÊNCIA AO DEFICIENTE
A37: 2.577 – FUNDO MUNICIPAL DOS DIREITOS DA PESSOA COM DEFICIÊNCIA Órgão Unidade: 0708 | B37: Criação do Fundo Municipal dos Direitos da Pessoa com deficiência. Promover a criação do Conselho de Direitos da Pessoa com deficiência, espaço democrático, que visa ao acompanhamento, monitoramento, avaliação e a fiscalização das políticas destinadas à pessoa com deficiência. Assegurar o pleno exercício dos direitos individuais e sociais das pessoas com deficiência. Despesas com material e outros despesas correntes. Cursos de Capacitação para os conselheiros. | C37: 70 | D37: 2026 | E37: 759.1134
A41: 2.130 – ASSISTÊNCIA À PESSOA COM DEFICIÊNCIA Órgão Unidade: 0708 | B41: Conjunto de ações de proteção social a pessoas portadoras de deficiência, objetivando o bem-estar físico, social e ocupacional. Manutenção dos Serviços PCD. Repasse de Recursos recebidos da União para a APAE, referente ao Programa PSE - Proteção Social Especial, através do Fundo Especial, através do Fundo Municipal de Assistência Social. Construção do centro de convivência para PCDS. Subvenção transporte coletivo Campo Bom. Despesas com material de cconsumo, obras, equipamentos e material permanente e outras despesas correntes. | C41: 385060 | D41: 2026 | E41: 500.0000
A45: 0027 – SERVIÇO DE PROTEÇÃO À CRIANÇA E AO ADOLESCENTE
A46: 2.132 – ASSISTÊNCIA E ACOLHIMENTO DE CRIANÇAS, ADOLESCENTES E JOVENS Órgão Unidade: 0702 E 0712 | B46: Programas voltados a adolescentes infratores. Propor diretrizes de ação governamental voltadas à promoção de políticas públicas de juventude. Acolhimento de jovens por determinação judicial a Instituições. | C46: 938610 | D46: 2026 | E46: 500.0000 660.0000
A50: 2.693 – PROGRAMA CRIANÇA FELIZ – LIVRE Órgão Unidade: 0706 | B50: Programa Primeira Infância Melhor - Criança Feliz. Despesa com Pessoal, material e outras despesas correntes. Locação de espaço físico. | C50: 98300 | D50: 2026 | E50: 500.0000
A54: 2.293 – PROGRAMA CRIANÇA FELIZ – UNIÃO Órgão Unidade: 0712 | B54: Programa Primeira Infância Melhor - Criança Feliz. Despesa com Pessoal, material e outras despesas correntes. Locação de espaço físico.. | C54: 81800 | D54: 2026 | E54: 660.1034
A58: 0029 – ASSISTÊNCIA SOCIAL GERAL
A59: 2.511 – ASSISTÊNCIA SOCIAL Órgão Unidade: 0702 | B59: Despesa com Pessoal, Obrigações Patronais, Diárias, Outras Despesas Correntes, Equipamentos e Material Permanente. Promover a qualificação dos trabalhadores da Assistência Social, através de processos continuados de capacitação e formação, requerendo habilidades e atitudes frente a provisão dos serviços e benefícios socioassistenciais, mais qualificada e comprometida com o atendimento ao cidadão. Renovação da frota de veículos para o transporte. Criação da vigilância socioassistencial e da gerência de proteção social, entre outros. | C59: 517330 | D59: 2026 | E59: 500.0000
A63: 2.580 – LEI DE BENEFÍCIOS EVENTUAIS Órgão Unidade: 0706 | B63: Implantação da Lei de Benefícios Eventuais. Atendimento a pessoas em situação de risco e vulnerabilidade (benefícios eventuais diversos, conforme regulação: auxilio funeral, auxílio natalidade, auxílio alimentação, auxílio transporte, auxílio a vítimas de calamidade e catástrofes). | C63: 2460350 | D63: 2026 | E63: 500.0000
A67: 2.695 – PROGRAMA BOLSA FAMÍLIA/ AUXÍLIO BRASIL – LIVRE Órgão Unidade: 0706 | B67: Despesas com Pessoal, Material de Consumo, Outras Despesas Correntes e Equipamentos e Material Permanente. Conjunto de ações visando a complementação de renda e prestação de serviço comunitário e cooperativas de trabalhos artesanais. | C67: 508060 | D67: 2026 | E67: 500.0000
A71: 2.133 – CENTRO DE REFERÊNCIA DE ASSISTÊNCIA SOCIAL – CRAS Órgão Unidade: 0706 | B71: Manter o Sistema Único de Assistência Social. Despesa com Pessoal, Obrigações Patronais, Diárias, Outras Despesas Correntes, Equipamentos e Material Permanente. Dispor de um local próprio e de qualidade para desenvolvimento de Projetos e Programas Sociais - CRAS. Implantação e Construção do CRAS Quatro Colônias. *** Construção do novo CRAS - Buscar RECURSO da União, Estado, Operação de Crédito ou Financiamento. | C71: 1442000 | D71: 2026 | E71: 500.0000
A75: 2.134 – CENTRO DE REFERÊNCIA ESPECIALIZADO DE ASSISTÊNCIA SOCIAL – CREAS Órgão Unidade: 0706 | B75: Manutenção do Centro de Referência Especializado de Assistência Social - CREAS. Despesa com Pessoal, Obrigações Patronais, Diárias, Outras Despesas Correntes, Equipamentos e Material Permanente. Manutenção do local próprio e de qualidade para desenvolvimento de Projetos e Programas Sociais – CREAS. | C75: 812400 | D75: 2026 | E75: 500.0000
A79: 2.694 PROGRAMA IGD-SUAS – LIVRE Órgão Unidade: 0706 | B79: Despesas com Pessoal Material de Consumo, Outras Despesas Correntes e Equipamentos e Material Permanente. | C79: 7140 | D79: 2026 | E79: 500.0000
A83: 2.135 – ASSISTÊNCIA À MULHER Órgão Unidade: 0709 | B83: Ações de caráter Social desenvolvidas com o objetivo de amparar e proteger à mulher. Manutenção do Conselho Municipal da Mulher e Fundo Municipal. Criação do Setor Municipal de Políticas Públicas para a Mulher. Conveniamento com casa abrigo para mulher em situação de violência. | C83: 72100 | D83: 2026 | E83: 500.0000
A87: 2.578 – FUNDO MUNICIPAL DE ASSISTÊNCIA À MULHER Órgão Unidade: 0709 | B87: Ações de caráter Social desenvolvidas com o objetivo de amparar e proteger à mulher. Despesas com material e outros despesas correntes. Cursos de Capacitação para os conselheiros. | C87: 70 | D87: 2026 | E87: 759.1135
A91: 2.729 – PISO GAÚCHO REGULAR Órgão Unidade: 0711 | B91: Os recursos do cofinanciamento estadual do Piso Gaúcho Regular poderá ser utilizado indistintamente para o aprimoramento da gestão municipal do SUAS, do Cadastro Único e do Programa Bolsa Família, para os serviços tipificados na Resolução CNAS n° 109/2009 e para benefícios eventuais regulamentados pelo Município. | C91: 45940 | D91: 2026 | E91: 661.0000
A95: 2.677 – BLOCO PROTEÇÃO SOCIAL BÁSICA – FEAS Órgão Unidade: 0711 | B95: Despesa com pessoal e outras despesas correntes e de capital. | C95: 9800 | D95: 2026 | E95: 661.1150
A99: 2.678 – BENEFÍCIOS EVENTUAIS – FEAS E PROGRAMA AVANÇAR Órgão Unidade: 0711 | B99: Despesas com material de consumo, subvenções, contribuições e outras despesas correntes. | C99: 10500 | D99: 2026 | E99: 661.1158
A103: 2.679 – BLOCO PROT. SOC. ESPEC. MÉDIA E ALTA COMPLEX. – PROGR. AVANÇAR RS Órgão Unidade: 0711 | B103: Despesa com pessoal e outras despesas correntes e de capital. | C103: 9800 | D103: 2026 | E103: 661.1152
... A139: 2.700 – PROCAD - PROGR. FORTALEC. CADASTRO ÚNICO Órgão Unidade: 0712 | B139: Custear as despesas referente a atualização do Cadastro Único através do programa de fortalecimento emergencial do atendimento do cadastro único no sistema único da assistência social - PROCAD-SUAS. | C139: 1600 | D139: 2026 | E139: 660.1105
A143: 0030 – ASSISTÊNCIA SOCIAL COMUNITÁRIA
A144: 2.137 – MANUTENÇÃO DOS CENTROS COMUNITÁRIOS Órgão Unidade: 0702 | B144: Desenvolvimento de ações, programas e projetos sociais e comunitários. Despesas com Material de Consumo, Outras Despesas Correntes, Obras, Equipamento e Material Permanente. | C144: 75130 | D144: 2026 | E144: 500.0000
A148: 2.136 – ASSISTÊNCIA À COMUNIDADE Órgão Unidade: 0702 | B148: Prestar assistência à População carente do Município dando proteção e acompanhamento necessário, integrando o programa com saúde, educação e cursos de qualificação. Implantação do Aluguel Social. Atendimento a pessoas vítimas de calamidade e catástrofes ou em situação de risco e vulnerabilidade. Conjunto de ações visando a complementação de renda e ações pautadas na economia solidária, na constituição de Cooperativas de Trabalhos Artesanais, direcionadas ao público da Assistência Social, especialmente as pessoas prestadoras de serviço comunitário e em situação de rua. Conveniamento para Prestação de Serviços de Acolhimento e Ressocialização de PSR. Prover acolhimento para PSR sem condições de seguir vivendo no espaço da rua. Despesas com Material de Consumo, Outras Despesas Correntes, Equipamento e Material Permanente. Manutenção Assistência a Carentes. Visa a implantação do auxílio emergencial para condutores de carroça, ou seja, pessoas que se valiam de tração animal para sua sobrevivência. A Lei Municipal n° 5.360, de 06 de dezembro de 2022, institui o programa \municipal de redução gradativa de veículos de tração animal e dá outras providências. | C148: 440100 | D148: 2026 | E148: 500.0000
A152: 1.231 – IMPLANTAÇÃO DE CENTRO COMUNITÁRIOS Órgão Unidade: 0702 | B152: Implantação de Centros comunitários nos bairros. | C152: 20 | D152: 2026 | E152: 500.0000
A156: 0031 - PREVIDÊNCIA SOCIAL A SERVIDOR DO MUNICÍPIO PELO REGIME GERAL
A157: 2.127 – SECRETARIA DE DESENVOLVIMENTO SOCIAL E ASSISTÊNCIA Órgão Unidade: 0701 | B157: Despesas com obrigações patronais do INSS e FGTS. | C157: 95000 | D157: 2026 | E157: 500.0000
A161: 2.511 – ASSISTÊNCIA SOCIAL Órgão Unidade: 0702 | B161: Despesas com obrigações patronais do INSS e FGTS. | C161: 20000 | D161: 2026 | E161: 500.0000
A165: 2.129 – SISTEMA NACIONAL DE EMPREGO – SINE Órgão Unidade: 0703 | B165: Despesas com obrigações patronais do INSS e FGTS. | C165: 35000 | D165: 2026 | E165: 500.0000
A169: 2.155 – DIVISÃO DE HABITAÇÃO Órgão Unidade: 0704 | B169: Despesas com obrigações patronais do INSS e FGTS. | C169: 10000 | D169: 2026 | E169: 500.0000
A173: 2.695 – PROGRAMA BOLSA FAMÍLIA/ AUXÍLIO BRASIL – LIVRE Órgão Unidade: 0706 | B173: Despesas com obrigações patronais do INSS e FGTS. | C173: 5000 | D173: 2026 | E173: 500.0000
A177: 2.693 – PROGRAMA CRIANÇA FELIZ – LIVRE Órgão Unidade: 0706 | B177: Despesas com obrigações patronais do INSS e FGTS. | C177: 10000 | D177: 2026 | E177: 500.0000
A181: 2.133 – CENTRO DE REFERÊNCIA DE ASSISTÊNCIA SOCIAL – CRAS Órgão Unidade: 0706 | B181: Despesas com obrigações patronais do INSS e FGTS. | C181: 20000 | D181: 2026 | E181: 500.0000
A185: 2.134 – CENTRO DE REFERÊNCIA ESPECIALIZADO DE ASSISTÊNCIA SOCIAL – CREAS Órgão Unidade: 0706 | B185: Despesas com obrigações patronais do INSS e FGTS. | C185: 5000 | D185: 2026 | E185: 500.0000
A189: 2.694 PROGRAMA IGD-SUAS – LIVRE Órgão Unidade: 0706 | B189: Despesas com obrigações patronais do INSS e FGTS. | C189: 10 | D189: 2026 | E189: 500.0000
A193: 2.729 – PISO GAÚCHO REGULAR Órgão Unidade: 0711 | B193: Despesas com obrigações patronais do INSS e FGTS. | C193: 5000 | D193: 2026 | E193: 661.0000
A197: 2.677 – BLOCO PROTEÇÃO SOCIAL BÁSICA – FEAS Órgão Unidade: 0711 | B197: Despesas com obrigações patronais do INSS e FGTS. | C197: 100 | D197: 2026 | E197: 661.1150
A201: 2.679 – BLOCO PROT. SOC. ESPEC. MÉDIA E ALTA COMPLEX. – PROGR. AVANÇAR RS Órgão Unidade: 0711 | B201: Despesas com obrigações patronais do INSS e FGTS. | C201: 100 | D201: 2026 | E201: 661.1152
... A221: 2.275 – PROGRAMA MUNDO DO TRABALHO - ACESSUAS Órgão Unidade: 0712 | B221: Despesas com obrigações patronais do INSS e FGTS. | C221: 10 | D221: 2026 | E221: 660.1062
A225: 0032 - PREVIDÊNCIA SOCIAL A SERVIDORES ATIVOS, INATIVOS E PENSIONISTAS VINCULADOS AO REGIME PRÓPRIO
A226: 2.127 – SECRETARIA DE DESENVOLVIMENTO SOCIAL E ASSISTÊNCIA Órgão Unidade: 0701 | B226: Despesas com obrigações patronais do IPASEM. | C226: 235000 | D226: 2026 | E226: 500.0000
A230: 2.511 – ASSISTÊNCIA SOCIAL Órgão Unidade: 0702 | B230: Despesas com obrigações patronais do IPASEM. | C230: 110000 | D230: 2026 | E230: 500.0000
A234: 2.129 – SISTEMA NACIONAL DE EMPREGO – SINE Órgão Unidade: 0703 | B234: Despesas com obrigações patronais do IPASEM. | C234: 20000 | D234: 2026 | E234: 500.0000
A238: 2.155 – DIVISÃO DE HABITAÇÃO Órgão Unidade: 0704 | B238: Despesas com obrigações patronais do IPASEM. | C238: 5000 | D238: 2026 | E238: 500.0000
A242: 2.695 – PROGRAMA BOLSA FAMÍLIA/ AUXÍLIO BRASIL – LIVRE Órgão Unidade: 0706 | B242: Despesas com obrigações patronais do IPASEM. | C242: 125000 | D242: 2026 | E242: 500.0000
A246: 2.693 – PROGRAMA CRIANÇA FELIZ – LIVRE Órgão Unidade: 0706 | B246: Despesas com obrigações patronais do IPASEM. | C246: 10000 | D246: 2026 | E246: 500.0000
A250: 2.133 – CENTRO DE REFERÊNCIA DE ASSISTÊNCIA SOCIAL – CRAS Órgão Unidade: 0706 | B250: Despesas com obrigações patronais do IPASEM. | C250: 350000 | D250: 2026 | E250: 500.0000
A254: 2.134 – CENTRO DE REFERÊNCIA ESPECIALIZADO DE ASSISTÊNCIA SOCIAL – CREAS Órgão Unidade: 0706 | B254: Despesas com obrigações patronais do IPASEM. | C254: 200000 | D254: 2026 | E254: 500.0000
A258: 2.694 PROGRAMA IGD-SUAS – LIVRE Órgão Unidade: 0706 | B258: Despesas com obrigações patronais do IPASEM. | C258: 10 | D258: 2026 | E258: 500.0000
A262: 2.729 – PISO GAÚCHO REGULAR Órgão Unidade: 0711 | B262: Despesas com obrigações patronais do IPASEM. | C262: 50 | D262: 2026 | E262: 661.0000
A266: 2.677 – BLOCO PROTEÇÃO SOCIAL BÁSICA – FEAS Órgão Unidade: 0711 | B266: Despesas com obrigações patronais do IPASEM. | C266: 100 | D266: 2026 | E266: 661.1150
A270: 2.679 – BLOCO PROT. SOC. ESPEC. MÉDIA E ALTA COMPLEX. – PROGR. AVANÇAR RS Órgão Unidade: 0711 | B270: Despesas com obrigações patronais do IPASEM. | C270: 100 | D270: 2026 | E270: 661.1152
... A290: 2.275 – PROGRAMA MUNDO DO TRABALHO - ACESSUAS Órgão Unidade: 0712 | B290: Despesas com obrigações patronais do IPASEM. | C290: 10 | D290: 2026 | E290: 660.1062
A294: 0038 – ORIENTAÇÃO E COMPLEMENTAÇÃO ALIMENTAR
A295: 2.158 – FUNDO MUNICIPAL DE SEGURANÇA ALIMENTAR E NUTRICIONAL Órgão Unidade: 0710 | B295: Promover conjunto de ações que visem a Segurança Alimentar e Nutricional do Município. | C295: 60 | D295: 2026 | E295: 759.1060
A299: 2.581 – PROGRAMA MUNICIPAL DE SEGURANÇA ALIMENTAR – PMSA Órgão Unidade: 0710 | B299: Proporcionar acesso regular e permanente da população a alimentos de qualidade, em quantidade suficiente, tendo como base práticas de produção e consumo, que sejam ambiental, cultural, econômica e socialmente sustentáveis. | C299: 50 | D299: 2026 | E299: 500.0000
A303: 0042 – INTERMEDIAÇÃO DE EMPREGO
A304: 2.129 – SISTEMA NACIONAL DE EMPREGO – SINE Órgão Unidade: 0703 | B304: Manutenção do Espaço Cidadão Cidadania com Material de Consumo, outras Despesas Correntes, Aquisição de Equipamentos e Material Permanente. Reforma do Sine. Reforma e revitalização do espaço do SINE. | C304: 485810 | D304: 2026 | E304: 500.0000
A308: 2.275 – PROGRAMA MUNDO DO TRABALHO - ACESSUAS Órgão Unidade: 0712 | B308: Conjunto de ações de articulação de políticas públicas de mobilização, encaminhamento e acompanhamento de pessoas em situação de vulnerabilidade e risco social, para acesso a oportunidades afeitas ao trabalho e emprego. Despesa com Pessoal, Diárias, Outras Despesas Correntes, Equipamentos e Material Permanente. | C308: 1080 | D308: 2026 | E308: 660.1062
A312: 0044 – CURSOS DE QUALIFICAÇÃO
A313: 2.583 – QUALIFICAÇÃO DOS PROFISSIONAIS DA ASSISTÊNCIA Órgão Unidade: 0702 | B313: Oferecer capacitação aos servidores das diferentes frentes de trabalho, conforme a NOB/SUAS - RH atendendo demandas e temáticas de cada setor. | C313: 26530 | D313: 2026 | E313: 500.0000
A317: 0059 – POLÍTICA HABITACIONAL
A318: 2.155 – DIVISÃO DE HABITAÇÃO Órgão Unidade: 0704 | B318: Manutenção da Unidade, com Despesas de Pessoal, Diárias, Obrigações Patronais e Outras Despesas Correntes, Equipamento e Material Permanente. Seção de cadastro e habitação, seção de projetos de habitação e moradia de interesse social. Elaborar diretrizes e critérios para a priorização de linhas de ação, alocação de recursos e atendimento dos beneficiários dos programas habitacionais de interesse social. | C318: 146700 | D318: 2026 | E318: 500.0000
A322: 1.020 – COMPLEXOS HABITACIONAIS Órgão Unidade: 0704 | B322: Diminuir o déficit habitacional, proporcionando condições de vida à comunidade carente. Construção de casa e apartamentos populares para atender famílias de baixa renda. Implantação Loteamento Habitacional de Baixa Renda, Aquisição de área de terras. Projetos e Infraestrutura. *** Buscar RECURSO da União, Estado, Operação de Crédito ou Financiamento.. | C322: 51600 | D322: 2026 | E322: 500.0000 665.0000
A326: 2.584 – PROGRAMA HABITACIONAL DE AUXÍLIO À MORADIA Órgão Unidade: 0704 | B326: Melhorias Habitacionais em moradias insalubres e com risco de comprometimento à habitação. Visa a concessão de aluguel social as famílias que atualmente residem em ocupações e serão removidas para realização de empreendimentos de loteamentos habitacionais. Faz-se necessário a remoção das famílias para a realizações das obras. | C326: 150600 | D326: 2026 | E326: 500.0000
A330: 1.194 – MINHA CASA MINHA VIDA – RECONSTRUÇÃO Órgão Unidade: 0704 | B330: Recurso para reconstrução de casa perdidas na enchente. | C330: 1000 | D330: 2026 | E330: 700.0000
A334: 1.195 – UNIDADES HABITACIONAIS – MCIDADES E DEFESA CIVIL Órgão Unidade: 0704 | B334: Implantação de loteamentos habitacionais. | C334: 1000 | D334: 2026 | E334: 700.0000
A338: 1.187 – PROGRAMA A CASA É SUA - CALAMIDADE Órgão Unidade: 0704 | B338: Construção de casa e apartamentos populares para atender famílias atingidas pelas enchentes. *** Buscar RECURSO da União, Estado, Operação de Crédito ou Financiamento. . | C338: 1000 | D338: 2026 | E338: 701.1203
A342: 2.156 – FUNDO MUNICIPAL DE HABITAÇÃO DE INTERESSE SOCIAL Órgão Unidade: 0704 | B342: Manutenção da Unidade com Despesas de Custeio e Investimentos de Infraestrutura de Áreas de Interesse Social. Programa Habitacional de auxílio à Moradia. Melhorias Habitacionais em Moradias insalubres e com risco de comprometimento à habitação. Implantação de Complexos Habitacionais Populares. | C342: 295600 | D342: 2026 | E342: 759.1040
A346: 0066 – SERVIÇOS FUNERÁRIOS
A347: 1.078 – CEMITÉRIO MUNICIPAL – AMPLIAÇÃO Órgão Unidade: 0702 | B347: Despesas com Construção de Capela. Ampliação do Cemitério Municipal e Construção de Gavetas. Ampliar e conservar o Cemitério Municipal, inclusive com ajardinamento e pavimentação interna. Construção de Ossário e ou Cremação Restos Mortais. Ampliação da casa do coveiro. | C347: 500200 | D347: 2026 | E347: 500.0000
A351: 2.736 – MANUTENÇÃO DO CEMITÉRIO MUNICIPAL Órgão Unidade: 0702 | B351: Despesas com Material de Consumo, Outras Despesas correntes, Equipamentos e Material Permanente. Construção de Capela. Ampliação do Cemitério Municipal e Construção de Gavetas. Ampliar e conservar o Cemitério Municipal, inclusive com ajardinamento e pavimentação interna. Construção de Ossário e ou Cremação Restos Mortais. Ampliação da casa do coveiro. | C351: 85030 | D351: 2026 | E351: 500.0000
B356: Total Ano 2026 | C356: =SUM(C7,C12,C16,C20,C24,C28,C32,C37,C41,C46,C50,C54,C59,C63,C67,C71,C75,C79,C83,C87,C91,C95,C99,C103,C107,C111,C115,C119,C123,C127,C135,C144,C148,C152,C157,C161,C165,C169,C173,C177,C181,C185,C189,C193,C197,C201,C205,C209,C213,C217,C221,C226,C230,C234,C238,C242,C246,C250,C254,C258,C262,C266,C270,C274,C278,C282,C286,C290,C295,C299,C304,C308,C313,C318,C322,C326,C330,C334,C338,C342,C347,C351,C139,C131) -> 16345260

Sheet SAÚDE
A1: PREFEITURA MUNICIPAL DE CAMPO BOM - RS
A2: LDO 2026
A3: 08 – SECRETARIA MUNICIPAL DE SAÚDE
A5: PROGRAMA | B5: AÇÃO | C5: VALOR/ CUSTO | D5: ANO DE EXECUÇÃO | E5: RECURSO
A6: 0004 – SUPERVISÃO E COORDENAÇÃO ADMINISTRATIVA
A7: 2.537 – SECRETARIA DE SAÚDE Órgão Unidade: 0801 | B7: Despesas de Pessoal, Obrigações Patronais, Diárias, Material de Consumo, Outras Despesas Correntes, Sentenças Judiciais, Atendimento a Demandas Judicias, Equipamentos e Material Permanente. Conjunto de ações desenvolvidas visando participação, coordenação no acompanhamento das execuções financeiras e físicas das Ações de Saúde Pública no Município. Implantação e manutenção do Centro de Aperfeiçoamento Profissional e de Recapacitação Profissional para os Serviços Públicos Municipais. Assessoria técnica hospitalar, assessoria em saúde, assessoria de regulação e auditoria, núcleo municipal de educação em saúde coletiva, conselho municipal de saúde, junta administrativa de recursos por infrações sanitárias e coordenadoria geral. | C7: 2742640 | D7: 2026 | E7: 500.1002
A11: 2.540 – DIRETORIA ADMINISTRATIVA E FINANCEIRA Órgão Unidade: 0801 | B11: Despesas de Pessoal, Obrigações Patronais, Diárias, Material de Consumo, Outras Despesas Correntes, Equipamentos e Material Permanente. Seção de controle de pessoal, finanças, patrimônio e conservação, captação de recursos, controle e fiscalização dos contratos, compras, materiais e medicamentos, informação de saúde, marcação de consultas e exames. | C11: 1345800 | D11: 2026 | E11: 500.1002
A15: 2.541 – DIRETORIA DE ATENÇÃO BÁSICA Órgão Unidade: 0801 | B15: Despesas de Pessoal, Obrigações Patronais, Diárias, Material de Consumo, Outras Despesas Correntes, Equipamentos e Material Permanente. Divisão de vigilância em saúde, atenção básica, atenção às urgências, saúde bucal, assistência farmacêutica. | C15: 1725300 | D15: 2026 | E15: 500.1002
A19: 2.603 – FUNDO MUNICIPAL DE SAÚDE Órgão Unidade: 0801 | B19: Despesa com Material de Consumo, Outras Despesas Correntes. | C19: 9800 | D19: 2026 | E19: 759.1137
A23: 2.386 – AQUISIÇÃO BENS MÓVEIS E IMÓVEIS – LEILÃO Órgão Unidade: 0802 | B23: Aquisição de bens móveis com recurso da venda de sucatas em leilão, e venda de terrenos em Leilão. | C23: 30 | D23: 2026 | E23: 755.0000
A27: 1.178 – REFORMA DO PROTOCOLO - CENTRO ADMINISTRATIVO Órgão Unidade: 0801 | B27: Reforma do saguão do protocolo. | C27: 225000 | D27: 2026 | E27: 500.1002
A31: 0013 – ASSISTÊNCIA FINANCEIRA
A32: 2.298 – AUXÍLIO À ENTIDADES – APAE, LIGA FEMININA E DEMAIS Órgão Unidade: 0802 | B32: Despesa com auxílio a entidades (Subvenções Sociais) e Contribuições. APAE, Liga Feminina de Combate ao Câncer e demais entidades. | C32: 700010 | D32: 2026 | E32: 500.1002
A36: 0031 - PREVIDÊNCIA SOCIAL A SERVIDOR DO MUNICÍPIO PELO REGIME GERAL
A37: 2.537 – SECRETARIA DE SAÚDE Órgão Unidade: 0801 | B37: Despesas com obrigações patronais do INSS e FGTS. | C37: 50000 | D37: 2026 | E37: 500.1002
A41: 2.540 – DIRETORIA ADMINISTRATIVA E FINANCEIRA Órgão Unidade: 0801 | B41: Despesas com obrigações patronais do INSS e FGTS. | C41: 90000 | D41: 2026 | E41: 500.1002
A45: 2.541 – DIRETORIA DE ATENÇÃO BÁSICA Órgão Unidade: 0801 | B45: Despesas com obrigações patronais do INSS e FGTS. | C45: 100000 | D45: 2026 | E45: 500.1002
A49: 2.170 – ATENÇÃO BÁSICA – ASPS Órgão Unidade: 0802 | B49: Despesas com obrigações patronais do INSS e FGTS. | C49: 680000 | D49: 2026 | E49: 500.1002
A53: 2.187 – PROGRAMA SAÚDE DA FAMÍLIA – PSF – UNIÃO Órgão Unidade: 0802 | B53: Despesas com obrigações patronais do INSS e FGTS. | C53: 160000 | D53: 2026 | E53: 600.4500
A57: 2.168 – PROGRAMA SAÚDE DA FAMÍLIA – PSF – ASPS Órgão Unidade: 0802 | B57: Despesas com obrigações patronais do INSS e FGTS. | C57: 220000 | D57: 2026 | E57: 500.1002
A61: 2.185 – PROGRAMA AGENTES COMUNITÁRIOS DE SAÚDE – PACS Órgão Unidade: 0802 | B61: Despesas com obrigações patronais do INSS e FGTS. | C61: 260000 | D61: 2026 | E61: 604.4500
A65: 2.430 – PROGRAMA AGENTES COMUNITÁRIOS DE SAÚDE – PACS Órgão Unidade: 0802 | B65: Despesas com obrigações patronais do INSS e FGTS. | C65: 120000 | D65: 2026 | E65: 500.1002
A69: 2.668 – PIAPS – SOCIODEMOGRÁFICO Órgão Unidade: 0802 | B69: Despesas com obrigações patronais do INSS e FGTS. | C69: 10000 | D69: 2026 | E69: 621.4011
A73: 2.669 – PIAPS – INCENTIVO A APS - EQUIPES Órgão Unidade: 0802 | B73: Despesas com obrigações patronais do INSS e FGTS. | C73: 45000 | D73: 2026 | E73: 621.4090
A77: 2.681 – MANUTENÇÃO DA ATENÇÃO BÁSICA Órgão Unidade: 0802 | B77: Despesas com obrigações patronais do INSS e FGTS. | C77: 100 | D77: 2026 | E77: 600.4500
A81: 2.099 – PRIMEIRA INFÂNCIA MELHOR – PIM Órgão Unidade: 0802 | B81: Despesas com obrigações patronais do INSS e FGTS. | C81: 10 | D81: 2026 | E81: 621.4160
... A145: 2.703 – PROGRAMA INVERNO GAÚCHO Órgão Unidade: 0802 | B145: Despesas com obrigações patronais do INSS e FGTS. | C145: 5000 | D145: 2026 | E145: 621.0000
A149: 0032 - PREVIDÊNCIA SOCIAL A SERVIDORES ATIVOS, INATIVOS E PENSIONISTAS VINCULADOS AO REGIME PRÓPRIO
A150: 2.537 – SECRETARIA DE SAÚDE Órgão Unidade: 0801 | B150: Despesas com obrigações patronais do IPASEM. | C150: 90000 | D150: 2026 | E150: 500.1002
A154: 2.540 – DIRETORIA ADMINISTRATIVA E FINANCEIRA Órgão Unidade: 0801 | B154: Despesas com obrigações patronais do IPASEM. | C154: 145000 | D154: 2026 | E154: 500.1002
A158: 2.541 – DIRETORIA DE ATENÇÃO BÁSICA Órgão Unidade: 0801 | B158: Despesas com obrigações patronais do IPASEM. | C158: 195000 | D158: 2026 | E158: 500.1002
A162: 2.170 – MANUTENÇÃO DA ATENÇÃO BÁSICA – ASPS Órgão Unidade: 0802 | B162: Despesas com obrigações patronais do IPASEM. | C162: 1350000 | D162: 2026 | E162: 500.1002
A166: 2.187 – PROGRAMA SAÚDE DA FAMÍLIA – PSF – UNIÃO Órgão Unidade: 0802 | B166: Despesas com obrigações patronais do IPASEM. | C166: 170000 | D166: 2026 | E166: 600.4500
A170: 2.168 – PROGRAMA SAÚDE DA FAMÍLIA – PSF – ASPS Órgão Unidade: 0802 | B170: Despesas com obrigações patronais do IPASEM. | C170: 1350000 | D170: 2026 | E170: 500.1002
A174: 2.185 – PROGRAMA AGENTES COMUNITÁRIOS DE SAÚDE – PACS Órgão Unidade: 0802 | B174: Despesas com obrigações patronais do IPASEM. | C174: 135000 | D174: 2026 | E174: 604.4500
A178: 2.430 – PROGRAMA AGENTES COMUNITÁRIOS DE SAÚDE – PACS Órgão Unidade: 0802 | B178: Despesas com obrigações patronais do IPASEM. | C178: 150000 | D178: 2026 | E178: 500.1002
A182: 2.668 – PIAPS – SOCIODEMOGRÁFICO Órgão Unidade: 0802 | B182: Despesas com obrigações patronais do IPASEM. | C182: 10000 | D182: 2026 | E182: 621.4011
A186: 2.669 – PIAPS – INCENTIVO A APS - EQUIPES Órgão Unidade: 0802 | B186: Despesas com obrigações patronais do IPASEM. | C186: 160000 | D186: 2026 | E186: 621.4090
A190: 2.681 – MANUTENÇÃO DA ATENÇÃO BÁSICA Órgão Unidade: 0802 | B190: Despesas com obrigações patronais do IPASEM. | C190: 100 | D190: 2026 | E190: 600.4500
A194: 2.099 – PRIMEIRA INFÂNCIA MELHOR – PIM Órgão Unidade: 0802 | B194: Despesas com obrigações patronais do IPASEM. | C194: 10 | D194: 2026 | E194: 621.4160
... A258: 2.703 – PROGRAMA INVERNO GAÚCHO Órgão Unidade: 0802 | B258: Despesas com obrigações patronais do IPASEM. | C258: 5000 | D258: 2026 | E258: 621.0000
A262: 0035 – PRODUÇÃO, CONTROLE E DISTRIBUIÇÃO DE MEDICAMENTOS
A263: 2.164 – ASSISTÊNCIA FARMACÊUTICA Órgão Unidade: 0807 | B263: Manutenção da farmácia básica com despesas de Pessoal, Obrigações Patronais, Diárias, Material de Consumo, Outras Despesas Correntes, Equipamentos e Material Permanente. Farmácia Básica Municipal e Farmácia Satélites. | C263: 1582930 | D263: 2026 | E263: 500.1002
A267: 2.178 – ASSISTÊNCIA FARMACÊUTICA – UNIÃO Órgão Unidade: 0807 | B267: Despesas com Material de Consumo, Equipamentos e Material Permanente.. | C267: 441000 | D267: 2026 | E267: 600.4503
A271: 2.179 – ASSISTÊNCIA FARMACÊUTICA – ESTADO Órgão Unidade: 0807 | B271: Despesas com Material de Consumo, Equipamentos e Material Permanente.. | C271: 173500 | D271: 2026 | E271: 621.4050
A275: 1.214 - AQUISIÇÃO EQUIPAMENTOS CONSERVAÇÃO DE MEDICAMENTOS Órgão Unidade: 0807 | B275: Projeto conservação de medicamentos. Aquisição de novas geladeiras para guarda e manutenção de medicamentos que necessitam de resfriamento, e adequação de sala única em um local que possui gerador de energia próprio. | C275: 200 | D275: 2026 | E275: 500.1002
A279: 0036 – NORMATIZAÇÃO, CONTROLE, FISCALIZAÇÃO DA VIGILÂNCIA EM SAÚDE
A280: 2.181 – VIGILÂNCIA SANITÁRIA Órgão Unidade: 0805 | B280: Despesa com Pessoal, Material de Consumo, Outras Despesas Correntes, Equipamento e Material Permanente. Junta Administrativa de defesa das autuações por infrações sanitárias. | C280: 45180 | D280: 2026 | E280: 600.4502
A284: 2.747 – VIGILÂNCIA SANITÁRIA Órgão Unidade: 0805 | B284: Despesa com Pessoal, Material de Consumo, Outras Despesas Correntes, Equipamento e Material Permanente. Junta Administrativa de defesa das autuações por infrações sanitárias. | C284: 481400 | D284: 2026 | E284: 500.1002
A288: 2.169 – VIGILÂNCIA EPIDEMIOLÓGICA – AIDS E OUTRAS DSTS Órgão Unidade: 0805 | B288: Despesas com Pessoal, Obrigações Patronais, Diárias, Material de Consumo, Outras Despesas Correntes, Equipamentos e Material Permanente. Manutenção Programa HIV / AIDS e Outras DST - União. Implantação e manutenção do SAE (Serviço de Atendimento Especializado). Manutenção da Campanha de Vacinação. Desenvolver ações do Programa da Dengue. Aquisição de Equipamentos para Rede de Frio para novas UBS e reposição para as já existentes. | C288: 121060 | D288: 2026 | E288: 600.4502
A292: 2.183 – VIGILÂNCIA EM SAÚDE – UNIÃO Órgão Unidade: 0805 | B292: Despesa com Pessoal e Obrigações Patronais, Material de Consumo, Outras Despesas Correntes, Equipamento e Material Permanente. | C292: 182930 | D292: 2026 | E292: 600.4502
A296: 2.175 – VIGILÂNCIA EM SAÚDE Órgão Unidade: 0805 | B296: Despesa com Pessoal e Obrigações Patronais, Material de Consumo, Outras Despesas Correntes, Equipamento e Material Permanente. | C296: 830080 | D296: 2026 | E296: 500.1002
A300: 2.728 – AGENTE DE COMBATE ÀS ENDEMIAS Órgão Unidade: 0805 | B300: Despesa com Pessoal e Obrigações Patronais. | C300: 335000 | D300: 2026 | E300: 604.4502
A304: 2.716 – VIGILÂNCIA EM SAÚDE- UNIÃO- MP 1.218-24-CALAMIDADE PUBLICA Órgão Unidade: 0805 | B304: Reestruturação das Centrais Rede Frio. | C304: 50 | D304: 2026 | E304: 604.4502
A308: 0105 – SERVIÇO DA DÍVIDA INTERNA
A309: 2.166 – DÍVIDA INTERNA Órgão Unidade: 0802 | B309: Atendimento às despesas de amortização da Dívida Fundada do Município junto ao IPASEM. Despesas com Contribuição Adicional Mensal com o IPASEM. | C309: 750000 | D309: 2026 | E309: 500.0000
A313: 0107 – ASSISTÊNCIA MÉDICA A POPULAÇÃO – ATENÇÃO BÁSICA
A314: 2.699 – PROGRAMA PRECEPTORIA EM INTERNATO E RESIDÊNCIA MÉDICA LEI MUNIC. 5.369/2023 Órgão Unidade: 0802 | B314: Remuneração por meio de Bolsa de Contribuição Científica aos médicos preceptores dos alunos do internato e da residência médica. Lei Municipal nº 5.369, de 07 de fevereiro de 2023. | C314: 150600 | D314: 2026 | E314: 636.1170
A318: 2.170 – MANUTENÇÃO DA ATENÇÃO BÁSICA – ASPS Órgão Unidade: 0802 | B318: Despesa com Pessoal e Obrigações Patronais, Material de Consumo, Outras Despesas Correntes, Sentenças Judiciais, Atendimento a Demandas Judicias, Equipamento e Material Permanente. Aquisição de Mobiliários. Melhorias nas UBS's e Secretaria de Saúde. Troca de Mobiliário. Reformas e ampliação de Unidades Básicas de Saúde. Aquisição de equipamentos e material permanente. Facilitar e ampliar o acesso da população Masculina aos Serviços de Saúde. Preservação da Saúde do Homem e mulher. As ações na área são voltadas à formulação de políticas de proteção à saúde, visando à redução e eliminação do adoecimento e morte resultantes das condições, dos processos e dos ambientes de trabalho, bem como o aprimoramento da assistência à saúde dos trabalhadores. Gestão SUS. Manutenção do Hospital. | C318: 17964500 | D318: 2026 | E318: 500.1002
A322: 2.187 – PROGRAMA SAÚDE DA FAMÍLIA – PSF – UNIÃO Órgão Unidade: 0802 | B322: Despesa com Pessoal e Obrigações Patronais, Material de Consumo, Outras Despesas Correntes, Equipamento e Material Permanente. Ampliar cobertura de PSF para 80%. Manutenção da Estratégia de Saúde da Família. | C322: 3470000 | D322: 2026 | E322: 600.4500
A326: 2.168 – PROGRAMA SAÚDE DA FAMÍLIA – PSF – ASPS Órgão Unidade: 0802 | B326: Despesa com Pessoal e Obrigações Patronais, Material de Consumo, Outras Despesas Correntes, Equipamento e Material Permanente. Ampliar cobertura de PSF para 80%. Manutenção da Estratégia de Saúde da Família. | C326: 6044200 | D326: 2026 | E326: 500.1002
A330: 2.185 – PROGRAMA AGENTES COMUNITÁRIOS DE SAÚDE – PACS Órgão Unidade: 0802 | B330: Despesa com Pessoal e Obrigações Patronais, Material de Consumo, Outras Despesas Correntes, Equipamento e Material Permanente. Ampliar cobertura para 75% do PACS, de acordo com Estratégia da Saúde da Família. | C330: 2628500 | D330: 2026 | E330: 604.4500
A334: 2.430 – PROGRAMA AGENTES COMUNITÁRIOS DE SAÚDE – PACS Órgão Unidade: 0802 | B334: Despesa com Pessoal e Obrigações Patronais, Material de Consumo, Outras Despesas Correntes, Equipamento e Material Permanente. Ampliar cobertura para 75% do PACS, de acordo com Estratégia da Saúde da Família. | C334: 1195300 | D334: 2026 | E334: 500.1002
A338: 2.668 – PIAPS – SOCIODEMOGRÁFICO Órgão Unidade: 0802 | B338: Despesa com Pessoal e Obrigações Patronais, Material de Consumo, Outras Despesas Correntes, Equipamento e Material Permanente. | C338: 634000 | D338: 2026 | E338: 621.4011
A342: 2.669 – PIAPS – INCENTIVO A APS - EQUIPES Órgão Unidade: 0802 | B342: Despesa com Pessoal e Obrigações Patronais, Material de Consumo, Outras Despesas Correntes, Equipamento e Material Permanente. | C342: 710000 | D342: 2026 | E342: 621.4090
A346: 2.681 – MANUTENÇÃO DA ATENÇÃO BÁSICA Órgão Unidade: 0802 | B346: Despesa com Pessoal e Obrigações Patronais, Material de Consumo, Outras Despesas Correntes, Equipamento e Material Permanente. Aplicação dos recursos repassados pela União, em despesas de custeio e capital definidos para a gestão da Atenção Básica e coerente com as diretrizes do Plano Municipal de Saúde. Núcleo de Apoio a Saúde da Família. Atenção Básica - APS por Desempenho. Gestão SUS. Implantação de ações e serviços de saúde. Programa de financiamento das ações de alimentação e nutrição. | C346: 966750 | D346: 2026 | E346: 600.4500
A350: 1.131 – IMPLANTAÇÃO E CONSTRUÇÃO DE UBS E ACADEMIAS DE SAÚDE Órgão Unidade: 0802 | B350: Despesas com material de consumo, outras despesas correntes, equipamentos e material permanente, obras e aquisição de imóveis. Construção, ampliação e reformas de Academias de Saúde e Unidades Básicas de Saúde. Emendas estadual e federal. *** Buscar RECURSO da União, Estado, Operação de Crédito ou Financiamento. | C350: 350020 | D350: 2026 | E350: 500.1002
A354: 1.188– PAC – ESTRUTURAÇÃO UBS – MORADA DO SOL Órgão Unidade: 0802 | B354: Construção da Unidade Básica de Saúde do Bairro Morada do Sol. | C354: 201000 | D354: 2026 | E354: 500.1002 631.0000
A358: 2.171 – DEMANDAS JUDICIAIS Órgão Unidade: 0802 | B358: Despesas com demandas judiciais, referente custos de medicamentos e internações. | C358: 950000 | D358: 2026 | E358: 500.1002
... A434: 2.703 – PROGRAMA INVERNO GAÚCHO Órgão Unidade: 0802 | B434: Despesa com Pessoal e Obrigações Patronais, Material de Consumo, Outras Despesas Correntes, Equipamento e Material Permanente. | C434: 82500 | D434: 2026 | E434: 621.4011
A438: 0112 – AÇÃO JUDICIÁRIA
A439: 2.013 – SENTENÇAS JUDICIAIS Órgão Unidade: 0801 | B439: Despesas com pagamento de Precatórios Jurídicos, transitados em julgado.ambiental e trânsito e assessoria logística.. | C439: 300 | D439: 2026 | E439: 500.1002
A443: 0114 – ASSISTÊNCIA HOSPITALAR AMBULATORIAL – ATENÇÃO ESPECIALIZADA
A444: 2.197 – ASSISTÊNCIA MÉDIA E ALTA COMPLEXIDADE Órgão Unidade: 0803 | B444: Despesa com Material de Consumo, Outras Despesas Correntes, Equipamento e Material Permanente, obras e instalações. Aplicação dos recursos repassados pelo União, teto financeiro média e alta complexidade. Repasse Incentivo de Metas para o Hospital Dr. Lauro Réus. | C444: 12667950 | D444: 2026 | E444: 600.4501
A448: 2.177 – SERVIÇOS DE ODONTOLOGIA Órgão Unidade: 0803 | B448: Despesa com serviços e Outras Despesas Correntes. Aplicação dos recursos repassados pelo União, teto financeiro média e alta complexidade. | C448: 100 | D448: 2026 | E448: 600.4501
A452: 2.198 – SERVIÇOS DE NEFROLOGIA Órgão Unidade: 0803 | B452: Despesa com serviços e Outras Despesas Correntes. Aplicação dos recursos repassados pelo União, teto financeiro média e alta complexidade. | C452: 6553000 | D452: 2026 | E452: 600.4501
A456: 2.276 – SERVIÇOS DE AIH TRANSPLANTE Órgão Unidade: 0803 | B456: Despesa com serviços e Outras Despesas Correntes. Aplicação dos recursos repassados pelo União, teto financeiro média e alta complexidade. | C456: 200 | D456: 2026 | E456: 600.4501
A460: 2.435 – SERVIÇOS DE CIRURGIAS ELETIVAS Órgão Unidade: 0803 | B460: Despesa com serviços e Outras Despesas Correntes. Aplicação dos recursos repassados pelo União, teto financeiro média e alta complexidade. | C460: 307700 | D460: 2026 | E460: 600.4501
A464: 2.546 – SERVIÇOS REDE CEGONHA Órgão Unidade: 0803 | B464: Despesa com serviços e Outras Despesas Correntes. Aplicação dos recursos repassados pelo União, teto financeiro média e alta complexidade. | C464: 4200 | D464: 2026 | E464: 600.4501
A468: 2.602 – SERVIÇOS DE MAMOGRAFIA Órgão Unidade: 0803 | B468: Despesa com serviços e Outras Despesas Correntes. Aplicação dos recursos repassados pelo União, teto financeiro média e alta complexidade. | C468: 4500 | D468: 2026 | E468: 600.4501
A472: 2.470 – SERVIÇOS DE ANGIOLOGIA Órgão Unidade: 0803 | B472: Despesa com serviços e Outras Despesas Correntes. Aplicação dos recursos repassados pelo União, teto financeiro média e alta complexidade. | C472: 97000 | D472: 2026 | E472: 600.4501
A476: 1.023 – IMPLANTAÇÃO, AMPLIAÇÃO E REFORMAS – HOSPITAL Órgão Unidade: 0803 | B476: Despesas com material de consumo, outras despesas correntes, equipamentos e material permanente, obras e aquisição de imóveis. Construção, ampliação e reformas de Unidades Especializadas de Saúde. Emendas estadual e federal. Tornar o Hospital de Campo Bom centro de referência em traumatologia, e oftalmologia. Aquisição de equipamentos de colonoscopia e endoscopia. Implantação de espaço adequado e aquisição de equipamentos de ressonância magnética para Hospital. Equipamento da lavandeira do Hospital. Reforma do bloco cirúrgico. Implantação de um espaço para atendimento a saúde mental no hospital. Reforma ambulatório e aquisição UTI móvel. *** Buscar RECURSO da União, Estado, Operação de Crédito ou Financiamento. | C476: 6100010 | D476: 2026 | E476: 500.1002 631.0000 632.0000
A480: 2.098 – MANUTENÇÃO DA ATENÇÃO ESPECIALIZADA Órgão Unidade: 0803 | B480: Despesa com Material de Consumo, Outras Despesas Correntes, Equipamento e Material Permanente. Manutenção Hospital. Práticas Integrativas, Implementação de práticas alternativas com utilização de ervas medicinais. Implementação de mutirão eletivo para a realização de exames, consultas, cirurgias, em atendimento as demandas. Ampliar e Reformar o espaço físico do Hospital Lauro Réus. Fachada e sala de espera. Reforma emergência do Hospital. Aplicação dos recursos repassados pelo União, teto financeiro média e alta complexidade. Repasse Incentivo de Metas para o Hospital Dr. Lauro Réus. UTI Tipo 2. *** Buscar RECURSO da União, Estado, Operação de Crédito ou Financiamento. | C480: 26700040 | D480: 2026 | E480: 500.1002
A484: 2.667 – PROGRAMA ASSISTIR – REDE HOSPITALAR Órgão Unidade: 0803 | B484: Aplicação dos recursos repassados pelo União, teto financeiro média e alta complexidade. | C484: 6040000 | D484: 2026 | E484: 621.4230
A488: 2.692 – ESTRUTURAÇÃO REDE DE ATENÇÃO ESPECIALIZADA Órgão Unidade: 0803 | B488: Despesa com material, outras despesas correntes, equipamentos e obras e instalações. | C488: 400 | D488: 2026 | E488: 601.4506
... A540: 1.237 – PAC – CONSTRUÇÃO CAPS Órgão Unidade: 0803 | B540: Construção do novo CAPS. *** Buscar RECURSO da União, Estado, Operação de Crédito ou Financiamento. | C540: 2593100 | D540: 2026 | E540: 631.0000
A544: 0122 – VIGILÂNCIA AMBIENTAL
A545: 2.076 – PREVENÇÃO DA DENGUE Órgão Unidade: 0805 | B545: Despesa com Material de Consumo, Outras Despesas Correntes, Equipamento e Material Permanente. Prevenção da dengue. Desenvolver ações do programa da dengue. | C545: 8040 | D545: 2026 | E545: 500.1002 621.4190
A549: 0123 – POLÍTICA DE ATENÇÃO INTEGRAL À SAÚDE DA CRIANÇA
A550: 2.099 – PRIMEIRA INFÂNCIA MELHOR – PIM Órgão Unidade: 0802 | B550: Promoção de desenvolvimento integral na Primeira Infância. Despesas com pessoal e material de consumo. O objetivo é promover o aleitamento materno e a saúde da criança a partir da gestação até os nove anos de vida, com especial atenção à primeira infância (zero a cinco anos) e às populações de maior vulnerabilidade. | C550: 80980 | D550: 2026 | E550: 621.4160
B555: Total Ano 2026 | C555: =SUM(C7:C30,C32,C37:C148,C150:C261,C263:C278,C280:C307,C309,C314:C437,C439,C444:C543,C545,C550) -> 130321600

Sheet OBRAS
A1: PREFEITURA MUNICIPAL DE CAMPO BOM - RS
A2: LDO 2026
A3: 09 – SECRETARIA MUNICIPAL DE OBRAS, PLANEJAMENTO E SERVIÇOS URBANOS
A5: PROGRAMA | B5: AÇÃO | C5: VALOR/ CUSTO | D5: ANO DE EXECUÇÃO | E5: RECURSO
A6: 0004 – SUPERVISÃO E COORDENAÇÃO ADMINISTRATIVA
A7: 2.202 – SECRETARIA DE OBRAS Órgão Unidade: 0901 | B7: Despesas com Pessoal Civil e Obrigações Patronais, Material de Consumo, Outras Despesas Correntes, Equipamentos e Materiais Permanente. Relocalização das instalações da Secretaria de Obras. Reequipamento da frota de veículos e máquinas Rodoviárias, prevendo melhoramento nos serviços. Serviço de oficina e borracharia. Seção Administrativa, Conselho Municipal do Plano Diretor, Junta Administrativa de Recursos de Infrações Edifícios e Imobiliárias. | C7: 3211010 | D7: 2026 | E7: 500.0000
A11: 2.522 – DIVISÃO DE SERVIÇOS URBANOS Órgão Unidade: 0902 | B11: Despesas com Pessoal e outras despesas corrente. Seção de Transporte e serviços. | C11: 4930310 | D11: 2026 | E11: 500.0000
A15: 2.523 – DIVISÃO DE ENGENHARIA E OBRAS Órgão Unidade: 0903 | B15: Despesas com Pessoal e outras despesas corrente. Seção de Engenharia, obras e construção civil, fiscalização de obras e contratos. | C15: 565400 | D15: 2026 | E15: 500.0000
A19: 2.232 – DIVISÃO DE PLANEJAMENTO Órgão Unidade: 0904 | B19: Despesas com Pessoal Civil e Obrigações Patronais, Material de Consumo, Outras Despesas Correntes, Equipamentos e Materiais Permanente. Seção de projetos, planejamento urbano e levantamento topográfico. | C19: 1419140 | D19: 2026 | E19: 500.0000
A23: 1.208 – IMPLANT. SEC. OBRAS, ALMOX. CENTRAL, EDUCAÇÃO E SAÚDE Órgão Unidade: 0901 | B23: Implantação da secretaria de obras, almoxarifado central, educação e saúde. | C23: 6000200 | D23: 2026 | E23: 500.0000
A27: 0008 – SERVIÇOS DE TRÂNSITO
A28: 2.565 – FISCALIZAÇÃO, OPERAÇÃO DE TRÂNSITO E SINALIZAÇÃO VIÁRIA Órgão Unidade: 0902 | B28: Projeto de Engenharia de Tráfego. Conjunto de ações que visam ao gerenciamento, à fiscalização, ao controle e à execução de atividades relacionadas ao trânsito. Reequipamento do Setor. Aquisição de Veículos, Motos, Radares, Laser e outros. Defesa Civil, Trânsito, Central de Monitoramento. Manutenção da sinalização viária. Aquisição de Semáforos e sinalização viária, horizontal e vertical. Identificação com placas identificativas. *** Buscar RECURSO da União, Estado, Operação de Crédito ou Financiamento. | C28: 1000320 | D28: 2026 | E28: 500.0000
A32: 0031 - PREVIDÊNCIA SOCIAL A SERVIDOR DO MUNICÍPIO PELO REGIME GERAL
A33: 2.202 – SECRETARIA DE OBRAS Órgão Unidade: 0901 | B33: Despesas com obrigações patronais do INSS e FGTS. | C33: 75000 | D33: 2026 | E33: 500.0000
A37: 2.522 – DIVISÃO DE SERVIÇOS URBANOS Órgão Unidade: 0902 | B37: Despesas com obrigações patronais do INSS e FGTS. | C37: 70000 | D37: 2026 | E37: 500.0000
A41: 2.523 – DIVISÃO DE ENGENHARIA E OBRAS Órgão Unidade: 0903 | B41: Despesas com obrigações patronais do INSS e FGTS. | C41: 15000 | D41: 2026 | E41: 500.0000
A45: 2.232 – DIVISÃO DE PLANEJAMENTO Órgão Unidade: 0904 | B45: Despesas com obrigações patronais do INSS e FGTS. | C45: 125000 | D45: 2026 | E45: 500.0000
A49: 0032 - PREVIDÊNCIA SOCIAL A SERVIDORES ATIVOS, INATIVOS E PENSIONISTAS VINCULADOS AO REGIME PRÓPRIO
A50: 2.202 – SECRETARIA DE OBRAS Órgão Unidade: 0901 | B50: Despesas com obrigações patronais do IPASEM. | C50: 90000 | D50: 2026 | E50: 500.0000
A54: 2.522 – DIVISÃO DE SERVIÇOS URBANOS Órgão Unidade: 0902 | B54: Despesas com obrigações patronais do IPASEM. | C54: 710000 | D54: 2026 | E54: 500.0000
A58: 2.523 – DIVISÃO DE ENGENHARIA E OBRAS Órgão Unidade: 0903 | B58: Despesas com obrigações patronais do IPASEM. | C58: 130000 | D58: 2026 | E58: 500.0000
A62: 2.232 – DIVISÃO DE PLANEJAMENTO Órgão Unidade: 0904 | B62: Despesas com obrigações patronais do IPASEM. | C62: 100000 | D62: 2026 | E62: 500.0000
A66: 0057 – PLANEJAMENTO URBANO
A67: 1.036 – PLANO DIRETOR – PLANEJAMENTO URBANO Órgão Unidade: 0904 | B67: Aquisição de Imóveis visando a aplicação do Plano Diretor do Município. | C67: 100 | D67: 2026 | E67: 500.0000 501.0000
A71: 2.387 – AQUISIÇÃO DE BENS MÓVEIS E IMÓVEIS – LEILÃO Órgão Unidade: 0904 | B71: Aquisição de bens móveis com recurso da venda de sucatas em leilão, e venda de terrenos em Leilão. | C71: 200 | D71: 2026 | E71: 755.0000
A75: 0058 – MELHORAMENTO DA INFRAESTRUTURA URBANA
A76: 2.213 – INFRAESTRUTURA URBANA – FEP Órgão Unidade: 0903 | B76: Aplicação dos recursos recebidos da União, através da cota-parte Fundo Especial Petróleo - FEP. Despesas com Material de Consumo e com Investimentos (Obras e Instalações). | C76: 1700000 | D76: 2026 | E76: 704.1052
A80: 2.725 – INFRAESTRUTURA URBANA – ROYALTIES GÁS Órgão Unidade: 0903 | B80: Aplicação dos recursos recebidos da União, através da cota-parte Fundo Especial Petróleo - FEP. Despesas com Material de Consumo e com Investimentos (Obras e Instalações). | C80: 4570000 | D80: 2026 | E80: 704.1194
A84: 1.223 – PAC - CONTENÇÃO ALAGAMENTO Órgão Unidade: 0903 | B84: Implantação de contenções para evitar alagamentos em diversos pontos da cidade. | C84: 7150000 | D84: 2026 | E84: 749.1205
A88: 2.214 – INFRAESTRUTURA URBANA - RECURSOS MINERAIS Órgão Unidade: 0903 | B88: Aplicação dos recursos recebidos da União, através Exploração de Recursos Minerais com Material de Consumo, Outras Despesas Correntes e em Investimentos (Obras e Instalações).. | C88: 196000 | D88: 2026 | E88: 708.1050
A92: 1.232 – PAVIMENTAÇÃO DE TRECHO DA ESTRADA RURAL Órgão Unidade: 0903 | B92: Pavimentação da estrada Ernesto Schirmer, na Vila Brito, trecho de cerca de 500 metros. *** Buscar RECURSO da União, Estado, Operação de Crédito ou Financiamento. | C92: 100 | D92: 2026 | E92: 500.0000
A96: 0060 – ABASTECIMENTO DE ÁGUA
A97: 2.723 – MANUTENÇÃO DO SISTEMA DE ABASTECIMENTO DE ÁGUA Órgão Unidade: 0902 | B97: Manutenção da rede de abastecimento de água na comunidade com abertura de poços e reservatórios. Serviços de Abastecimento de Água. *** Buscar RECURSO da União, Estado, Operação de Crédito ou Financiamento. | C97: 85020 | D97: 2026 | E97: 500.0000
A101: 1.077 – IMPLANTAÇÃO DO SISTEMA DE ABASTECIMENTO DE ÁGUA Órgão Unidade: 0903 | B101: Ampliar a rede de abastecimento de água na comunidade com abertura de poços e reservatórios. Serviços de Abastecimento de Água. *** Buscar RECURSO da União, Estado, Operação de Crédito ou Financiamento.. | C101: 500 | D101: 2026 | E101: 500.0000
A105: 0061 – SANEAMENTO GERAL
A106: 2.738 – MANUTENÇÃO DA MACRO E MICRODRENAGEM E GALERIAS PLUVIAIS Órgão Unidade: 0902 | B106: Despesas Material de Consumo e Outras Despesas Correntes. Conservar e manter a limpeza de valos e arroios. Buscar melhorar escoamento das águas, diminuindo os alagamentos. Contenção de alagamentos em diversos bairros. *** Buscar RECURSO da União, Estado, Operação de Crédito ou Financiamento. | C106: 140020 | D106: 2026 | E106: 500.0000
A110: 1.083 – IMPLANTAÇÃO DA MACRO E MICRODRENAGEM Órgão Unidade: 0903 | B110: Despesas Material de Consumo e Outras Despesas Correntes. Implantação de módulos pré-moldados para escoamento de pluvial e esgoto. Implantar, conservar e manter a limpeza de valos e arroios. Buscar melhorar escoamento das águas, diminuindo os alagamentos. Implantação de muro de contenção para evitar alagamentos próximo ao Arroio Peri. Implantação de rede de escoamento de águas pluviais, galerias e bueiros nas vias da Cohab Sul, Vila Reichert, Aniger, Vila Velha, Vila Nova-Cooperativa, Rio Branco. Contenção de alagamentos em diversos bairros. *** Buscar RECURSO da União, Estado, Operação de Crédito ou Financiamento. | C110: 500400 | D110: 2026 | E110: 500.0000
A114: 1.191 – IMPLANTAÇÃO DE GALREAIS PLUVIAIS Órgão Unidade: 0903 | B114: Despesas Material de Consumo e Outras Despesas Correntes. Implantação de módulos pré-moldados para escoamento de pluvial e esgoto. Implantar, conservar e manter a limpeza de valos e arroios. Buscar melhorar escoamento das águas, diminuindo os alagamentos. Implantação de galeria pluvial Arroio Peri no Bairro Imigrante Norte. Implantação de rede de escoamento de águas pluviais, galerias e bueiros nas vias da Cohab Sul, Vila Reichert, Aniger, Vila Velha, Vila Nova-Cooperativa, Rio Branco. Contenção de alagamentos em diversos bairros. *** Buscar RECURSO da União, Estado, Operação de Crédito ou Financiamento. | C114: 500400 | D114: 2026 | E114: 500.0000
A118: 0062 – SISTEMAS DE ESGOTO
A119: 2.216 – SISTEMA DE ESGOTO E VALOS Órgão Unidade: 0902 | B119: Despesas Material de Consumo e Outras Despesas Correntes. Investimentos na ampliação e melhorias do Sistema de Esgotamento Sanitário. Limpeza de valos, arroios e córregos. *** Buscar RECURSO da União, Estado, Operação de Crédito ou Financiamento.. | C119: 3000020 | D119: 2026 | E119: 500.0000
A123: 2.724 – FUNDO MUNICIPAL DE SANEAMENTO BÁSICO Órgão Unidade: 0902 | B123: Despesas Material de Consumo e Outras Despesas Correntes. Investimentos na ampliação e melhorias do Sistema de Esgotamento Sanitário. Limpeza de valos, arroios e córregos. *** Buscar RECURSO da União, Estado, Operação de Crédito ou Financiamento. | C123: 4300 | D123: 2026 | E123: 759.1178
A127: 0064 – LIMPEZA PÚBLICA
A128: 2.564 – LIMPEZA PÚBLICA – TERCEIRIZADA Órgão Unidade: 0902 | B128: Despesas com Decorrentes de Contratos de Terceiros, Material de Consumo, Outras Despesas Correntes, Equipamentos e Material Permanente. | C128: 5500000 | D128: 2026 | E128: 500.0000
A132: 2.217 – SERVIÇO LIMPEZA PÚBLICA E CARPINTARIA Órgão Unidade: 0902 | B132: Despesas com Decorrentes de Contratos de Terceiros, Material de Consumo, Outras Despesas Correntes, Equipamentos e Material Permanente. | C132: 270020 | D132: 2026 | E132: 500.0000
A136: 0067 – ILUMINAÇÃO PÚBLICA
A137: 2.219 – ILUMINAÇÃO PÚBLICA Órgão Unidade: 0902 | B137: Despesas com Material de Consumo, Outras Despesas Correntes, obras, Equipamentos e Material Permanente. *** Buscar RECURSO da União, Estado, Operação de Crédito ou Financiamento. | C137: 1520020 | D137: 2026 | E137: 500.0000
A141: 1.211 – MODERNIZAÇÃO ILUM. PÚBLICA LED - EFICIÊNCIA ENERGÉTICA Órgão Unidade: 0902 | B141: Alteração de parte da rede pública de energia elétrica, para rede de lâmpadas LED. Troca das lâmpadas atuais para lâmpadas de LED para redução do custo de iluminação pública, bem como o censo dos postes e o cadastramento de todos os pontos já existentes e os implementados para LED. Manter controle de todas as alterações efetuadas dentro do sistema da RGE. *** Buscar RECURSO da União, Estado, Operação de Crédito ou Financiamento. | C141: 6500000 | D141: 2026 | E141: 754.0000
A145: 2.220 – FUNDO MUNICIPAL ILUMINAÇÃO PÚBLICA – FMIP Órgão Unidade: 0902 | B145: Centralizar, fornecer e gerenciar recursos para a Iluminação Pública no Município. Despesas com Material de Consumo, Outras Despesas Correntes, obras, Equipamentos e Material Permanente. | C145: 5560000 | D145: 2026 | E145: 751.1047
A149: 1.210 - IMPLANT. CENTRO DE GERAÇÃO DE ENERGIA SOLAR Órgão Unidade: 0902 | B149: Energia foto voltaíca - Implantação de um centro de geração de energia solar na cobertura dos prédios da Secretaria de obras, para suprir o consumo de energia elétrica do centro administrativo, e de algumas escolas municipais, e piscina do CEI. *** Buscar RECURSO da União, Estado, Operação de Crédito ou Financiamento. | C149: 4000100 | D149: 2026 | E149: 500.0000
A153: 0069 – VIAS URBANAS
A154: 2.205 – CONSERVAÇÃO DE AVENIDAS E RUAS Órgão Unidade: 0902 | B154: Despesas com Material de Consumo, Outras Despesas Correntes, obras, Equipamentos e Material Permanente. Conservação e recuperação de vias urbanas. RECAPEAMENTO DA AVENIDA DOS ESTADOS. REFORMULAÇÃO DE ACESSOS, IMPLANTAR MELHORIAS NO ACESSO A AVENIDA SÃO LEOPOLDO NAS PRINCIPAIS VIAS DO BAIRRO DONA AUGUSTA E IMIGRANTE SUL. *** Buscar RECURSO da União, Estado, Operação de Crédito ou Financiamento. | C154: 1362220 | D154: 2026 | E154: 500.0000
A158: 2.599 – CONSERVAÇÃO DE CICLOVIAS E PASSEIOS PÚBLICOS Órgão Unidade: 0902 | B158: Despesas com Material de Consumo, Outras Despesas Correntes, obras, Equipamentos e Material Permanente. Reformas e conservação das existentes. Remodelação e Revitalização da Área Central da cidade e bairros. Objetivo de proporcionar melhor mobilidade urbana. Implantar acessibilidade, arborização, iluminação, bancos, embelezamento da área central, Avenida Presidente Vargas, Rua Tiradentes, Avenida Voluntários da Pátria, Rua Tamoio, Rua Lima e Silva e Rua dos Andradas. REFORMA NA CICLOVIA DA AVENIDA JOÃO PEDRO DIAS, VISANDO MELHORIA DA DRENAGEM, SEJA NO PISO E VALO LATERAL, BEM COMO ILUMINAÇÃO NO TRECHO. *** Buscar RECURSO da União, Estado, Operação de Crédito ou Financiamento. | C158: 250120 | D158: 2026 | E158: 500.0000 753.0000
A162: 2.722 – CONSERVAÇÃO DE PARADAS DE ÔNIBUS, PASSARELAS E PONTES Órgão Unidade: 0902 | B162: Despesas com Material de Consumo, Outras Despesas Correntes, obras, Equipamentos e Material Permanente. Reformas e conservação das existentes. *** Buscar RECURSO da União, Estado, Operação de Crédito ou Financiamento. | C162: 270020 | D162: 2026 | E162: 500.0000 753.0000
A166: 1.038 – IMPLANTAÇÃO DE AVENIDAS E RUAS Órgão Unidade: 0903 | B166: Despesas com Material de Consumo, Outras Despesas Correntes, obras, Equipamentos e Material Permanente. Implantação de vias urbanas. *** Buscar RECURSO da União, Estado, Operação de Crédito ou Financiamento. | C166: 50220 | D166: 2026 | E166: 500.0000
A170: 1.185 – PROGRAMA ACELERA CRESCIMENTO - PAC Órgão Unidade: 0903 | B170: Implantação e conservação de ruas e avenidas. | C170: 100 | D170: 2026 | E170: 700.0000
A174: 1.192 – IMPLANTAÇÃO DE CICLOVIAS E PASSEIOS PÚBLICOS Órgão Unidade: 0903 | B174: Despesas com Material de Consumo, Outras Despesas Correntes, obras, Equipamentos e Material Permanente. Ampliação e melhoria nos passeios públicos. Construir pontes necessárias na implantação de pavimentação em diversas ruas do Município. *** Buscar RECURSO da União, Estado, Operação de Crédito ou Financiamento. | C174: 50120 | D174: 2026 | E174: 500.0000
A178: 2.207 – VIAS PÚBLICAS – CIDE Órgão Unidade: 0903 | B178: Conservar e melhorar os pavimentos existentes. | C178: 105000 | D178: 2026 | E178: 750.1073
A182: 1.190 – IMPLANTAÇÃO DE PARADAS DE ÔNIBUS, PASSARELAS E PONTES Órgão Unidade: 0903 | B182: Despesas com Material de Consumo, Outras Despesas Correntes, obras, Equipamentos e Material Permanente. Reformas e conservação das existentes. *** Buscar RECURSO da União, Estado, Operação de Crédito ou Financiamento. | C182: 70020 | D182: 2026 | E182: 500.0000
A186: 1.212 – DUPLICAÇÃO E REVITALIZAÇÃO DA AVENIDA BRASIL Órgão Unidade: 0903 | B186: Duplicação e revitalização da Avenida Brasil. Desapropriação de imóveis para a duplicação. *** Buscar RECURSO da União, Estado, Operação de Crédito ou Financiamento. | C186: 12221670 | D186: 2026 | E186: 500.0000 754.0000 753.0000
A190: 1.217 – DUPLICAÇÃO E RECAPEAMENTO DE AVENIDAS E RUAS Órgão Unidade: 0903 | B190: Duplicação e recapeamento de parte da Avenida Arnildo Paz, Avenida São Leopoldo e Avenida João Pedro Dias. *** Buscar RECURSO da União, Estado, Operação de Crédito ou Financiamento. | C190: 1000020 | D190: 2026 | E190: 500.0000 704.1194 701.0000
A194: 1.220 – IMPLANTAÇÃO DO PÓRTICO DE ENTRADA NA RS-239 Órgão Unidade: 0903 | B194: Implantação do pórtico de entrada na Cidade de Campo Bom na RS-239, com uma estrutura sólida e marcante para recepcionar os visitantes que chegam pela RS-239, com algum item de identificação que reporte a identidade cultural, histórica ou turística de nossa cidade. | C194: 100 | D194: 2026 | E194: 500.0000
A198: 1.221 – REVITALIZAÇÃO DE ÁREAS URBANAS CENTRAIS Órgão Unidade: 0902 | B198: Revitalização de áreas urbanas centrais. Padronização, mobilidade e acessibilidade do cenário urbano de vias e passeios público centrais. Rua Tiradentes, Voluntários, Andradas e Lima e Silva. | C198: 1000010 | D198: 2026 | E198: 500.0000
... A210: 1.227 – PROGRAMA PAVIMENTO RS Órgão Unidade: 0903 | B210: Duplicação, Pavimentação, revitalização e modernização da Avenida João Pedro Dias, Avenida Arnildo Paz, implantação de via e transversais loteamento Firenze e Industrial Norte. | C210: 6999990 | D210: 2026 | E210: 701.0000
A214: 0104 – LAZER COMUNITÁRIO
A215: 2.253 – CONSERVAÇÃO DE ÁREAS DE LAZER Órgão Unidade: 0902 | B215: Despesa com manutenção, limpeza e energia do Parque do Trabalhador. Investimentos em melhorias estruturais com o objetivo de otimização de custos fixos do parque. CONSERVAÇÃO DO BALNEÁRIO CHICO MENDES, MANUTENÇÃO DOS CHAFARIZ DO LARGO IRMÃOS VETTER E NOVO PARCÃO. *** Buscar RECURSO da União, Estado, Operação de Crédito ou Financiamento. | C215: 393680 | D215: 2026 | E215: 500.0000
A219: 1.047 – IMPLANTAÇÃO DE ÁREAS DE LAZER Órgão Unidade: 0903 | B219: Despesa com Material de Consumo, Outras Despesas Correntes, Equipamentos e Material Permanente. Manutenção e Melhorias nas instalações de parques, jardins e Balneário Municipal, com estudo de viabilidade da canalização de arroios existentes dando melhores condições de ser usufruído pela população. Revitalização externa CEI, requalificação do Parcão e reforma do Galpão Crioulo. IMPLANTAR EQUIPAMENTOS DE ESPORTE, LAZER, CULTURA, ARBORIZAÇÃO, ACESSIBILIDADE NA ÁREA DESTINADA AO PARCÃO ARNO KUNZ NO TRECHO ENTRE A AVENIDA CARLOS STRASSBURGER FILHO E RUA DOS ANDRADAS. | C219: 50220 | D219: 2026 | E219: 500.0000
A223: 1.215 - READEQUAÇÃO E REVITALIZAÇÃO DO ESPAÇO DA PEDREIRA Órgão Unidade: 0903 | B223: Readequação e revitalização do espaço da pedreira ao lado do Plinio Fleck. Remoção dos lixos la existentes e readequação do local para apresentações culturais e recreação. | C223: 100 | D223: 2026 | E223: 500.0000 753.0000
A227: 1.216 - NOVO PARQUE Órgão Unidade: 0903 | B227: Parque ao largo da Avenida dos Estados partindo da Rua Carlos Strassburger Filho indo até os fundos do Ginásio Municipal. Será elaborado um recenseamento das árvores nativas existentes no local para preservação. Terá áreas de gramas, arborização, flores e areais. Desapropriação de áreas de terra. Projeto arquitetônico e paisagístico de todo o parque. | C227: 200 | D227: 2026 | E227: 500.0000
A231: 1.226 - PROJETO DE CERCAMENTO DE PRAÇAS Órgão Unidade: 0903 | B231: Projeto de cercamento de praças do município. | C231: 550000 | D231: 2026 | E231: 701.0000
B236: Total Ano 2026 | C236: =SUM(C7,C11,C15,C19,C23,C28,C33,C37,C41,C45,C50,C54,C58,C62,C67,C71,C76,C80,C84,C88,C92,C97,C101,C106,C110,C114,C119,C123,C128,C132,C137,C141,C145,C149,C154,C158,C162,C166,C170,C174,C178,C182,C186,C190,C194,C198,C202,C206,C210,C215,C219,C223,C227,C231) -> 87012400

Sheet CONTINGÊNCIA
A1: PREFEITURA MUNICIPAL DE CAMPO BOM - RS
A2: LDO 2026
A3: 10 – RESERVA DE CONTINGÊNCIA
A5: PROGRAMA | B5: AÇÃO | C5: VALOR/ CUSTO | D5: ANO DE EXECUÇÃO | E5: RECURSO
A6: 9999 – RESERVA DE CONTINGÊNCIA
A7: 2.235 – RESERVA DE CONTINGÊNCIA Órgão Unidade: 1001 | B7: Reserva de Contingência | C7: 5288000 | D7: 2026 | E7: 500.0000
B12: Total Ano 2026 | C12: =SUM(C7) -> 5288000

Sheet IPASEM
A1: PREFEITURA MUNICIPAL DE CAMPO BOM - RS
A2: LDO 2026
A3: 11 – IPASEM - INSTITUTO DE PREVIDÊNCIA E ASSISTÊNCIA DOS SERVIDORES MUNICIPAIS DE CAMPO BOM
A5: PROGRAMA | B5: AÇÃO | C5: VALOR/ CUSTO | D5: ANO DE EXECUÇÃO | E5: RECURSO
A6: 0004 – SUPERVISÃO E COORDENAÇÃO ADMINISTRATIVA
A7: 2.236 – SERVIÇOS ADMINISTRATIVOS DA PREVIDÊNCIA Órgão Unidade: 1101 | B7: Manutenção dos serviços administrativos da previdência. Manter a folha de pagamento do pessoal administrativo, manter os sistemas informatizados, manutenção da segurança da sede, manutenção dos serviços gerais vinculados a previdência, aquisição de materiais dentre eles expediente e limpeza, serviços de assessoria atuarial, jurídica e outros; manutenção do planejamento estratégico do Instituto e aluguel do prédio. Manutenção preventiva e corretiva de veículo. | C7: 2043000 | D7: 2026 | E7: 802.0000
A11: 2.355 – SERVIÇOS ADMINISTRATIVOS DA ASSISTÊNCIA Órgão Unidade: 1102 | B11: Manutenção dos serviços administrativos da previdência. Manter a folha de pagamento do pessoal administrativo, manter os sistemas informatizados, manutenção da segurança da sede, manutenção dos serviços gerais vinculados a previdência, aquisição de materiais dentre eles expediente e limpeza, serviços de assessoria atuarial, jurídica e outros; manutenção do planejamento estratégico do Instituto e aluguel do prédio. Promover a capacitação dos servidores, visando o aprimoramento dos serviços prestados. Manutenção preventiva e corretiva de veículo. | C11: 1489600 | D11: 2026 | E11: 799.0000
A15: 0009 – EDIFICAÇÕES PÚBLICAS
A16: 1.205 – IMPLANTAÇÃO E REFORMA DO INSTITUTO Órgão Unidade: 1101 | B16: Aquisição de imóvel para nova dependência do Ipasem. Manutenção e melhoria (reforma) continua do prédio e suas dependências.. | C16: 780970 | D16: 2026 | E16: 802.0000
A20: 1.206 – IMPLANTAÇÃO E REFORMA DO INSTITUTO Órgão Unidade: 1102 | B20: Aquisição de imóvel para nova dependência do Ipasem. Manutenção e melhoria (reforma) continua do prédio e suas dependências.. | C20: 45400 | D20: 2026 | E20: 799.0000
A24: 0031 - PREVIDÊNCIA SOCIAL A SERVIDOR DO MUNICÍPIO PELO REGIME GERAL
A25: 2.236 – SERVIÇOS ADMINISTRATIVOS DA PREVIDÊNCIA Órgão Unidade: 1101 | B25: Despesas com obrigações patronais do INSS e FGTS. | C25: 30000 | D25: 2026 | E25: 802.0000
A29: 2.355 – SERVIÇOS ADMINISTRATIVOS DA ASSISTÊNCIA Órgão Unidade: 1102 | B29: Despesas com obrigações patronais do INSS e FGTS. | C29: 35000 | D29: 2026 | E29: 799.0000
A33: 0032 - PREVIDÊNCIA SOCIAL A SERVIDORES ATIVOS, INATIVOS E PENSIONISTAS VINCULADOS AO REGIME PRÓPRIO
A34: 2.236 – SERVIÇOS ADMINISTRATIVOS DA PREVIDÊNCIA Órgão Unidade: 1101 | B34: Despesas com obrigações patronais do IPASEM. | C34: 80000 | D34: 2026 | E34: 802.0000
A38: 2.355 – SERVIÇOS ADMINISTRATIVOS DA ASSISTÊNCIA Órgão Unidade: 1102 | B38: Despesas com obrigações patronais do IPASEM. | C38: 125000 | D38: 2026 | E38: 799.0000
A42: 2.239 – SERVIÇOS DA PREVIDÊNCIA Órgão Unidade: 1101 | B42: Manutenção dos serviços de previdência. Assegurar ao segurado aposentadoria por invalidez, por idade, por tempo de contribuição e ao dependente pensão por morte. Transferência para custear as despesas administrativas do RPPS. | C42: 51013700 | D42: 2026 | E42: 802.1111 802.1121
A46: 0033 – ASSISTÊNCIA MÉDICO HOSPITALAR AO SERVIDOR PÚBLICO
A47: 2.241 – SERVIÇOS DA ASSISTÊNCIA Órgão Unidade: 1102 | B47: Auxílio hospital e medicamentos hospitalares. Atendimento clínico e serviços complementares. Atendimento em consultórios. Manutenção da unidade com despesas dos serviços de assistência médica. Serviços de Psicologia, Nutrição e Fonoaudiologia. Oferecer aos segurados e seus dependentes serviços de atendimento psicológico, nutricional e fonoaudiológico, para melhor qualidade de vida e prevenção de patologias. Transferência para custear as despesas administrativas do RPPS. | C47: 13005000 | D47: 2026 | E47: 759.0000
A51: 0112 – AÇÃO JUDICIÁRIA
A52: 2.079 – SENTENÇAS JUDICIAIS PREVIDÊNCIA Órgão Unidade: 1101 | B52: Cobrir despesas com sentenças judiciais da Previdência. | C52: 450000 | D52: 2026 | E52: 800.0000
A56: 2.079 – SENTENÇAS JUDICIAIS ASSISTÊNCIA Órgão Unidade: 1101 | B56: Cobrir despesas com sentenças judiciais da Assistência. | C56: 100000 | D56: 2026 | E56: 759.0000
A60: 0116 – AMPLIAÇÃO DO QUADRO DE SERVIDORES
A61: 2.048 – CONCURSO PÚBLICO Órgão Unidade: 1101 | B61: Suprir a necessidade de recursos humanos. | C61: 30 | D61: 2026 | E61: 802.0000
A65: 9999 – RESERVA DE CONTINGÊNCIA
A66: 2.240 – RESERVA DE CONTINGÊNCIA Órgão Unidade: 1101 | B66: Previsão de reservas matemáticas para cobertura de futuros benefícios previdenciários. | C66: 16502300 | D66: 2026 | E66: 800.0000
B71: Total Ano 2026 | C71: =SUM(C7,C11,C16,C20,C25,C29,C34,C38,C42,C47,C52,C56,C61,C66) -> 85700000

Sheet SEDETUR
A1: PREFEITURA MUNICIPAL DE CAMPO BOM - RS
A2: LDO 2026
A3: 12 – SECRETARIA MUNICIPAL DE INDÚSTRIA, COMÉRCIO E TURISMO
A5: PROGRAMA | B5: AÇÃO | C5: VALOR/ CUSTO | D5: ANO DE EXECUÇÃO | E5: RECURSO
A6: 0004 – SUPERVISÃO E COORDENAÇÃO ADMINISTRATIVA
A7: 2.242 – SECRETARIA DE DESENVOLVIMENTO ECONÔMICO E TURISMO Órgão Unidade: 1201 | B7: Despesas com Pessoal Civil, Diárias, Material de Consumo, Outras Despesas Correntes, Equipamentos e Material Permanente. Investimentos na melhoria estrutural da secretaria. Consultorias para a elaboração de projetos e estratégias da secretaria. Seção administrativa, conselho municipal de desenvolvimento, desenvolvimento rural, proteção ao consumidor, turismo e administração da incubadora empresarial. | C7: 1002020 | D7: 2026 | E7: 500.0000
A11: 2.519 – DIVISÃO DE DESENVOLVIMENTO ECONÔMICO Órgão Unidade: 1202 | B11: Despesas com Pessoal Civil, Diárias, Material de Consumo, Outras Despesas Correntes, Equipamentos e Material Permanente. Seção de defesa do consumidor, desenvolvimento e empreendedorismo, inspeção municipal. | C11: 985340 | D11: 2026 | E11: 500.0000
A15: 2.477 – DIVISÃO DE TURISMO E ARTESANATO Órgão Unidade: 1203 | B15: Despesas com Pessoal Civil, Diárias, Material de Consumo, Outras Despesas Correntes, Equipamentos e Material Permanente. Seção de desenvolvimento do turismo e artesanato. | C15: 191240 | D15: 2026 | E15: 500.0000
A19: 0031 - PREVIDÊNCIA SOCIAL A SERVIDOR DO MUNICÍPIO PELO REGIME GERAL
A20: 2.242 – SECRETARIA DE DESENVOLVIMENTO ECONÔMICO E TURISMO Órgão Unidade: 1201 | B20: Despesas com obrigações patronais do INSS e FGTS. | C20: 80000 | D20: 2026 | E20: 500.0000
A24: 2.519 – DIVISÃO DE DESENVOLVIMENTO ECONÔMICO Órgão Unidade: 1202 | B24: Despesas com obrigações patronais do INSS e FGTS. | C24: 60000 | D24: 2026 | E24: 500.0000
A28: 2.477 – DIVISÃO DE TURISMO E ARTESANATO Órgão Unidade: 1203 | B28: Despesas com obrigações patronais do INSS e FGTS. | C28: 25000 | D28: 2026 | E28: 500.0000
A32: 0032 - PREVIDÊNCIA SOCIAL A SERVIDORES ATIVOS, INATIVOS E PENSIONISTAS VINCULADOS AO REGIME PRÓPRIO
A33: 2.242 – SECRETARIA DE DESENVOLVIMENTO ECONÔMICO E TURISMO Órgão Unidade: 1201 | B33: Despesas com obrigações patronais do IPASEM. | C33: 20000 | D33: 2026 | E33: 500.0000
A37: 2.519 – DIVISÃO DE DESENVOLVIMENTO ECONÔMICO Órgão Unidade: 1202 | B37: Despesas com obrigações patronais do IPASEM. | C37: 80000 | D37: 2026 | E37: 500.0000
A41: 2.477 – DIVISÃO DE TURISMO E ARTESANATO Órgão Unidade: 1203 | B41: Despesas com obrigações patronais do IPASEM. | C41: 10000 | D41: 2026 | E41: 500.0000
A45: 0044 – CURSOS DE QUALIFICAÇÃO
A46: 2.419 – PROGRAMA INCENTIVO A QUALIFICAÇÃO Órgão Unidade: 1202 | B46: Promover o crescimento econômico e de qualificação da Indústria, comércio e demais, através de Programas de Incentivo. Participação em Feiras e Eventos. Promover o crescimento de Empresas Locais, divulgando seus produtos e serviços. Criação e Manutenção Incubadora de Startup. Estimular a criação e o desenvolvimento de pequenas empresas. | C46: 330010 | D46: 2026 | E46: 500.0000
A50: 0072 – MECANIZAÇÃO AGRÍCOLA
A51: 2.739 – MANUTENÇÃO DA PATRULHA AGRÍCOLA Órgão Unidade: 1202 | B51: Despesas com Material de Consumo, Outras Despesas Correntes, Equipamentos e Material Permanente. Objetivo: dar apoio ao Pequeno Produtor. | C51: 80120 | D51: 2026 | E51: 500.0000
A55: 1.182 – RENOVAÇÃO DA PATRULHA AGRÍCOLA Órgão Unidade: 1202 | B55: Aquisição de maquinas e equipamentos. | C55: 600 | D55: 2026 | E55: 500.0000 700.0000
A59: 1.183 – REESTRUTURAÇÃO DA PATRULHA AGRÍCOLA Órgão Unidade: 1202 | B59: Aquisição de maquinas e equipamentos. | C59: 510 | D59: 2026 | E59: 500.0000 700.0000
A63: 0075 – ASSISTÊNCIA FINANCEIRA E MATERIAL AOS PEQUENOS PRODUTORES
A64: 2.594 – DESENVOLVIMENTO RURAL Órgão Unidade: 1202 | B64: Despesas com Material de Consumo, Outras Despesas Correntes, Equipamentos e Material Permanente. *** Buscar RECURSO da União, Estado, Operação de Crédito ou Financiamento. | C64: 20420 | D64: 2026 | E64: 500.0000
A68: 2.255 – FUNDO MUNICIPAL DE DESENVOLVIMENTO RURAL Órgão Unidade: 1205 | B68: Ações que visam ao desenvolvimento da produção agropastoril através do Fundo Municipal de Desenvolvimento Rural - FUNDER - Ampliação da Feira do Produtor. Concessão de Empréstimo e Financiamento. *** Buscar RECURSO da União, Estado, Operação de Crédito ou Financiamento. | C68: 70 | D68: 2026 | E68: 759.1043
A72: 0082 – INSPEÇÃO DE PRODUTOS DE ORIGEM ANIMAL
A73: 2.353 – INSPEÇÃO MUNICIPAL Órgão Unidade: 1202 | B73: Investimentos em qualificação do serviço, equipamentos e instrumentos de trabalho. | C73: 500 | D73: 2026 | E73: 500.0000
A77: 0085 – DISTRIBUIÇÃO DE PRODUTOS AGRÍCOLAS
A78: 2.354 – EMATER Órgão Unidade: 1202 | B78: Manutenção com assistência técnica a EMATER/RS. Despesas com Convênio. | C78: 20020 | D78: 2026 | E78: 500.0000
A82: 0092 – COMPLEXOS INDUSTRIAIS
A83: 1.091 – LOTEAMENTOS INDUSTRIAIS Órgão Unidade: 1202 | B83: Aquisição de terrenos, obras de infraestrutura, com o objetivo de atrair mais empresas. Incentivar o crescimento do Parque Industrial. Manutenção dos Serviços de Indústria. *** Buscar RECURSO da União, Estado, Operação de Crédito ou Financiamento. | C83: 600 | D83: 2026 | E83: 500.0000
A87: 1.218 – IMPLANTAÇÃO DO PARQUE EMPRESARIAL Órgão Unidade: 1202 | B87: Implantação do parque empresarial. Aquisição de áreas de terras da Colártica. *** Buscar RECURSO da União, Estado, Operação de Crédito ou Financiamento. | C87: 200 | D87: 2026 | E87: 500.0000
A91: 0094 – PROMOÇÃO DE TURISMO
A92: 2.551 – DESENVOLVIMENTO DO TURISMO – EVENTOS E PROMOÇÕES TURÍSTICAS Órgão Unidade: 1203 | B92: Despesas com Material de Consumo, Outras Despesas Correntes, Obras, Equipamentos e Material Permanente. Implantação de sinalização turística e confecção de material turístico "Guia", conforme Plano Municipal de Turismo. Rodeio Nacional de Campo Bom, Acampamento e Acampamentinho da Canção Nativa, Semana Farroupilha, Bivaque, Festa do Sapato e demais eventos turísticos e culturais. Repasse de auxílio a organização de eventos com potencial turístico e que gerem contrapartida social para entidades do município. Implantação de Pórticos. Identificar e melhorar a acessibilidade à Cidade. Implantação da Casa da Memória, Desenvolvimento contínuo de ações culturais, a preservação, recuperação e ampliação do Patrimônio Cultural no Município. Ampliação do Evento “Acampamento da Canção Nativa”. Implantação do Evento “Festa da Primavera” no calendário cultural do Município, o evento ocorrerá em todos os parques, dias em que serão contemplados a cultura musical local, os jardins, um carnaval fora de época; “Carnavera”, onde as pessoas poderão se vestir de forma mais primaveril e floridas e fazer piquenique ao ar livre. *** Buscar RECURSO da União, Estado, Operação de Crédito ou Financiamento. | C92: 2350600 | D92: 2026 | E92: 500.0000
A96: 2.346 – FUNDO MUNICIPAL DO TURISMO Órgão Unidade: 1206 | B96: Despesas com Material de Consumo, Outras Despesas Correntes, Obras, Equipamentos e Material Permanente. Implantação de sinalização turística e confecção de material turístico "Guia", conforme Plano Municipal de Turismo. Rodeio Nacional de Campo Bom, Acampamento e Acampamentinho da Canção Nativa, Semana Farroupilha, Bivaque, Festa do Sapato e demais eventos turísticos e culturais. Repasse de auxílio a organização de eventos com potencial turístico e que gerem contrapartida social para entidades do município. Implantação de Pórticos. Identificar e melhorar a acessibilidade à Cidade. Implantação da Casa da Memória, Desenvolvimento contínuo de ações culturais, a preservação, recuperação e ampliação do Patrimônio Cultural no Município. Ampliação do Evento “Acampamento da Canção Nativa”. Implantação do Evento “Festa da Primavera” no calendário cultural do Município, o evento ocorrerá em todos os parques, dias em que serão contemplados a cultura musical local, os jardins, um carnaval fora de época; “Carnavera”, onde as pessoas poderão se vestir de forma mais primaveril e floridas e fazer piquenique ao ar livre. *** Buscar RECURSO da União, Estado, Operação de Crédito ou Financiamento. | C96: 406000 | D96: 2026 | E96: 759.1048
A100: 1.177 – CONSTRUÇÃO CTG M'BORORÉ E PALANQUES Órgão Unidade: 1203 | B100: Despesa com a construção dos CTGs. Emenda Parlamentar Dep. Danrlei. | C100: 10000 | D100: 2026 | E100: 700.0000
A104: 0096 – PROMOÇÃO DO COMÉRCIO
A105: 2.251 – DESENVOLVIMENTO DO COMÉRCIO Órgão Unidade: 1202 | B105: Valorização do Comércio, Programas de Incentivos e Parcerias com o Comércio para valorizar a comercialização, buscando alternativas para aumento da receita. Investimento em promoções e ações comerciais. | C105: 5300 | D105: 2026 | E105: 500.0000
A109: 2.381 – DESENVOLVIMENTO DO ARTESANATO Órgão Unidade: 1203 | B109: Melhorias estruturais em locais de trabalho do artesanato local. Ações de qualificação de profissionais do artesanato: contratação de profissionais, matéria prima e missões técnicas. Fomento da economia solidária. | C109: 60600 | D109: 2026 | E109: 500.0000
A113: 0104 – LAZER COMUNITÁRIO
A114: 2.253 – CONSERVAÇÃO DE ÁREAS DE LAZER Órgão Unidade: 1203 | B114: Despesa com manutenção, limpeza e energia do Parque do Trabalhador. Investimentos em melhorias estruturais com o objetivo de otimização de custos fixos do parque. *** Buscar RECURSO da União, Estado, Operação de Crédito ou Financiamento. | C114: 170210 | D114: 2026 | E114: 500.0000
A118: 1.209 – PARQUE DO TRABALHADOR – PLANO DIRETOR Órgão Unidade: 1203 | B118: Elaboração de um plano diretor para repactuação dos contratos de convênios de utilização dos espaços por pessoas físicas e jurídicas, bem como a locação de espaços para manutenção de animais e áreas de lazer particulares dentro do espaço do parque. *** Buscar RECURSO da União, Estado, Operação de Crédito ou Financiamento. | C118: 20 | D118: 2026 | E118: 500.0000
A122: 0113 – PROMOÇÃO INDUSTRIAL
A123: 2.249 – PROGRAMA DE INCENTIVO E GERAÇÃO DE EMPREGOS – PIGE Órgão Unidade: 1202 | B123: Manutenção do PIGE, com prestação de serviços, assistência técnica e incentivos pecuniários, visando o desenvolvimento, o crescimento econômico e ampliação da geração de empregos. | C123: 1500100 | D123: 2026 | E123: 500.0000
A127: 2.420 – PROGRAMA INCENTIVO – FEIRAS Órgão Unidade: 1202 | B127: Promover o crescimento econômico e de qualificação da Indústria, comércio e demais, através de Programas de Incentivo. Participação em Feiras e Eventos. Promover o crescimento de Empresas Locais, divulgando seus produtos e serviços. Criação e Manutenção Incubadora de Startup. Estimular a criação e o desenvolvimento de pequenas empresas. | C127: 475010 | D127: 2026 | E127: 500.0000
A131: 2.423 – FUNDO MUNICIPAL DE DESENVOLVIMENTO SUSTENTÁVEL – FUNDOBOM Órgão Unidade: 1202 | B131: Programa de incentivo para promover o desenvolvimento de atividades empreendedoras existentes, criando e buscando alternativas para atrair novos investimentos para o município e estimular a pesquisa científica e tecnológica, como instrumento de inovação e captação de recursos, visando o aporte e o incremento à diversificação e o fomento de novas matrizes produtivas, bem como desenvolver as já existentes. | C131: 15448620 | D131: 2026 | E131: 759.1065
A135: 0120 – SISTEMA MUNICIPAL DE PROTEÇÃO E DEFESA DO CONSUMIDOR
A136: 2.254 – FUNDO MUNICIPAL DE PROTEÇÃO E DEFESA DO CONSUMIDOR Órgão Unidade: 1204 | B136: Prover recursos para o custeio de Política Municipal de Proteção e Defesa do Consumidor. Despesas com Material de Consumo, Serviços de Consultoria, Outras Despesas Correntes, Indenizações e Restituições, Equipamentos e Material Permanente. | C136: 180 | D136: 2026 | E136: 759.1089
A140: 0124 – EMPREENDEDORISMO
A141: 2.424 – ESPAÇO EMPREENDEDOR Órgão Unidade: 1202 | B141: Despesas com Material de Consumo, Outras Despesas Correntes, Obras, Equipamentos e Material Permanente. | C141: 13120 | D141: 2026 | E141: 500.0000
A145: 2.748 – PROGRAMA DE INOVAÇÃO TECNOLÓGICA Órgão Unidade: 1202 | B145: Promover o desenvolvimento tecnológico de empresas locais, gerando impacto positivo na sociedade, oferecendo produtos e serviços inovadores que solucionam problemas, trazendo inovações tecnológicas em diversas áreas. | C145: 2000100 | D145: 2026 | E145: 500.0000
B150: Total Ano 2026 | C150: =SUM(C7,C11,C15,C20,C24,C28,C33,C37,C41,C46,C51,C55,C59,C64,C68,C73,C78,C83,C87,C92,C96,C100,C105,C109,C114,C118,C123,C127,C131,C136,C141,C145) -> 25346510

Sheet MEIO AMBIENTE
A1: PREFEITURA MUNICIPAL DE CAMPO BOM - RS
A2: LDO 2026
A3: 13 – SECRETARIA MUNICIPAL DE MEIO AMBIENTE
A5: PROGRAMA | B5: AÇÃO | C5: VALOR/ CUSTO | D5: ANO DE EXECUÇÃO | E5: RECURSO
A6: 0004 – SUPERVISÃO E COORDENAÇÃO ADMINISTRATIVA
A7: 2.261 – SECRETARIA DE MEIO AMBIENTE Órgão Unidade: 1301 | B7: Manutenção da secretaria com despesas de pessoal e obrigações patronais, diárias, material de consumo e outras despesas correntes veículos, equipamentos e material permanente. Seção Administrativa, Conselho defesa meio ambiente, saneamento básico, fundo de gestão compartilhada, comitê executivo e coordenação do plano municipal de saneamento básico e junta administrativa de recursos de infrações ambientais. | C7: 1075370 | D7: 2026 | E7: 500.0000
A11: 2.514 – DIVISÃO DE GESTÃO AMBIENTAL Órgão Unidade: 1302 | B11: Manutenção do setor de gestão ambiental com despesas de pessoal e obrigações patronais, diárias, material de consumo e outras despesas correntes veículos, equipamentos e material permanente. Seção de planejamento e educação ambiental, proteção e bem-estar animal e saneamento ambiental. | C11: 450840 | D11: 2026 | E11: 500.0000
A15: 2.515 – DIVISÃO DE LICENCIAMENTO AMBIENTAL Órgão Unidade: 1303 | B15: Manutenção do setor de licenciamento ambiental com despesas de pessoal e obrigações patronais, diárias, material de consumo e outras despesas correntes veículos, equipamentos e material permanente. Seção de arborização e recursos florestais, uso do solo e mineração, indústria e comércio, fiscalização ambiental e junta administrativa de defesa de autuações ambientais. | C15: 583340 | D15: 2026 | E15: 500.0000
A19: 0031 - PREVIDÊNCIA SOCIAL A SERVIDOR DO MUNICÍPIO PELO REGIME GERAL
A20: 2.261 – SECRETARIA DE MEIO AMBIENTE Órgão Unidade: 1301 | B20: Despesas com obrigações patronais do INSS e FGTS. | C20: 80000 | D20: 2026 | E20: 500.0000
A24: 2.514 – DIVISÃO DE GESTÃO AMBIENTAL Órgão Unidade: 1302 | B24: Despesas com obrigações patronais do INSS e FGTS. | C24: 40000 | D24: 2026 | E24: 500.0000
A28: 2.515 – DIVISÃO DE LICENCIAMENTO AMBIENTAL Órgão Unidade: 1303 | B28: Despesas com obrigações patronais do INSS e FGTS. | C28: 40000 | D28: 2026 | E28: 500.0000
A32: 0032 - PREVIDÊNCIA SOCIAL A SERVIDORES ATIVOS, INATIVOS E PENSIONISTAS VINCULADOS AO REGIME PRÓPRIO
A33: 2.261 – SECRETARIA DE MEIO AMBIENTE Órgão Unidade: 1301 | B33: Despesas com obrigações patronais do IPASEM. | C33: 15000 | D33: 2026 | E33: 500.0000
A37: 2.514 – DIVISÃO DE GESTÃO AMBIENTAL Órgão Unidade: 1302 | B37: Despesas com obrigações patronais do IPASEM. | C37: 25000 | D37: 2026 | E37: 500.0000
A41: 2.515 – DIVISÃO DE LICENCIAMENTO AMBIENTAL Órgão Unidade: 1303 | B41: Despesas com obrigações patronais do IPASEM. | C41: 80000 | D41: 2026 | E41: 500.0000
A45: 0061 – SANEAMENTO GERAL
A46: 1.115 – PLANO MUNICIPAL DE SANEAMENTO Órgão Unidade: 1302 | B46: Revisão do PMSB em atendimento a Lei Federal 11.445/2007 e suas atualizações na Lei n° 14.026/2020. Desvio do esgotamento sanitário, drenagem mista do banhado do Bairro Aurora/ Ipiranga. **** Buscar RECURSO da União, Estado, Operação de Crédito ou Financiamento. | C46: 700 | D46: 2026 | E46: 500.0000
A50: 1.150 – FUNDO MUNICIPAL DE SANEAMENTO – FMSB Órgão Unidade: 1302 | B50: Revisão do PMSB em atendimento a Lei Federal 11.445/2007 e suas atualizações na Lei n° 14.026/2020. Desvio do esgotamento sanitário, drenagem mista do banhado do Bairro Aurora/ Ipiranga. **** Buscar RECURSO da União, Estado, Operação de Crédito ou Financiamento. | C50: 700 | D50: 2026 | E50: 759.1178
A54: 2.403 – MONITORAMENTO E LIMPEZA DO RIO DOS SINOS E ARROIOS Órgão Unidade: 1302 | B54: Análise das águas subterrâneas e superficiais do aterro municipal no bairro Mônaco, assim como o passivo ambiental na Rodovia ERS-239, antigo lixão. Manutenção do programa Municipal da qualidade de água - PMQA, aquisição de equipamento e material permanente, pesquisa e diagnósticos. *** Buscar RECURSO da União, Estado, Operação de Crédito ou Financiamento. | C54: 355220 | D54: 2026 | E54: 500.0000
A58: 0063 – PROTEÇÃO AO MEIO AMBIENTE
A59: 2.260 – EDUCAÇÃO AMBIENTAL – PRÓ SINOS Órgão Unidade: 1301 | B59: Valor da Contrapartida do Município - Consórcio Público de Saneamento Básico da Bacia Hidrográfica do Rio dos Sinos - Pró-Sinos Projeto de Educação Ambiental. Locação de Equipamentos. | C59: 220000 | D59: 2026 | E59: 500.0000
A63: 1.053 – RECUPERAÇÃO ÁREA DEGRADADA E RESERVA AMBIENTAL Órgão Unidade: 1302 | B63: Recuperação de áreas degradadas e da reserva ambiental. Conclusão e manutenção do Parque de Fito restauração (ETE com plantas) nos bairros Vila Rica e Porto Blos. *** Buscar RECURSO da União, Estado, Operação de Crédito ou Financiamento. | C63: 200600 | D63: 2026 | E63: 500.0000
A67: 2.404 – PASSIVOS AMBIENTAIS Órgão Unidade: 1302 | B67: Monitoramento e remediação do passivo ambiental da Rodovia RS 239 (Antigo Lixão), assim como aterro municipal RSU no bairro Mônaco. *** Buscar RECURSO da União, Estado, Operação de Crédito ou Financiamento. | C67: 500 | D67: 2026 | E67: 500.0000
A71: 2.588 – SERVIÇO DE DEFESA DO MEIO AMBIENTE Órgão Unidade: 1302 | B71: Ações permanentes de planejamento, proteção e fiscalização do meio ambiente. Despesas com Diárias, Material de Consumo, Outras Despesas Correntes, Investimentos, Equipamentos e Material Permanente. *** Buscar RECURSO da União, Estado, Operação de Crédito ou Financiamento. | C71: 300 | D71: 2026 | E71: 500.0000
A75: 1.141 – RECOMPOSIÇÃO DE MATAS CILIARES E PROTEÇÃO DE NASCENTES, ARBORIZAÇÃO E PAISAGEM URBANA Órgão Unidade: 1303 | B75: Plantio e cercamento de matas ciliares em rios e nascentes. Execução do plano municipal de arborização e paisagismo urbano conforme lei municipal n°4966/2020, execução dos serviços de podas na cidade, aquisição de equipamentos e material permanente, manutenção e implantação de vegetação no meio urbano. *** Buscar RECURSO da União, Estado, Operação de Crédito ou Financiamento. | C75: 700 | D75: 2026 | E75: 500.0000
A79: 1.151 – IMPLANTAÇÃO DA RESERVA AMBIENTAL Órgão Unidade: 1303 | B79: Pesquisa de diagnóstico, mapeamento ambiental, Plano de Manejo para criação e implantação da reserva ambiental "Mata Leste". *** Buscar RECURSO da União, Estado, Fundema, Operação de Crédito ou Financiamento. | C79: 700 | D79: 2026 | E79: 500.0000
A83: 2.086 – FUNDO MUNICIPAL DE DEFESA DO MEIO AMBIENTE Órgão Unidade: 1304 | B83: Ações permanentes de planejamento, proteção e fiscalização do meio ambiente. Despesas com Pessoal Civil, Obrigações Patronais, Diárias, Material de Consumo, Outras Despesas Correntes, Investimentos, Equipamentos e Material Permanente. Desenvolvimento de projetos de incentivo e capacitação da agricultura familiar para produção orgânica, fomento a criação de redes, fornecimento de mudas e sementes, serviços e equipamentos. Monitoramento e remediação do passivo ambiental da Rodovia RS 239. Recuperação de área degradada pelo Lixo Doméstico e Industrial. Plantio e cercamento de matas ciliares em rios e nascentes. Elaboração do plano municipal de arborização e paisagismo urbano, serviços de podas e trituração dos galhos, aquisição de mudas de árvores, equipamentos e material permanente, manutenção e implantação de vegetação no meio urbano. Criação e Implantação de Reservas Ambientais. Pesquisa para diagnóstico, criação e implantação de reservas ambientais. Elaboração de plano de mapeio ambiental. Elaboração de plano de manejo. Aquisição e desapropriação de terras. Aquisição de mudas e ferramentas para manutenção do projeto floração e hortas urbanas, Aquisição e produção de mudas visando a proteção do solo, bem como na restauração e recuperação de áreas degradadas e ferramentas para manutenção do horto municipal, despesas com material de consumo, equipamentos e material permanente, cursos e oficinas de compostagem, hortas e jardins. | C83: 528100 | D83: 2026 | E83: 759.1046
A87: 0064 – LIMPEZA PÚBLICA
A88: 2.084 – DESTINAÇÃO FINAL DE RESÍDUOS SÓLIDOS Órgão Unidade: 1302 | B88: Destinação final de resíduos sólidos urbanos em aterro terceirizado, devidamente licenciado, conforme legislação vigente. | C88: 3500100 | D88: 2026 | E88: 500.0000 753.0000
A92: 2.343 – COLETA PORTA A PORTA Órgão Unidade: 1302 | B92: Manutenção da coleta porta a porta de lixo doméstico. Além disso, ampliação de contêineres para recolhimento de lixo em pontos de difícil acesso para o caminhão fazer a coleta. | C92: 3000100 | D92: 2026 | E92: 500.0000
A96: 2.345 – COLETA SELETIVA Órgão Unidade: 1302 | B96: Manutenção da coleta seletiva. | C96: 1100100 | D96: 2026 | E96: 500.0000
A100: 2.218 – CENTRAL DE TRATAMENTO DE RESÍDUOS SÓLIDOS E CACO TRECO Órgão Unidade: 1302 | B100: Manutenção dos serviço de triagem, beneficiamento e reciclagem de todo o resíduo sólido urbano gerado na cidade. Aquisição de equipamentos, melhoramento da coleta de chorume da usina, programa caco treco. Além disso, oportunizar a população um local para descarte correto de pequenas quantidades de rejeito verde, caliças, volumosos, evitando assim o aumento de lixo e entulhos espalhados em diversos locais na cidade. Ampliação da Usina de Lixo. IMPLANTAÇÃO DE UM ECOPONTO PARA RECEBIMENTO DE PEQUENAS QUANTIDADES DE PODAS DE ÁRVORES, CALIÇAS, VOLUMOSOS. *** Buscar RECURSO da União, Estado, Operação de Crédito ou Financiamento. | C100: 1820200 | D100: 2026 | E100: 500.0000
A104: 1.229 – AMPLIAÇÃO DA USINA DO LIXO Órgão Unidade: 1302 | B104: Ampliação da Usina de Lixo. *** Buscar RECURSO da União, Estado, Operação de Crédito ou Financiamento. | C104: 400 | D104: 2026 | E104: 500.0000 754.0000
A108: 2.407 – REVISÃO DO PLANO MUNICIPAL DE GESTÃO DE RESÍDUOS SÓLIDOS Órgão Unidade: 1302 | B108: Revisão do plano municipal de gestão integrada de resíduos sólidos para atender o novo marco legal do saneamento Lei Federal 14.026/2020. Além disso, com a adesão do município na estruturação da Parceria Público-Privado dos RSU através do edital n° xx FEP/CEF que o Consórcio Pró-Sinos se habilitou, se faz necessário essa atualização do PMIRSU. | C108: 5550000 | D108: 2026 | E108: 500.0000
A112: 0070 – TECNOLOGIA DA INFORMAÇÃO
A113: 2.262 – ESTAÇÃO METEOROLÓGICA Órgão Unidade: 1302 | B113: Manutenção e Conservação de uma Estação Meteorológica Automática. Lei Municipal Nº 3.967/2013. Despesas com Material de Consumo, outras despesas correntes, equipamentos e material permanente. | C113: 15120 | D113: 2026 | E113: 500.0000
A117: 0073 – SEMENTES E MUDAS
A118: 2.533 – PROJETO FLORAÇÃO E HORTAS URBANAS Órgão Unidade: 1302 | B118: Troca de resíduos orgânicos por mudas diversas, bem como Incentivo a agricultura urbana, com Implantação de novas Hortas Comunitárias e Pomares Urbanos. Aquisição de mudas e ferramentas para manutenção do projeto floração e hortas urbanas, despesas com material de consumo, instalação de câmaras de monitoramento e material permanente, cursos e oficinas de compostagem, hortas e jardins. Revitalização do Horto e do Espaço do Floração. *** Buscar RECURSO da União, Estado, Operação de Crédito ou Financiamento. | C118: 85300 | D118: 2026 | E118: 500.0000
A122: 2.534 – HORTO MUNICIPAL E PRODUÇÃO DE MUDAS Órgão Unidade: 1302 | B122: Implantação de sistema automático de irrigação na estufa das mudas de arvores no horto, objetivando uma produção, manutenção das mudas com segurança técnica, ótima qualidade e evitando perdas e estresses das mudas, visando assim a execução do Plano Municipal de Arborização Urbana Lei 4966/2020. Além disso, compra de ferramentas para manutenção do espaço, despesas com material de consumo, equipamentos, cursos e oficinas sobre arborização urbana. Revitalização do Horto e do Espaço do Floração. *** Buscar RECURSO da União, Estado, Operação de Crédito ou Financiamento. | C122: 85400 | D122: 2026 | E122: 500.0000
A126: 1.218 – IMPLANTAÇÃO DE VIVEIRO DE FLORES E FOLHAGENS Órgão Unidade: 1302 | B126: Implantação de viveiro para produção de mudas de flores e folhagens a serem expostas nos parques do município. Adoção de ajardinamento moderno com a utilização de técnicas de jardinagem sustentável, como compostagem e rotação de culturas, com disponibilização em caixas com vasos que permitam a rotatividade das plantas em cada estação. | C126: 450000 | D126: 2026 | E126: 500.0000
A130: 0085 – DISTRIBUIÇÃO DE PRODUTOS AGRÍCOLAS
A131: 2.264 – REDE DE PRODUÇÃO ORGÂNICA Órgão Unidade: 1302 | B131: Desenvolvimento de projetos de incentivo e capacitação da agricultura familiar para produção orgânica, fomento a criação de redes, fornecimento de mudas e sementes, serviços e equipamentos. *** Buscar RECURSO da União, Estado, Operação de Crédito ou Financiamento. | C131: 600 | D131: 2026 | E131: 500.0000
A135: 0089 – IRRIGAÇÃO DA ÁREA RURAL
A136: 2.267 – PROGRAMA DE IRRIGAÇÃO Órgão Unidade: 1302 | B136: Ações que visam promover condições de armazenar água para irrigação, sem prejuízo para o meio ambiente. *** Buscar RECURSO da União, Estado, Operação de Crédito ou Financiamento. | C136: 600 | D136: 2026 | E136: 500.0000
A140: 0121 – VIGILÂNCIA, PREVENÇÃO E CONTROLE DAS DOENÇAS TRANSMISSÍVEIS POR VETORES
A141: 2.265 – CENTRO MUNICIPAL DE RECUPERAÇÃO E BEM ESTAR ANIMAL – CEMPRA Órgão Unidade: 1302 | B141: Manutenção dos atendimentos e serviços estabelecidos no Decreto Municipal n° 6.666/2019, principalmente com castrações de caninos e felinos . Compra de Medicamentos, rações, materiais e equipamentos Veterinários necessários para mantença dos serviços. Além disso, Além disso, atender também a LEI Municipal 5360/2022 que Institui o Programa Redução Gradativa de veiculo tração animal na cidade com a contratação de empresa devidamente habilitada e licenciada para prestação de serviços de transporte, manutenção e guarda de animais de grande porte (equinos). AMPLIAÇÃO DO CEMPRA. *** Buscar RECURSO da União, Estado, Operação de Crédito ou Financiamento.. | C141: 800120 | D141: 2026 | E141: 500.0000 753.0000
A145: 1.172 – PROJETO MELHORES AMIGOS Órgão Unidade: 0702 | B145: Despesas com material de consumo e serviços. | C145: 1000 | D145: 2026 | E145: 665.1148
B150: Total Ano 2026 | C150: =SUM(C7,C11,C15,C20,C24,C28,C33,C37,C41,C46,C50,C54,C59,C63,C67,C71,C75,C79,C83,C88,C92,C96,C100,C104,C108,C113,C118,C122,C126,C131,C136,C141,C145) -> 20106110

Sheet ESPORTE
A1: PREFEITURA MUNICIPAL DE CAMPO BOM - RS
A2: LDO 2026
A3: 14 – SECRETARIA MUNICIPAL DE ESPORTE E LAZER
A5: PROGRAMA | B5: AÇÃO | C5: VALOR/ CUSTO | D5: ANO DE EXECUÇÃO | E5: RECURSO
A6: 0004 – SUPERVISÃO E COORDENAÇÃO ADMINISTRATIVA
A7: 2.513 – SECRETARIA DE ESPORTE E LAZER Órgão Unidade: 1401 | B7: Manutenção da secretaria com despesas de Pessoal, Material de Consumo, outras despesas correntes e equipamento e material permanente. Aquisição de veículo para a secretaria,.Conselho municipal do esporte e do lazer e seção administrativa. | C7: 576490 | D7: 2026 | E7: 500.0000
A11: 2.274 – DIVISÃO DE ESPORTE Órgão Unidade: 1402 | B11: Manutenção do setor de esporte despesas de Pessoal, Material de Consumo, outras despesas correntes e equipamento e material permanente. Coordenar e executar planos, programas, projetos e atividades de lazer e incentivo à pratica e a realização de atividades de lazer a população em geral. Seção de lazer comunitário e lazer para idosos e pessoas com deficiência. | C11: 417140 | D11: 2026 | E11: 500.0000
A15: 2.272 – DIVISÃO DE LAZER Órgão Unidade: 1403 | B15: Manutenção do setor de lazer com despesas de Pessoal, Material de Consumo, outras despesas correntes e equipamento e material permanente. Seção de esporte comunitário e esporte para idosos e pessoas com deficiência. | C15: 188750 | D15: 2026 | E15: 500.0000
A19: 0031 - PREVIDÊNCIA SOCIAL A SERVIDOR DO MUNICÍPIO PELO REGIME GERAL
A20: 2.513 – SECRETARIA DE ESPORTE E LAZER Órgão Unidade: 1401 | B20: Despesas com obrigações patronais do INSS e FGTS. | C20: 15000 | D20: 2026 | E20: 500.0000
A24: 2.274 – DIVISÃO DE ESPORTE Órgão Unidade: 1402 | B24: Despesas com obrigações patronais do INSS e FGTS. | C24: 30000 | D24: 2026 | E24: 500.0000
A28: 2.272 – DIVISÃO DE LAZER Órgão Unidade: 1403 | B28: Despesas com obrigações patronais do INSS e FGTS. | C28: 5000 | D28: 2026 | E28: 500.0000
A32: 0032 - PREVIDÊNCIA SOCIAL A SERVIDORES ATIVOS, INATIVOS E PENSIONISTAS VINCULADOS AO REGIME PRÓPRIO
A33: 2.513 – SECRETARIA DE ESPORTE E LAZER Órgão Unidade: 1401 | B33: Despesas com obrigações patronais do IPASEM. | C33: 5000 | D33: 2026 | E33: 500.0000
A37: 2.274 – DIVISÃO DE ESPORTE Órgão Unidade: 1402 | B37: Despesas com obrigações patronais do IPASEM. | C37: 40000 | D37: 2026 | E37: 500.0000
A41: 2.272 – DIVISÃO DE LAZER Órgão Unidade: 1403 | B41: Despesas com obrigações patronais do IPASEM. | C41: 30000 | D41: 2026 | E41: 500.0000
A45: 0103 – DESPORTO COMUNITÁRIO
A46: 1.193 – NOVO PAC – ESPAÇO ESPORTE COMUNITÁRIO Órgão Unidade: 1402 | B46: Despesa com obras e instalações. Quadras esportivas | C46: 1600000 | D46: 2026 | E46: 500.0000 749.0000
A50: 1.203 – ACADEMIAS AO AR LIVRE E PRAÇAS INFANTIS – CV 932791/2024 Órgão Unidade: 1402 | B50: Despesa com obras e instalações. Academias ao ar livre e praças infantis. | C50: 40000 | D50: 2026 | E50: 500.0000 701.0000
A54: 1.202 – AVANÇAR + ESPORTES – INFRAESTRUTURA – CV 159/2024 FPE 5530/2024 Órgão Unidade: 1402 | B54: Despesa com obras e instalações. Quadras esportivas | C54: 15100 | D54: 2026 | E54: 500.0000 701.0000
A58: 1.204 – AVANÇAR + ESPORTES – ILUMINA – CV XXX/2025 Órgão Unidade: 1402 | B58: Despesa com obras e instalações. Iluminação de quadras esportivas | C58: 100000 | D58: 2026 | E58: 500.0000 701.0000
A62: 2.270 – ESPORTE COMUNITÁRIO Órgão Unidade: 1402 | B62: Coordenar e executar planos, programas, projetos e atividades esportivas, incentivo à prática e a realização de atividades esportivas pela população geral. Custear o transporte de equipes esportivas locais, conceder premiações consubstanciadas em medalhas, troféus, bolas, redes, camisetas e fardamentos. Despesas de material, obras, equipamentos e material permanente e outras despesas correntes. Manutenção e ampliação dos Módulos Esportivos, sedes dos campos Floresta, União, Greminho, Riograndense, Sempre Unidos, Santo Antônio, Independente, Flamengo, Alto Paulista e Palmeirinha. Casamatas para todos os campos de futebol, manutenção dos alambrados dos campos, reformas, manutenção e construção de centros esportivos (sedes dos campos), reforma do ginásio Operária, pista de patinação e pista de esportes radiacais, aquisição terreno. *** Buscar RECURSO da União, Estado, Operação de Crédito ou Financiamento. | C62: 920030 | D62: 2026 | E62: 500.0000
A66: 2.280 – FUNDO MUNICIPAL DE ESPORTE Órgão Unidade: 1404 | B66: Promoção, Captação e Coordenação de Atividades Esportivas Diversas.. | C66: 25950 | D66: 2026 | E66: 759.1064
A70: 1.174 – PISTA DE SKATE - DEP. NEREU CRISPIM – 2022NE007182 Órgão Unidade: 1402 | B70: Despesa com obras e instalações. Revitalização da pista de skate. | C70: 3000 | D70: 2026 | E70: 700.0000
A74: 2.744 – PROGRAMA INCENTIVO AO ESPORTE – ICMS Órgão Unidade: 1402 | B74: Manutenção, reforma e adequação olímpica da pista de atletismo. Manutenção, reforma do Ginásio Municipal. Despesas de material, obras, equipamentos e material permanente e outras despesas correntes. *** Buscar RECURSO da União, Estado, Operação de Crédito ou Financiamento. | C74: 10500 | D74: 2026 | E74: 749.0000
A78: 1.228 - NOVAS PRAÇAS E QUADRAS ESPORTIVAS Órgão Unidade: 1402 | B78: Construção de novas praças e quadras esportivas. *** Buscar RECURSO da União, Estado, Operação de Crédito ou Financiamento. | C78: 1050000 | D78: 2026 | E78: 500.0000 701.0000
A82: 0104 – LAZER COMUNITÁRIO
A83: 2.253 – CONSERVAÇÃO DE ÁREAS DE LAZER Órgão Unidade: 1403 | B83: Despesa com manutenção, limpeza e energia do Parque do Trabalhador. Investimentos em melhorias estruturais com o objetivo de otimização de custos fixos do parque. *** Buscar RECURSO da União, Estado, Operação de Crédito ou Financiamento. | C83: 130300 | D83: 2026 | E83: 500.0000
A87: 1.047 – IMPLANTAÇÃO DE ÁREAS DE LAZER Órgão Unidade: 1403 | B87: Despesa com Material de Consumo, Outras Despesas Correntes, Equipamentos e Material Permanente. Manutenção e Melhorias nas instalações de parques, jardins e Balneário Municipal, com estudo de viabilidade da canalização de arroios existentes dando melhores condições de ser usufruído pela população. Revitalização externa CEI, requalificação do Parcão e reforma do Galpão Crioulo. IMPLANTAR EQUIPAMENTOS DE ESPORTE, LAZER, CULTURA, ARBORIZAÇÃO, ACESSIBILIDADE NA ÁREA DESTINADA AO PARCÃO ARNO KUNZ NO TRECHO ENTRE A AVENIDA CARLOS STRASSBURGER FILHO E RUA DOS ANDRADAS. | C87: 500 | D87: 2026 | E87: 500.0000
B92: Total Ano 2026 | C92: =SUM(C7:C18,C20:C31,C33:C44,C46:C81,C83:C90) -> 5202760

Sheet SEGURANÇA
A1: PREFEITURA MUNICIPAL DE CAMPO BOM - RS
A2: LDO 2026
A3: 15 – SECRETARIA MUNICIPAL DE SEGURANÇA E TRÂNSITO
A5: PROGRAMA | B5: AÇÃO | C5: VALOR/ CUSTO | D5: ANO DE EXECUÇÃO | E5: RECURSO
A6: 0004 – SUPERVISÃO E COORDENAÇÃO ADMINISTRATIVA
A7: 2.495 – SECRETARIA DE SEGURANÇA E TRÂNSITO Órgão Unidade: 1501 | B7: Manutenção da secretaria com despesas de Pessoal, Material de Consumo, outras despesas correntes e equipamento e material permanente. Conselho municipal dos transportes públicos urbanos e trânsito. Junta administrativa de recursos de trânsito e transporte, gabinete de gestão integrada segurança pública. | C7: 1037780 | D7: 2026 | E7: 500.0000
A11: 0008 – SERVIÇOS DE TRÂNSITO
A12: 2.496 – DIVISÃO DE FISCALIZAÇÃO DE TRÂNSITO Órgão Unidade: 1503 | B12: Manutenção do setor de trânsito com despesas de Pessoal, Material de Consumo, outras despesas correntes e equipamento e material permanente, Amortização Dívida Fundada. Indenizações e Restituições. Semáforos e Sinalizações. Junta administrativa de defesa das autuações de trânsito e transporte, Seção de fiscalização e operação de trânsito, transporte públicos urbanos, corpo de fiscais de trânsito. | C12: 1731480 | D12: 2026 | E12: 500.0000 752.1016
A16: 2.727 – FISCALIZAÇÃO, OPERAÇÃO DE TRÂNSITO E SINALIZAÇÃO VIÁRIA Órgão Unidade: 1503 | B16: Projeto de Engenharia de Tráfego. Conjunto de ações que visam ao gerenciamento, à fiscalização, ao controle e à execução de atividades relacionadas ao trânsito. Reequipamento do Setor. Aquisição de Veículos, Motos, Radares, Laser e outros. Defesa Civil, Trânsito, Central de Monitoramento. Manutenção da sinalização viária. Aquisição de Semáforos e sinalização viária, horizontal e vertical. Identificação com placas identificativas. *** Buscar RECURSO da União, Estado, Operação de Crédito ou Financiamento. | C16: 165620 | D16: 2026 | E16: 752.1016
A20: 0021 – SEGURANÇA DO CIDADÃO
A21: 1.139 – CENTRO INTEGRADO DE SEGURANÇA E GGI-M Órgão Unidade: 1501 | B21: Despesa com Material de Consumo, Outras Despesas Correntes, Equipamentos e Material Permanente, Obras. Ampliação e novas tecnologias de segurança, cursos e eventos. *** Buscar RECURSO da União, Estado, Operação de Crédito ou Financiamento. | C21: 1000200 | D21: 2026 | E21: 500.0000 753.0000
A25: 2.520 – DIVISÃO DA GUARDA E VIGILÂNCIA Órgão Unidade: 1502 | B25: Manutenção do setor de guarda municipal e vigias com despesas de pessoal e encargos sociais, diárias, material de consumo, outras despesas correntes e equipamento e material permanente. Seção administrativa, de pessoal e operações, de almoxarifado e patrimônio e vigilância eletrônica e videomonitoramento. | C25: 7355440 | D25: 2026 | E25: 500.0000
A29: 1.184 – PROJETO RONDA ESCOLAR Órgão Unidade: 1502 | B29: Aquisição de veículo para ronda escolar. | C29: 1100 | D29: 2026 | E29: 500.0000 713.0000
A33: 2.726 – VIGILÂNCIA ELETRÔNICA E VIDEOMONITORAMENTO Órgão Unidade: 1502 | B33: Manutenção de Sistema de Vigilância com Câmeras em Vários Pontos da Cidade. Modernização e maior segurança aos moradores. Material de Consumo, Outras Despesas Correntes, Equipamentos e Materiais Permanente. Defesa Civil, Trânsito, Central de Monitoramento. *** Buscar RECURSO da União, Estado, Operação de Crédito ou Financiamento.. | C33: 400800 | D33: 2026 | E33: 500.0000
A37: 1.140 – SISTEMA DE VIDEOMONITORAMENTO Órgão Unidade: 1502 | B37: Implantação do Sistema de Vigilância com Câmeras em Vários Pontos da Cidade. Modernização e maior segurança aos moradores. Despesas com Equipamentos e Materiais Permanente. Defesa Civil, Trânsito, Central de Monitoramento. *** Buscar RECURSO da União, Estado, Operação de Crédito ou Financiamento. | C37: 3500000 | D37: 2026 | E37: 754.0000
A41: 2.499 – FUNDO MUNICIPAL DE SEGURANÇA PÚBLICA Órgão Unidade: 1504 | B41: Auxílio ao CONSEPRO e Projetos Próprios. Aquisição de equipamentos. Propiciar mais segurança aos Munícipes. Despesas com material de consumo, outras despesas correntes, contribuições, material permanente, conserto de viaturas avariadas, e manutenção preventivas, de viaturas doadas pelo município a Brigada Militar. Contribuição ao PROERD, na forma de incentivo e material de consumo ao corpo discente e docente, para que contemple os alunos que não fazem parte da rede municipal mas que estão no projeto de prevenção ao uso de drogas. Ampliação e manutenção do Projeto Policiamento Comunitário no Município através de Convênio com o Estado e CONSEPRO. Implantação projeto de mantença, atração e ampliação de horas trabalhadas dos profissionais da área da segurança no município através de convênio com Estado e Consepro. | C41: 241200 | D41: 2026 | E41: 500.0000 759.1041
A45: 0031 - PREVIDÊNCIA SOCIAL A SERVIDOR DO MUNICÍPIO PELO REGIME GERAL
A46: 2.495 – SECRETARIA DE SEGURANÇA E TRÂNSITO Órgão Unidade: 1501 | B46: Despesas com obrigações patronais do INSS e FGTS. | C46: 80000 | D46: 2026 | E46: 500.0000
A50: 2.520 – DIVISÃO DA GUARDA E VIGILÂNCIA Órgão Unidade: 1502 | B50: Despesas com obrigações patronais do INSS e FGTS. | C50: 10000 | D50: 2026 | E50: 500.0000
A54: 2.496 – DIVISÃO DE FISCALIZAÇÃO DE TRÂNSITO Órgão Unidade: 1503 | B54: Despesas com obrigações patronais do INSS e FGTS. | C54: 5000 | D54: 2026 | E54: 752.1016
A58: 0032 - PREVIDÊNCIA SOCIAL A SERVIDORES ATIVOS, INATIVOS E PENSIONISTAS VINCULADOS AO REGIME PRÓPRIO
A59: 2.495 – SECRETARIA DE SEGURANÇA E TRÂNSITO Órgão Unidade: 1501 | B59: Despesas com obrigações patronais do IPASEM. | C59: 55000 | D59: 2026 | E59: 500.0000
A63: 2.520 – DIVISÃO DA GUARDA E VIGILÂNCIA Órgão Unidade: 1502 | B63: Despesas com obrigações patronais do IPASEM. | C63: 650000 | D63: 2026 | E63: 500.0000
A67: 2.496 – DIVISÃO DE FISCALIZAÇÃO DE TRÂNSITO Órgão Unidade: 1503 | B67: Despesas com obrigações patronais do IPASEM. | C67: 285000 | D67: 2026 | E67: 500.0000
A71: 0099 – SERVIÇOS DE TRANSPORTE RODOVIÁRIO
A72: 2.628 – TRANSPORTE PÚBLICO Órgão Unidade: 1501 | B72: Subsídios orçamentários para complementação dos custos da empresa de transporte público coletivo. | C72: 2900000 | D72: 2026 | E72: 500.0000 753.0000
B77: Total Ano 2026 | C77: =SUM(C7,C12,C16,C21,C25,C29,C33,C41,C46,C50,C54,C59,C63,C67,C72,C37) -> 19418620

Sheet TOTAL
A1: PREFEITURA MUNICIPAL DE CAMPO BOM - RS
A2: LDO 2026
A5: TOTAL GERAL POR SECRETARIAS | B5: 2026
A6: Câmara Municipal | B6: =CÂMARA!C26 -> 7800000
A7: Gabinete do Prefeito | B7: =GABINETE!C131 -> 11700500
A8: Secretaria de Administração | B8: =ADMINISTRAÇÃO!C128 -> 16354350
A9: Secretaria de Finanças | B9: =FINANÇAS!C119 -> 11559300
A10: Secretaria de Educação e Cultura | B10: =EDUCAÇÃO!C753 -> 172344590
A11: Secretaria de Desenvolvimento Social e Habitação | B11: =ASSISTÊNCIA!C356 -> 16345260
A12: Secretaria de Saúde | B12: =SAÚDE!C555 -> 130321600
A13: Secretaria de Obras, Serviços Urbanos e Trânsito | B13: =OBRAS!C236 -> 87012400
A14: Contingência Prefeitura | B14: =CONTINGÊNCIA!C12 -> 5288000
A15: Secretaria de Desenvolvimento Econômico e Turismo | B15: =SEDETUR!C150 -> 25346510
A16: Secretaria de Meio Ambiente | B16: ='MEIO AMBIENTE'!C150 -> 20106110
A17: Secretaria de Esporte e Lazer | B17: =ESPORTE!C92 -> 5202760
A18: Secretaria de Segurança | B18: =SEGURANÇA!C77 -> 19418620
A19: IPASEM | B19: =IPASEM!C71 -> 85700000
A20: TOTAL GERAL | B20: =SUM(B6:B19) -> 614500000
